Workbook
Name Slicer_Apimtis: #N/A
Name Slicer_DATASET_ID: #N/A
Name Slicer_DATASET_ID1: #N/A
Name Slicer_DATASET_ID2: #N/A
Name Slicer_DATASET_ID3: #N/A
Name Slicer_Dr_rusis: #N/A
Name Slicer_Veikla: #N/A
Name Slicer_Veiklos_teritorija: #N/A

Sheet Content
C2: Insurance Activity Results in Lithuania as of January - August, 2026
B4: Code | C4: Report | D4: Periodicity
B5: DSR1 | C5: Concluded insurance contracts, units | D5: Monthly
B6: DSR2 | C6: Insurance contracts in force, units | D6: Monthly
B7: DSR3 | C7: Insurance contracts cancelled, units | D7: Monthly
B8: DSR5 | C8: Insurance premiums, EUR | D8: Monthly
B9: DSR6 | C9: Single premiums, EUR | D9: Monthly
B10: DSR7 | C10: Insurance premiums with periodical payments, EUR | D10: Monthly
B11: DSR8 | C11: Annual premiums under new concluded contracts with the established a periodical payment of premiums, EUR | D11: Monthly
B12: DSR10 | C12: Claims paid for insurance losses, units | D12: Monthly
B13: DSR11 | C13: Payment of the investment component after the expiration of the insurance contract, units | D13: Monthly
B14: DSR12 | C14: Payment of the investment component after termination of the insurance contract, units | D14: Monthly
B15: DSR13 | C15: Partial payment of the investment component neither after termination nor at the end of the contract, units | D15: Monthly
... B20: DSR19 | C20: Payment of the investment component neither after termination nor at the end of the contract, EUR | D20: Monthly

Sheet Settings

Sheet DSR1
A1: Concluded insurance contracts, units | C1: Sudarytos draudimo sutartys, vnt.
A3: =C3 -> 2026-08-31 | B3: Data_men | C3: 2026-08-31
B5: Per ataskaitinį laikotarpį sudarytos draudimo sutartys, vnt. | D5: Agento_pavadinimas
A6: Business lines / Insurers | B6: Eil. nr. | C6: Draudimo grupės / Draudikai | D6: Allianz Lietuva gyvybės draudimas | E6: Artea Life Insurance | F6: ATRADIUS filialas | G6: Balcia Insurance filialas | H6: Baltijas Apdrosinasanas Nams filialas | I6: BTA Insurance Company filialas | J6: COFACE filialas | K6: Compensa Life VIG filialas | L6: Compensa VIG | M6: ERGO Insurance filialas | N6: ERGO Life Insurance | O6: Gjensidige | P6: If P&C Insurance (publ) filialas | Q6: If P&C Insurance filialas | R6: Lamantinas | S6: Lietuvos draudimas | T6: PZU Lietuva gyvybės draudimas | U6: SEB Life and Pension Baltic filialas | V6: Swedbank Life Insurance filialas | W6: Swedbank P&C Insurance filialas | X6: Vereinigte Hagelversicherung filialas VH Lietuva | Y6: All
A7: =IFERROR(VLOOKUP(C7,'LT-EN'!$A:$B,2,FALSE)," ") -> ALL | B7: 0 | C7: Visos | D7: 9437 | E7: 3864 | F7: 0 | G7: 197972 | H7: 22939 | I7: 967269 | J7: 199 | K7: 11057 | L7: 770260 | M7: 1134506 | N7: 4487 | O7: 386959 | P7: 0 | Q7: 250144 | R7: 22336 | S7: 1761657 | T7: 2951 | U7: 17830 | V7: 13841 | W7: 759626 | X7: 6877 | Y7: 6344211
A8: =IFERROR(VLOOKUP(C8,'LT-EN'!$A:$B,2,FALSE)," ") -> NON-LIFE INSURANCE | B8: 1 | C8: NE GYVYBĖS DRAUDIMAS | D8: 0 | E8: 0 | F8: 0 | G8: 197972 | H8: 22939 | I8: 967269 | J8: 199 | K8: 750 | L8: 770260 | M8: 1134506 | N8: 455 | O8: 386959 | P8: 0 | Q8: 250144 | R8: 22336 | S8: 1761657 | T8: 0 | U8: 0 | V8: 0 | W8: 759626 | X8: 6877 | Y8: 6281949
A9: =IFERROR(VLOOKUP(C9,'LT-EN'!$A:$B,2,FALSE)," ") -> 1. Medical expense insurance | B9: 2 | C9: 1. Medicininių išlaidų draudimas | D9: 0 | E9: 0 | F9: 0 | G9: 34786 | H9: 0 | I9: 116708 | J9: 0 | K9: 750 | L9: 50202 | M9: 89030 | N9: 455 | O9: 27109 | P9: 0 | Q9: 17990 | R9: 0 | S9: 79604 | T9: 0 | U9: 0 | V9: 0 | W9: 30908 | X9: 0 | Y9: 447542
A10: =IFERROR(VLOOKUP(C10,'LT-EN'!$A:$B,2,FALSE)," ") -> 1.1. Supplementary voluntary health insurance | B10: 3 | C10: 1.1. Papildomasis savanoriškasis sveikatos draudimas | D10: 0 | E10: 0 | F10: 0 | G10: 0 | H10: 0 | I10: 921 | J10: 0 | K10: 750 | L10: 1446 | M10: 0 | N10: 455 | O10: 413 | P10: 0 | Q10: 0 | R10: 0 | S10: 13346 | T10: 0 | U10: 0 | V10: 0 | W10: 0 | X10: 0 | Y10: 17331
A11: =IFERROR(VLOOKUP(C11,'LT-EN'!$A:$B,2,FALSE)," ") -> 1.1.1. Policyholders - legal persons | B11: 4 | C11: 1.1.1. Draudėjai - juridiniai asmenys | H11: 0 | I11: 627 | K11: 750 | L11: 1407 | N11: 366 | O11: 381 | Q11: 0 | S11: 1120 | Y11: 4651
A12: =IFERROR(VLOOKUP(C12,'LT-EN'!$A:$B,2,FALSE)," ") -> 1.1.2. Policyholders - natural persons | B12: 5 | C12: 1.1.2. Draudėjai - fiziniai asmenys | H12: 0 | I12: 294 | L12: 39 | N12: 89 | O12: 32 | Q12: 0 | S12: 12226 | Y12: 12680
A13: =IFERROR(VLOOKUP(C13,'LT-EN'!$A:$B,2,FALSE)," ") -> 1.2. Other | B13: 6 | C13: 1.2. Kita | D13: 0 | E13: 0 | F13: 0 | G13: 34786 | H13: 0 | I13: 115787 | J13: 0 | K13: 0 | L13: 48756 | M13: 89030 | N13: 0 | O13: 26696 | P13: 0 | Q13: 17990 | R13: 0 | S13: 66258 | T13: 0 | U13: 0 | V13: 0 | W13: 30908 | X13: 0 | Y13: 430211
A14: =IFERROR(VLOOKUP(C14,'LT-EN'!$A:$B,2,FALSE)," ") -> 1.2.1. Policyholders - legal persons | B14: 7 | C14: 1.2.1. Draudėjai - juridiniai asmenys | G14: 3265 | H14: 0 | I14: 29138 | L14: 413 | M14: 3308 | O14: 3433 | Q14: 877 | S14: 1277 | W14: 3 | Y14: 41714
A15: =IFERROR(VLOOKUP(C15,'LT-EN'!$A:$B,2,FALSE)," ") -> 1.2.2. Policyholders - natural persons | B15: 8 | C15: 1.2.2. Draudėjai - fiziniai asmenys | G15: 31521 | H15: 0 | I15: 86649 | L15: 48343 | M15: 85722 | O15: 23263 | Q15: 17113 | S15: 64981 | W15: 30905 | Y15: 388497
A16: =IFERROR(VLOOKUP(C16,'LT-EN'!$A:$B,2,FALSE)," ") -> 2. Income protection insurance | B16: 9 | C16: 2. Pajamų apsaugos draudimas | D16: 0 | E16: 0 | F16: 0 | G16: 10995 | H16: 0 | I16: 138304 | J16: 0 | K16: 0 | L16: 88201 | M16: 93162 | N16: 0 | O16: 34288 | P16: 0 | Q16: 29777 | R16: 0 | S16: 203494 | T16: 0 | U16: 0 | V16: 0 | W16: 72884 | X16: 0 | Y16: 671105
A17: =IFERROR(VLOOKUP(C17,'LT-EN'!$A:$B,2,FALSE)," ") -> 2.1. Policyholders - legal persons | B17: 10 | C17: 2.1. Draudėjai - juridiniai asmenys | G17: 1223 | H17: 0 | I17: 32724 | L17: 5227 | M17: 11094 | O17: 5271 | Q17: 12853 | S17: 16450 | U17: 0 | W17: 2 | Y17: 84844
A18: =IFERROR(VLOOKUP(C18,'LT-EN'!$A:$B,2,FALSE)," ") -> 2.2. Policyholders - natural persons | B18: 11 | C18: 2.2. Draudėjai - fiziniai asmenys | G18: 9772 | H18: 0 | I18: 105580 | L18: 82974 | M18: 82068 | O18: 29017 | Q18: 16924 | S18: 187044 | W18: 72882 | Y18: 586261
A19: =IFERROR(VLOOKUP(C19,'LT-EN'!$A:$B,2,FALSE)," ") -> 3. Workers' compensation insurance | B19: 12 | C19: 3. Nelaimingų atsitikimų darbe draudimas | H19: 0 | I19: 0 | L19: 0 | O19: 0 | Q19: 0 | S19: 0 | Y19: 0
A20: =IFERROR(VLOOKUP(C20,'LT-EN'!$A:$B,2,FALSE)," ") -> 4. Motor vehicle liability insurance | B20: 13 | C20: 4. Motorinių transporto priemonių valdytojų civilinės atsakomybės draudimas | D20: 0 | E20: 0 | F20: 0 | G20: 105303 | H20: 22939 | I20: 436288 | J20: 0 | K20: 0 | L20: 386193 | M20: 546265 | N20: 0 | O20: 202488 | P20: 0 | Q20: 123817 | R20: 0 | S20: 689319 | T20: 0 | U20: 0 | V20: 0 | W20: 149402 | X20: 0 | Y20: 2662014
A21: =IFERROR(VLOOKUP(C21,'LT-EN'!$A:$B,2,FALSE)," ") -> 4.1. Liability arising out of the use of motor vehicles operating on the land insurance | B21: 14 | C21: 4.1. Sausumos transporto priemonių valdytojų civilinės atsakomybės draudimas | D21: 0 | E21: 0 | F21: 0 | G21: 105303 | H21: 22939 | I21: 435622 | J21: 0 | K21: 0 | L21: 386193 | M21: 545435 | N21: 0 | O21: 202213 | P21: 0 | Q21: 123094 | R21: 0 | S21: 688562 | T21: 0 | U21: 0 | V21: 0 | W21: 149402 | X21: 0 | Y21: 2658763
A22: =IFERROR(VLOOKUP(C22,'LT-EN'!$A:$B,2,FALSE)," ") -> 4.1.1. Policyholders - legal persons | B22: 15 | C22: 4.1.1. Draudėjai - juridiniai asmenys | G22: 21171 | H22: 2 | I22: 90376 | L22: 64147 | M22: 85849 | O22: 34466 | Q22: 49351 | S22: 150366 | W22: 1906 | Y22: 497634
A23: =IFERROR(VLOOKUP(C23,'LT-EN'!$A:$B,2,FALSE)," ") -> 4.1.2. Policyholders - natural persons | B23: 16 | C23: 4.1.2. Draudėjai - fiziniai asmenys | G23: 84132 | H23: 22937 | I23: 345246 | L23: 322046 | M23: 459586 | O23: 167747 | Q23: 73743 | S23: 538196 | W23: 147496 | Y23: 2161129
A24: =IFERROR(VLOOKUP(C24,'LT-EN'!$A:$B,2,FALSE)," ") -> 4.2. Carrier third party liability (CMR) insurance | B24: 17 | C24: 4.2. Vežėjų civilinės atsakomybės draudimas | H24: 0 | I24: 657 | L24: 0 | M24: 830 | O24: 274 | Q24: 723 | S24: 746 | Y24: 3230
A25: =IFERROR(VLOOKUP(C25,'LT-EN'!$A:$B,2,FALSE)," ") -> 4.3. Liability arising out of use railway rolling stock insurance | B25: 18 | C25: 4.3. Geležinkelių transporto priemonių valdytojų civilinės atsakomybės draudimas | H25: 0 | I25: 9 | L25: 0 | O25: 1 | Q25: 0 | S25: 11 | Y25: 21
A26: =IFERROR(VLOOKUP(C26,'LT-EN'!$A:$B,2,FALSE)," ") -> 5. Other motor insurance | B26: 19 | C26: 5. Kitas transporto priemonių draudimas | D26: 0 | E26: 0 | F26: 0 | G26: 6488 | H26: 0 | I26: 45182 | J26: 0 | K26: 0 | L26: 65049 | M26: 82869 | N26: 0 | O26: 7634 | P26: 0 | Q26: 33906 | R26: 0 | S26: 144596 | T26: 0 | U26: 0 | V26: 0 | W26: 24869 | X26: 0 | Y26: 410593
A27: =IFERROR(VLOOKUP(C27,'LT-EN'!$A:$B,2,FALSE)," ") -> 5.1. Land vehicles other than railway rolling stock insurance | B27: 20 | C27: 5.1. Sausumos transporto priemonių, išskyrus geležinkelio transporto priemones, draudimas | D27: 0 | E27: 0 | F27: 0 | G27: 6488 | H27: 0 | I27: 45174 | J27: 0 | K27: 0 | L27: 65049 | M27: 82868 | N27: 0 | O27: 7634 | P27: 0 | Q27: 33906 | R27: 0 | S27: 144592 | T27: 0 | U27: 0 | V27: 0 | W27: 24869 | X27: 0 | Y27: 410580
A28: =IFERROR(VLOOKUP(C28,'LT-EN'!$A:$B,2,FALSE)," ") -> 5.1.1. Policyholders - legal persons | B28: 21 | C28: 5.1.1. Draudėjai - juridiniai asmenys | G28: 479 | H28: 0 | I28: 11554 | L28: 19932 | M28: 35376 | O28: 3515 | Q28: 15176 | S28: 57498 | W28: 2439 | Y28: 145969
A29: =IFERROR(VLOOKUP(C29,'LT-EN'!$A:$B,2,FALSE)," ") -> 5.1.2. Policyholders - natural persons | B29: 22 | C29: 5.1.2. Draudėjai - fiziniai asmenys | G29: 6009 | H29: 0 | I29: 33620 | L29: 45117 | M29: 47492 | O29: 4119 | Q29: 18730 | S29: 87094 | W29: 22430 | Y29: 264611
A30: =IFERROR(VLOOKUP(C30,'LT-EN'!$A:$B,2,FALSE)," ") -> 5.2. Railway rolling stock insurance | B30: 23 | C30: 5.2. Geležinkelio transporto priemonių draudimas | H30: 0 | I30: 8 | L30: 0 | M30: 1 | O30: 0 | Q30: 0 | S30: 4 | Y30: 13
A31: =IFERROR(VLOOKUP(C31,'LT-EN'!$A:$B,2,FALSE)," ") -> 6. Marine, aviation and transport insurance | B31: 24 | C31: 6. Jūrų, oro ir sausumos transporto priemonių draudimas | D31: 0 | E31: 0 | F31: 0 | G31: 0 | H31: 0 | I31: 855 | J31: 0 | K31: 0 | L31: 207 | M31: 961 | N31: 0 | O31: 48 | P31: 0 | Q31: 163 | R31: 0 | S31: 397 | T31: 0 | U31: 0 | V31: 0 | W31: 0 | X31: 0 | Y31: 2631
A32: =IFERROR(VLOOKUP(C32,'LT-EN'!$A:$B,2,FALSE)," ") -> 6.1. Liability arising out of use of ships (sea and internal waters) insurance | B32: 25 | C32: 6.1. Laivų (jūrų ir vidaus vandenų) valdytojų civilinės atsakomybės draudimas | H32: 0 | I32: 123 | L32: 0 | O32: 4 | Q32: 0 | S32: 74 | Y32: 201
A33: =IFERROR(VLOOKUP(C33,'LT-EN'!$A:$B,2,FALSE)," ") -> 6.2. Ships (sea and internal waters) insurance | B33: 26 | C33: 6.2. Laivų (jūrų ir vidaus vandenų) draudimas | H33: 0 | I33: 56 | L33: 0 | M33: 56 | O33: 3 | P33: 0 | Q33: 33 | S33: 88 | Y33: 236
A34: =IFERROR(VLOOKUP(C34,'LT-EN'!$A:$B,2,FALSE)," ") -> 6.3. Liability arising out of the use of aircraft insurance | B34: 27 | C34: 6.3. Skraidymo aparatų valdytojų civilinės atsakomybės draudimas | H34: 0 | I34: 403 | L34: 0 | O34: 0 | Q34: 11 | S34: 1 | Y34: 415
A35: =IFERROR(VLOOKUP(C35,'LT-EN'!$A:$B,2,FALSE)," ") -> 6.4. Aircraft insurance | B35: 28 | C35: 6.4. Skraidymo aparatų draudimas | H35: 0 | I35: 40 | L35: 0 | O35: 0 | Q35: 0 | S35: 1 | Y35: 41
A36: =IFERROR(VLOOKUP(C36,'LT-EN'!$A:$B,2,FALSE)," ") -> 6.5. Goods in transit insurance | B36: 29 | C36: 6.5. Vežamų krovinių draudimas | H36: 0 | I36: 233 | L36: 207 | M36: 905 | O36: 41 | P36: 0 | Q36: 119 | S36: 233 | Y36: 1738
A37: =IFERROR(VLOOKUP(C37,'LT-EN'!$A:$B,2,FALSE)," ") -> 7. Fire and other damage to property insurance | B37: 30 | C37: 7. Draudimas nuo gaisro ir kitos žalos, padarytos turtui | D37: 0 | E37: 0 | F37: 0 | G37: 14796 | H37: 0 | I37: 71756 | J37: 0 | K37: 0 | L37: 64106 | M37: 157875 | N37: 0 | O37: 35734 | P37: 0 | Q37: 27688 | R37: 0 | S37: 453441 | T37: 0 | U37: 0 | V37: 0 | W37: 201121 | X37: 6877 | Y37: 1033394
A38: =IFERROR(VLOOKUP(C38,'LT-EN'!$A:$B,2,FALSE)," ") -> 7.1. Crop insurance | B38: 31 | C38: 7.1. Pasėlių draudimas | H38: 0 | I38: 51 | L38: 9 | O38: 0 | Q38: 0 | S38: 0 | X38: 6877 | Y38: 6937
A39: =IFERROR(VLOOKUP(C39,'LT-EN'!$A:$B,2,FALSE)," ") -> 7.2. Livestock insurance | B39: 32 | C39: 7.2. Gyvūnų draudimas | H39: 0 | I39: 112 | L39: 0 | M39: 412 | O39: 17 | Q39: 0 | S39: 216 | Y39: 757
A40: =IFERROR(VLOOKUP(C40,'LT-EN'!$A:$B,2,FALSE)," ") -> 7.3. Other property insurance | B40: 33 | C40: 7.3. Kitas turto draudimas | D40: 0 | E40: 0 | F40: 0 | G40: 14796 | H40: 0 | I40: 71593 | J40: 0 | K40: 0 | L40: 64097 | M40: 157463 | N40: 0 | O40: 35717 | P40: 0 | Q40: 27688 | R40: 0 | S40: 453225 | T40: 0 | U40: 0 | V40: 0 | W40: 201121 | X40: 0 | Y40: 1025700
A41: =IFERROR(VLOOKUP(C41,'LT-EN'!$A:$B,2,FALSE)," ") -> 7.3.1. Policyholders - legal persons | B41: 34 | C41: 7.3.1. Draudėjai - juridiniai asmenys | G41: 2502 | H41: 0 | I41: 9856 | L41: 6454 | M41: 9767 | O41: 3841 | Q41: 3942 | S41: 9349 | W41: 47 | Y41: 45758
A42: =IFERROR(VLOOKUP(C42,'LT-EN'!$A:$B,2,FALSE)," ") -> 7.3.2. Policyholders - natural persons | B42: 35 | C42: 7.3.2. Draudėjai - fiziniai asmenys | G42: 12294 | H42: 0 | I42: 61737 | L42: 57643 | M42: 147696 | O42: 31876 | Q42: 23746 | S42: 443876 | W42: 201074 | Y42: 979942
A43: =IFERROR(VLOOKUP(C43,'LT-EN'!$A:$B,2,FALSE)," ") -> 8. General liability insurance | B43: 36 | C43: 8. Bendrosios civilinės atsakomybės draudimas | D43: 0 | E43: 0 | F43: 0 | G43: 7806 | H43: 0 | I43: 87299 | J43: 0 | K43: 0 | L43: 83420 | M43: 67767 | N43: 0 | O43: 24719 | P43: 0 | Q43: 16645 | R43: 0 | S43: 188718 | T43: 0 | U43: 0 | V43: 0 | W43: 176468 | X43: 0 | Y43: 652842
A44: =IFERROR(VLOOKUP(C44,'LT-EN'!$A:$B,2,FALSE)," ") -> 8.1. Compulsory liability insurance | B44: 37 | C44: 8.1. Privalomieji bendrosios civilinės atsakomybės draudimai | H44: 0 | I44: 1509 | L44: 6251 | M44: 2279 | O44: 891 | Q44: 728 | S44: 1251 | Y44: 12909
A45: =IFERROR(VLOOKUP(C45,'LT-EN'!$A:$B,2,FALSE)," ") -> 8.2. Other | B45: 38 | C45: 8.2. Kita | D45: 0 | E45: 0 | F45: 0 | G45: 7806 | H45: 0 | I45: 85790 | J45: 0 | K45: 0 | L45: 77169 | M45: 65488 | N45: 0 | O45: 23828 | P45: 0 | Q45: 15917 | R45: 0 | S45: 187467 | T45: 0 | U45: 0 | V45: 0 | W45: 176468 | X45: 0 | Y45: 639933
A46: =IFERROR(VLOOKUP(C46,'LT-EN'!$A:$B,2,FALSE)," ") -> 8.2.1. Policyholders - legal persons | B46: 39 | C46: 8.2.1. Draudėjai - juridiniai asmenys | G46: 1123 | H46: 0 | I46: 28916 | L46: 4271 | M46: 2854 | O46: 1700 | P46: 0 | Q46: 2032 | S46: 5365 | W46: 32 | Y46: 46293
A47: =IFERROR(VLOOKUP(C47,'LT-EN'!$A:$B,2,FALSE)," ") -> 8.2.2. Policyholders - natural persons | B47: 40 | C47: 8.2.2. Draudėjai - fiziniai asmenys | G47: 6683 | H47: 0 | I47: 56874 | L47: 72898 | M47: 62634 | O47: 22128 | Q47: 13885 | S47: 182102 | W47: 176436 | Y47: 593640
A48: =IFERROR(VLOOKUP(C48,'LT-EN'!$A:$B,2,FALSE)," ") -> 9. Credit and suretyship insurance | B48: 41 | C48: 9. Kredito ir laidavimo draudimas | D48: 0 | E48: 0 | F48: 0 | G48: 2 | H48: 0 | I48: 15408 | J48: 199 | K48: 0 | L48: 1609 | M48: 2283 | N48: 0 | O48: 562 | P48: 0 | Q48: 71 | R48: 22336 | S48: 1935 | T48: 0 | U48: 0 | V48: 0 | W48: 0 | X48: 0 | Y48: 44405
A49: =IFERROR(VLOOKUP(C49,'LT-EN'!$A:$B,2,FALSE)," ") -> 9.1. Credit insurance | B49: 42 | C49: 9.1. Kredito draudimas | H49: 0 | I49: 0 | J49: 199 | L49: 0 | O49: 0 | Q49: 0 | S49: 0 | Y49: 199
A50: =IFERROR(VLOOKUP(C50,'LT-EN'!$A:$B,2,FALSE)," ") -> 9.2. Suretyship insurance | B50: 43 | C50: 9.2. Laidavimo draudimas | D50: 0 | E50: 0 | F50: 0 | G50: 2 | H50: 0 | I50: 15408 | J50: 0 | K50: 0 | L50: 1609 | M50: 2283 | N50: 0 | O50: 562 | P50: 0 | Q50: 71 | R50: 22336 | S50: 1935 | T50: 0 | U50: 0 | V50: 0 | W50: 0 | X50: 0 | Y50: 44206
A51: =IFERROR(VLOOKUP(C51,'LT-EN'!$A:$B,2,FALSE)," ") -> 9.2.1 Insurance of liability performing customs procedures | B51: 44 | C51: 9.2.1 Atsakomybės, atliekant muitinės procedūras, draudimas | H51: 0 | I51: 10309 | L51: 0 | M51: 81 | O51: 0 | Q51: 0 | R51: 22336 | S51: 0 | Y51: 32726
A52: =IFERROR(VLOOKUP(C52,'LT-EN'!$A:$B,2,FALSE)," ") -> 9.2.2. Other suretyship insurance | B52: 45 | C52: 9.2.2. Kitas laidavimo draudimas | G52: 2 | H52: 0 | I52: 5099 | L52: 1609 | M52: 2202 | O52: 562 | Q52: 71 | S52: 1935 | Y52: 11480
A53: =IFERROR(VLOOKUP(C53,'LT-EN'!$A:$B,2,FALSE)," ") -> 10. Legal expenses insurance | B53: 46 | C53: 10. Teisinių išlaidų draudimas | H53: 0 | I53: 1 | L53: 0 | O53: 0 | Q53: 0 | S53: 0 | Y53: 1
A54: =IFERROR(VLOOKUP(C54,'LT-EN'!$A:$B,2,FALSE)," ") -> 11. Assistance | B54: 47 | C54: 11. Pagalbos draudimas | G54: 17771 | H54: 0 | I54: 55351 | L54: 30509 | M54: 94294 | O54: 54206 | Q54: 0 | S54: 0 | Y54: 252131
A55: =IFERROR(VLOOKUP(C55,'LT-EN'!$A:$B,2,FALSE)," ") -> 12. Miscellaneous financial loss | B55: 48 | C55: 12. Finansinių nuostolių draudimas | G55: 25 | H55: 0 | I55: 117 | L55: 764 | M55: 0 | O55: 171 | Q55: 87 | S55: 153 | W55: 103974 | Y55: 105291
A56: =IFERROR(VLOOKUP(C56,'LT-EN'!$A:$B,2,FALSE)," ") -> LIFE ASSURANCE | B56: 49 | C56: GYVYBĖS DRAUDIMAS | D56: 9437 | E56: 3864 | F56: 0 | G56: 0 | H56: 0 | I56: 0 | J56: 0 | K56: 10307 | L56: 0 | M56: 0 | N56: 4032 | O56: 0 | P56: 0 | Q56: 0 | R56: 0 | S56: 0 | T56: 2951 | U56: 17830 | V56: 13841 | W56: 0 | X56: 0 | Y56: 62262
A57: =IFERROR(VLOOKUP(C57,'LT-EN'!$A:$B,2,FALSE)," ") -> 1. Health insurance | B57: 50 | C57: 1. Sveikatos draudimas | K57: 568 | N57: 1410 | O57: 0 | T57: 0 | Y57: 1978
A58: =IFERROR(VLOOKUP(C58,'LT-EN'!$A:$B,2,FALSE)," ") -> 2. Insurance with profit participation | B58: 51 | C58: 2. Draudimas su teise dalytis pelną | D58: 0 | E58: 0 | F58: 0 | G58: 0 | H58: 0 | I58: 0 | J58: 0 | K58: 20 | L58: 0 | M58: 0 | N58: 0 | O58: 0 | P58: 0 | Q58: 0 | R58: 0 | S58: 0 | T58: 0 | U58: 0 | V58: 0 | W58: 0 | X58: 0 | Y58: 20
A59: =IFERROR(VLOOKUP(C59,'LT-EN'!$A:$B,2,FALSE)," ") -> 2.1. Insurance in case of survival | B59: 52 | C59: 2.1. Draudimas išgyvenimo atveju | E59: 0 | K59: 20 | N59: 0 | O59: 0 | T59: 0 | U59: 0 | V59: 0 | Y59: 20
A60: =IFERROR(VLOOKUP(C60,'LT-EN'!$A:$B,2,FALSE)," ") -> 2.2. Annuities | B60: 53 | C60: 2.2. Anuitetai | E60: 0 | K60: 0 | N60: 0 | O60: 0 | Q60: 0 | U60: 0 | V60: 0 | Y60: 0
A61: =IFERROR(VLOOKUP(C61,'LT-EN'!$A:$B,2,FALSE)," ") -> 2.3.Insurance in case of death | B61: 54 | C61: 2.3. Draudimas mirties atveju | K61: 0 | O61: 0 | V61: 0 | Y61: 0
A62: =IFERROR(VLOOKUP(C62,'LT-EN'!$A:$B,2,FALSE)," ") -> 2.4. Other insurance with profit participation | B62: 55 | C62: 2.4. Kitas draudimas, suteikiantis teisę gauti pelno dalį | K62: 0 | O62: 0 | V62: 0 | Y62: 0
A63: =IFERROR(VLOOKUP(C63,'LT-EN'!$A:$B,2,FALSE)," ") -> 3. Index-linked and unit-linked insurance | B63: 56 | C63: 3. Su indeksu ir investiciniais vienetais susijęs draudimas | D63: 7631 | E63: 2091 | F63: 0 | G63: 0 | H63: 0 | I63: 0 | J63: 0 | K63: 5131 | L63: 0 | M63: 0 | N63: 1059 | O63: 0 | P63: 0 | Q63: 0 | R63: 0 | S63: 0 | T63: 2017 | U63: 12529 | V63: 2534 | W63: 0 | X63: 0 | Y63: 32992
A64: =IFERROR(VLOOKUP(C64,'LT-EN'!$A:$B,2,FALSE)," ") -> 3.1. Index-linked and unit-linked insurance, when the insurance risk is significant | B64: 57 | C64: 3.1. Su indeksu ir investiciniais vienetais susijęs draudimas, kai draudimo rizika yra reikšminga | D64: 7631 | E64: 1552 | K64: 0 | N64: 705 | O64: 0 | T64: 1852 | U64: 0 | V64: 2339 | Y64: 14079
A65: =IFERROR(VLOOKUP(C65,'LT-EN'!$A:$B,2,FALSE)," ") -> 3.2. Index-linked and unit-linked insurance, when the insurance risk is insignificant | B65: 58 | C65: 3.2. Su indeksu ir investiciniais vienetais susijęs draudimas, kai draudimo rizika yra nereikšminga | E65: 539 | K65: 5131 | N65: 354 | O65: 0 | T65: 165 | U65: 12529 | V65: 195 | Y65: 18913
A66: =IFERROR(VLOOKUP(C66,'LT-EN'!$A:$B,2,FALSE)," ") -> 4. Other life insurance | B66: 59 | C66: 4. Kitas gyvybės draudimas | D66: 1806 | E66: 1773 | F66: 0 | G66: 0 | H66: 0 | I66: 0 | J66: 0 | K66: 4588 | L66: 0 | M66: 0 | N66: 1563 | O66: 0 | P66: 0 | Q66: 0 | R66: 0 | S66: 0 | T66: 934 | U66: 5301 | V66: 11307 | W66: 0 | X66: 0 | Y66: 27272
A67: =IFERROR(VLOOKUP(C67,'LT-EN'!$A:$B,2,FALSE)," ") -> 4.1. Insurance in case of survival | B67: 60 | C67: 4.1. Draudimas išgyvenimo atveju | K67: 0 | O67: 0 | V67: 0 | Y67: 0
A68: =IFERROR(VLOOKUP(C68,'LT-EN'!$A:$B,2,FALSE)," ") -> 4.2. Annuities | B68: 61 | C68: 4.2. Anuitetai | K68: 7 | O68: 0 | V68: 0 | Y68: 7
A69: =IFERROR(VLOOKUP(C69,'LT-EN'!$A:$B,2,FALSE)," ") -> 4.3. Insurance in case of death | B69: 62 | C69: 4.3. Draudimas mirties atveju | D69: 1806 | E69: 1773 | K69: 4581 | N69: 1563 | O69: 0 | T69: 934 | U69: 5301 | V69: 11307 | Y69: 27265
A70: =IFERROR(VLOOKUP(C70,'LT-EN'!$A:$B,2,FALSE)," ") -> 4.4. Other life insurance | B70: 63 | C70: 4.4. Kitas gyvybės draudimas | K70: 0 | O70: 0 | V70: 0 | Y70: 0
A71: =IFERROR(VLOOKUP(C71,'LT-EN'!$A:$B,2,FALSE)," ")
A72: =IFERROR(VLOOKUP(C72,'LT-EN'!$A:$B,2,FALSE)," ")
A73: =IFERROR(VLOOKUP(C73,'LT-EN'!$A:$B,2,FALSE)," ")
A74: =IFERROR(VLOOKUP(C74,'LT-EN'!$A:$B,2,FALSE)," ")
A75: =IFERROR(VLOOKUP(C75,'LT-EN'!$A:$B,2,FALSE)," ")
A76: =IFERROR(VLOOKUP(C76,'LT-EN'!$A:$B,2,FALSE)," ")
A77: =IFERROR(VLOOKUP(C77,'LT-EN'!$A:$B,2,FALSE)," ")
A78: =IFERROR(VLOOKUP(C78,'LT-EN'!$A:$B,2,FALSE)," ")
A79: =IFERROR(VLOOKUP(C79,'LT-EN'!$A:$B,2,FALSE)," ")
A80: =IFERROR(VLOOKUP(C80,'LT-EN'!$A:$B,2,FALSE)," ")
A81: =IFERROR(VLOOKUP(C81,'LT-EN'!$A:$B,2,FALSE)," ")
A82: =IFERROR(VLOOKUP(C82,'LT-EN'!$A:$B,2,FALSE)," ")
... A93: =IFERROR(VLOOKUP(C93,'LT-EN'!$A:$B,2,FALSE)," ")

Sheet DSR2
A1: Insurance contracts in force, units | C1: Galiojančios draudimo sutartys, vnt.
A3: ='DSR1'!C3 -> 2026-08-31 | B3: Data_men | C3: 2026-08-31
B5: Ataskaitinio laikotarpio pabaigoje galiojančios draudimo sutartys, vnt.
A6: Business lines / Insurers | B6: eil.nr | C6: Draudimo grupės / Draudikai | D6: Allianz Lietuva gyvybės draudimas | E6: Artea Life Insurance | F6: ATRADIUS filialas | G6: Balcia Insurance filialas | H6: Baltijas Apdrosinasanas Nams filialas | I6: BTA Insurance Company filialas | J6: COFACE filialas | K6: Compensa Life VIG filialas | L6: Compensa VIG | M6: ERGO Insurance filialas | N6: ERGO Life Insurance | O6: Gjensidige | P6: If P&C Insurance (publ) filialas | Q6: If P&C Insurance filialas | R6: Lamantinas | S6: Lietuvos draudimas | T6: PZU Lietuva gyvybės draudimas | U6: SEB Life and Pension Baltic filialas | V6: Swedbank Life Insurance filialas | W6: Swedbank P&C Insurance filialas | X6: Vereinigte Hagelversicherung filialas VH Lietuva | Y6: All
A7: =IFERROR(VLOOKUP(C7,'LT-EN'!$A:$B,2,FALSE)," ") -> ALL | B7: 0 | C7: Visos | D7: 75593 | E7: 51067 | F7: 0 | G7: 181158 | H7: 17478 | I7: 749904 | J7: 291 | K7: 153085 | L7: 749004 | M7: 1077403 | N7: 64422 | O7: 434231 | P7: 0 | Q7: 301087 | R7: 3800 | S7: 2061197 | T7: 45279 | U7: 149448 | V7: 206008 | W7: 786852 | X7: 6877 | Y7: 7114184
A8: =IFERROR(VLOOKUP(C8,'LT-EN'!$A:$B,2,FALSE)," ") -> NON-LIFE INSURANCE | B8: 1 | C8: NE GYVYBĖS DRAUDIMAS | D8: 0 | E8: 0 | F8: 0 | G8: 181158 | H8: 17478 | I8: 749904 | J8: 291 | K8: 1033 | L8: 749004 | M8: 1077403 | N8: 535 | O8: 434231 | P8: 0 | Q8: 301087 | R8: 3800 | S8: 2061197 | T8: 0 | U8: 6 | V8: 0 | W8: 786852 | X8: 6877 | Y8: 6370856
A9: =IFERROR(VLOOKUP(C9,'LT-EN'!$A:$B,2,FALSE)," ") -> 1. Medical expense insurance | B9: 2 | C9: 1. Medicininių išlaidų draudimas | D9: 0 | E9: 0 | F9: 0 | G9: 1229 | H9: 0 | I9: 9909 | J9: 0 | K9: 1033 | L9: 3266 | M9: 5601 | N9: 535 | O9: 4969 | P9: 0 | Q9: 767 | R9: 0 | S9: 24784 | T9: 0 | U9: 0 | V9: 0 | W9: 1332 | X9: 0 | Y9: 53425
A10: =IFERROR(VLOOKUP(C10,'LT-EN'!$A:$B,2,FALSE)," ") -> 1.1. Supplementary voluntary health insurance | B10: 3 | C10: 1.1. Papildomasis savanoriškasis sveikatos draudimas | D10: 0 | E10: 0 | F10: 0 | G10: 0 | H10: 0 | I10: 1182 | J10: 0 | K10: 1033 | L10: 1527 | M10: 0 | N10: 535 | O10: 494 | P10: 0 | Q10: 0 | R10: 0 | S10: 20625 | T10: 0 | U10: 0 | V10: 0 | W10: 0 | X10: 0 | Y10: 25396
A11: =IFERROR(VLOOKUP(C11,'LT-EN'!$A:$B,2,FALSE)," ") -> 1.1.1. Policyholders - legal persons | B11: 4 | C11: 1.1.1. Draudėjai - juridiniai asmenys | H11: 0 | I11: 881 | K11: 1033 | L11: 1468 | N11: 376 | O11: 465 | Q11: 0 | S11: 1577 | Y11: 5800
A12: =IFERROR(VLOOKUP(C12,'LT-EN'!$A:$B,2,FALSE)," ") -> 1.1.2. Policyholders - natural persons | B12: 5 | C12: 1.1.2. Draudėjai - fiziniai asmenys | H12: 0 | I12: 301 | L12: 59 | N12: 159 | O12: 29 | Q12: 0 | S12: 19048 | Y12: 19596
A13: =IFERROR(VLOOKUP(C13,'LT-EN'!$A:$B,2,FALSE)," ") -> 1.2. Other | B13: 6 | C13: 1.2. Kita | D13: 0 | E13: 0 | F13: 0 | G13: 1229 | H13: 0 | I13: 8727 | J13: 0 | K13: 0 | L13: 1739 | M13: 5601 | N13: 0 | O13: 4475 | P13: 0 | Q13: 767 | R13: 0 | S13: 4159 | T13: 0 | U13: 0 | V13: 0 | W13: 1332 | X13: 0 | Y13: 28029
A14: =IFERROR(VLOOKUP(C14,'LT-EN'!$A:$B,2,FALSE)," ") -> 1.2.1. Policyholders - legal persons | B14: 7 | C14: 1.2.1. Draudėjai - juridiniai asmenys | G14: 145 | H14: 0 | I14: 2005 | L14: 106 | M14: 610 | O14: 274 | Q14: 253 | S14: 758 | W14: 0 | Y14: 4151
A15: =IFERROR(VLOOKUP(C15,'LT-EN'!$A:$B,2,FALSE)," ") -> 1.2.2. Policyholders - natural persons | B15: 8 | C15: 1.2.2. Draudėjai - fiziniai asmenys | G15: 1084 | H15: 0 | I15: 6722 | L15: 1633 | M15: 4991 | O15: 4201 | Q15: 514 | S15: 3401 | W15: 1332 | Y15: 23878
A16: =IFERROR(VLOOKUP(C16,'LT-EN'!$A:$B,2,FALSE)," ") -> 2. Income protection insurance | B16: 9 | C16: 2. Pajamų apsaugos draudimas | D16: 0 | E16: 0 | F16: 0 | G16: 15506 | H16: 0 | I16: 85195 | J16: 0 | K16: 0 | L16: 77784 | M16: 122877 | N16: 0 | O16: 35112 | P16: 0 | Q16: 46529 | R16: 0 | S16: 264333 | T16: 0 | U16: 6 | V16: 0 | W16: 93320 | X16: 0 | Y16: 740662
A17: =IFERROR(VLOOKUP(C17,'LT-EN'!$A:$B,2,FALSE)," ") -> 2.1. Policyholders - legal persons | B17: 10 | C17: 2.1. Draudėjai - juridiniai asmenys | G17: 1553 | H17: 0 | I17: 9135 | L17: 9111 | M17: 14513 | O17: 5081 | Q17: 20470 | S17: 22731 | U17: 6 | W17: 3 | Y17: 82603
A18: =IFERROR(VLOOKUP(C18,'LT-EN'!$A:$B,2,FALSE)," ") -> 2.2. Policyholders - natural persons | B18: 11 | C18: 2.2. Draudėjai - fiziniai asmenys | G18: 13953 | H18: 0 | I18: 76060 | L18: 68673 | M18: 108364 | O18: 30031 | Q18: 26059 | S18: 241602 | W18: 93317 | Y18: 658059
A19: =IFERROR(VLOOKUP(C19,'LT-EN'!$A:$B,2,FALSE)," ") -> 3. Workers' compensation insurance | B19: 12 | C19: 3. Nelaimingų atsitikimų darbe draudimas | H19: 0 | I19: 0 | L19: 0 | O19: 0 | Q19: 0 | S19: 0 | Y19: 0
A20: =IFERROR(VLOOKUP(C20,'LT-EN'!$A:$B,2,FALSE)," ") -> 4. Motor vehicle liability insurance | B20: 13 | C20: 4. Motorinių transporto priemonių valdytojų civilinės atsakomybės draudimas | D20: 0 | E20: 0 | F20: 0 | G20: 97867 | H20: 17478 | I20: 321856 | J20: 0 | K20: 0 | L20: 335859 | M20: 446095 | N20: 0 | O20: 189965 | P20: 0 | Q20: 126940 | R20: 0 | S20: 573406 | T20: 0 | U20: 0 | V20: 0 | W20: 67048 | X20: 0 | Y20: 2176514
A21: =IFERROR(VLOOKUP(C21,'LT-EN'!$A:$B,2,FALSE)," ") -> 4.1. Liability arising out of the use of motor vehicles operating on the land insurance | B21: 14 | C21: 4.1. Sausumos transporto priemonių valdytojų civilinės atsakomybės draudimas | D21: 0 | E21: 0 | F21: 0 | G21: 97867 | H21: 17478 | I21: 321083 | J21: 0 | K21: 0 | L21: 335859 | M21: 445328 | N21: 0 | O21: 189961 | P21: 0 | Q21: 126262 | R21: 0 | S21: 572535 | T21: 0 | U21: 0 | V21: 0 | W21: 67048 | X21: 0 | Y21: 2173421
A22: =IFERROR(VLOOKUP(C22,'LT-EN'!$A:$B,2,FALSE)," ") -> 4.1.1. Policyholders - legal persons | B22: 15 | C22: 4.1.1. Draudėjai - juridiniai asmenys | G22: 26845 | H22: 1 | I22: 79805 | L22: 51195 | M22: 85990 | O22: 29026 | Q22: 48202 | S22: 133902 | W22: 2288 | Y22: 457254
A23: =IFERROR(VLOOKUP(C23,'LT-EN'!$A:$B,2,FALSE)," ") -> 4.1.2. Policyholders - natural persons | B23: 16 | C23: 4.1.2. Draudėjai - fiziniai asmenys | G23: 71022 | H23: 17477 | I23: 241278 | L23: 284664 | M23: 359338 | O23: 160935 | Q23: 78060 | S23: 438633 | W23: 64760 | Y23: 1716167
A24: =IFERROR(VLOOKUP(C24,'LT-EN'!$A:$B,2,FALSE)," ") -> 4.2. Carrier third party liability (CMR) insurance | B24: 17 | C24: 4.2. Vežėjų civilinės atsakomybės draudimas | H24: 0 | I24: 760 | L24: 0 | M24: 767 | O24: 0 | Q24: 678 | S24: 858 | Y24: 3063
A25: =IFERROR(VLOOKUP(C25,'LT-EN'!$A:$B,2,FALSE)," ") -> 4.3. Liability arising out of use railway rolling stock insurance | B25: 18 | C25: 4.3. Geležinkelių transporto priemonių valdytojų civilinės atsakomybės draudimas | H25: 0 | I25: 13 | L25: 0 | O25: 4 | Q25: 0 | S25: 13 | Y25: 30
A26: =IFERROR(VLOOKUP(C26,'LT-EN'!$A:$B,2,FALSE)," ") -> 5. Other motor insurance | B26: 19 | C26: 5. Kitas transporto priemonių draudimas | D26: 0 | E26: 0 | F26: 0 | G26: 8848 | H26: 0 | I26: 64923 | J26: 0 | K26: 0 | L26: 91857 | M26: 102998 | N26: 0 | O26: 13251 | P26: 0 | Q26: 52297 | R26: 0 | S26: 207032 | T26: 0 | U26: 0 | V26: 0 | W26: 29625 | X26: 0 | Y26: 570831
A27: =IFERROR(VLOOKUP(C27,'LT-EN'!$A:$B,2,FALSE)," ") -> 5.1. Land vehicles other than railway rolling stock insurance | B27: 20 | C27: 5.1. Sausumos transporto priemonių, išskyrus geležinkelio transporto priemones, draudimas | D27: 0 | E27: 0 | F27: 0 | G27: 8848 | H27: 0 | I27: 64913 | J27: 0 | K27: 0 | L27: 91857 | M27: 102997 | N27: 0 | O27: 13250 | P27: 0 | Q27: 52297 | R27: 0 | S27: 207024 | T27: 0 | U27: 0 | V27: 0 | W27: 29625 | X27: 0 | Y27: 570811
A28: =IFERROR(VLOOKUP(C28,'LT-EN'!$A:$B,2,FALSE)," ") -> 5.1.1. Policyholders - legal persons | B28: 21 | C28: 5.1.1. Draudėjai - juridiniai asmenys | G28: 739 | H28: 0 | I28: 16443 | L28: 27090 | M28: 42317 | O28: 5946 | Q28: 24075 | S28: 82062 | W28: 3051 | Y28: 201723
A29: =IFERROR(VLOOKUP(C29,'LT-EN'!$A:$B,2,FALSE)," ") -> 5.1.2. Policyholders - natural persons | B29: 22 | C29: 5.1.2. Draudėjai - fiziniai asmenys | G29: 8109 | H29: 0 | I29: 48470 | L29: 64767 | M29: 60680 | O29: 7304 | Q29: 28222 | S29: 124962 | W29: 26574 | Y29: 369088
A30: =IFERROR(VLOOKUP(C30,'LT-EN'!$A:$B,2,FALSE)," ") -> 5.2. Railway rolling stock insurance | B30: 23 | C30: 5.2. Geležinkelio transporto priemonių draudimas | H30: 0 | I30: 10 | L30: 0 | M30: 1 | O30: 1 | Q30: 0 | S30: 8 | Y30: 20
A31: =IFERROR(VLOOKUP(C31,'LT-EN'!$A:$B,2,FALSE)," ") -> 6. Marine, aviation and transport insurance | B31: 24 | C31: 6. Jūrų, oro ir sausumos transporto priemonių draudimas | D31: 0 | E31: 0 | F31: 0 | G31: 0 | H31: 0 | I31: 718 | J31: 0 | K31: 0 | L31: 128 | M31: 342 | N31: 0 | O31: 44 | P31: 0 | Q31: 150 | R31: 0 | S31: 323 | T31: 0 | U31: 0 | V31: 0 | W31: 0 | X31: 0 | Y31: 1705
A32: =IFERROR(VLOOKUP(C32,'LT-EN'!$A:$B,2,FALSE)," ") -> 6.1. Liability arising out of use of ships (sea and internal waters) insurance | B32: 25 | C32: 6.1. Laivų (jūrų ir vidaus vandenų) valdytojų civilinės atsakomybės draudimas | H32: 0 | I32: 130 | L32: 0 | O32: 4 | Q32: 0 | S32: 83 | Y32: 217
A33: =IFERROR(VLOOKUP(C33,'LT-EN'!$A:$B,2,FALSE)," ") -> 6.2. Ships (sea and internal waters) insurance | B33: 26 | C33: 6.2. Laivų (jūrų ir vidaus vandenų) draudimas | H33: 0 | I33: 62 | L33: 0 | M33: 56 | O33: 7 | P33: 0 | Q33: 36 | S33: 98 | Y33: 259
A34: =IFERROR(VLOOKUP(C34,'LT-EN'!$A:$B,2,FALSE)," ") -> 6.3. Liability arising out of the use of aircraft insurance | B34: 27 | C34: 6.3. Skraidymo aparatų valdytojų civilinės atsakomybės draudimas | H34: 0 | I34: 387 | L34: 0 | O34: 0 | Q34: 14 | S34: 1 | Y34: 402
A35: =IFERROR(VLOOKUP(C35,'LT-EN'!$A:$B,2,FALSE)," ") -> 6.4. Aircraft insurance | B35: 28 | C35: 6.4. Skraidymo aparatų draudimas | H35: 0 | I35: 28 | L35: 0 | O35: 0 | Q35: 0 | S35: 1 | Y35: 29
A36: =IFERROR(VLOOKUP(C36,'LT-EN'!$A:$B,2,FALSE)," ") -> 6.5. Goods in transit insurance | B36: 29 | C36: 6.5. Vežamų krovinių draudimas | H36: 0 | I36: 111 | L36: 128 | M36: 286 | O36: 33 | P36: 0 | Q36: 100 | S36: 140 | Y36: 798
A37: =IFERROR(VLOOKUP(C37,'LT-EN'!$A:$B,2,FALSE)," ") -> 7. Fire and other damage to property insurance | B37: 30 | C37: 7. Draudimas nuo gaisro ir kitos žalos, padarytos turtui | D37: 0 | E37: 0 | F37: 0 | G37: 22290 | H37: 0 | I37: 102795 | J37: 0 | K37: 0 | L37: 92442 | M37: 206362 | N37: 0 | O37: 62276 | P37: 0 | Q37: 46462 | R37: 0 | S37: 703286 | T37: 0 | U37: 0 | V37: 0 | W37: 267491 | X37: 6877 | Y37: 1510281
A38: =IFERROR(VLOOKUP(C38,'LT-EN'!$A:$B,2,FALSE)," ") -> 7.1. Crop insurance | B38: 31 | C38: 7.1. Pasėlių draudimas | H38: 0 | I38: 67 | L38: 12 | O38: 0 | Q38: 0 | S38: 0 | X38: 6877 | Y38: 6956
A39: =IFERROR(VLOOKUP(C39,'LT-EN'!$A:$B,2,FALSE)," ") -> 7.2. Livestock insurance | B39: 32 | C39: 7.2. Gyvūnų draudimas | H39: 0 | I39: 132 | L39: 0 | M39: 466 | O39: 22 | Q39: 0 | S39: 351 | Y39: 971
A40: =IFERROR(VLOOKUP(C40,'LT-EN'!$A:$B,2,FALSE)," ") -> 7.3. Other property insurance | B40: 33 | C40: 7.3. Kitas turto draudimas | D40: 0 | E40: 0 | F40: 0 | G40: 22290 | H40: 0 | I40: 102596 | J40: 0 | K40: 0 | L40: 92430 | M40: 205896 | N40: 0 | O40: 62254 | P40: 0 | Q40: 46462 | R40: 0 | S40: 702935 | T40: 0 | U40: 0 | V40: 0 | W40: 267491 | X40: 0 | Y40: 1502354
A41: =IFERROR(VLOOKUP(C41,'LT-EN'!$A:$B,2,FALSE)," ") -> 7.3.1. Policyholders - legal persons | B41: 34 | C41: 7.3.1. Draudėjai - juridiniai asmenys | G41: 3231 | H41: 0 | I41: 12157 | L41: 8710 | M41: 11094 | O41: 7340 | Q41: 5538 | S41: 13134 | W41: 65 | Y41: 61269
A42: =IFERROR(VLOOKUP(C42,'LT-EN'!$A:$B,2,FALSE)," ") -> 7.3.2. Policyholders - natural persons | B42: 35 | C42: 7.3.2. Draudėjai - fiziniai asmenys | G42: 19059 | H42: 0 | I42: 90439 | L42: 83720 | M42: 194802 | O42: 54914 | Q42: 40924 | S42: 689801 | W42: 267426 | Y42: 1441085
A43: =IFERROR(VLOOKUP(C43,'LT-EN'!$A:$B,2,FALSE)," ") -> 8. General liability insurance | B43: 36 | C43: 8. Bendrosios civilinės atsakomybės draudimas | D43: 0 | E43: 0 | F43: 0 | G43: 11498 | H43: 0 | I43: 73044 | J43: 0 | K43: 0 | L43: 101175 | M43: 72857 | N43: 0 | O43: 36261 | P43: 0 | Q43: 27565 | R43: 0 | S43: 283731 | T43: 0 | U43: 0 | V43: 0 | W43: 233373 | X43: 0 | Y43: 839504
A44: =IFERROR(VLOOKUP(C44,'LT-EN'!$A:$B,2,FALSE)," ") -> 8.1. Compulsory liability insurance | B44: 37 | C44: 8.1. Privalomieji bendrosios civilinės atsakomybės draudimai | H44: 0 | I44: 1699 | L44: 7860 | M44: 2013 | O44: 1686 | Q44: 944 | S44: 1080 | Y44: 15282
A45: =IFERROR(VLOOKUP(C45,'LT-EN'!$A:$B,2,FALSE)," ") -> 8.2. Other | B45: 38 | C45: 8.2. Kita | D45: 0 | E45: 0 | F45: 0 | G45: 11498 | H45: 0 | I45: 71345 | J45: 0 | K45: 0 | L45: 93315 | M45: 70844 | N45: 0 | O45: 34575 | P45: 0 | Q45: 26621 | R45: 0 | S45: 282651 | T45: 0 | U45: 0 | V45: 0 | W45: 233373 | X45: 0 | Y45: 824222
A46: =IFERROR(VLOOKUP(C46,'LT-EN'!$A:$B,2,FALSE)," ") -> 8.2.1. Policyholders - legal persons | B46: 39 | C46: 8.2.1. Draudėjai - juridiniai asmenys | G46: 1336 | H46: 0 | I46: 5729 | L46: 7878 | M46: 3022 | O46: 2374 | P46: 0 | Q46: 2817 | S46: 7579 | W46: 46 | Y46: 30781
A47: =IFERROR(VLOOKUP(C47,'LT-EN'!$A:$B,2,FALSE)," ") -> 8.2.2. Policyholders - natural persons | B47: 40 | C47: 8.2.2. Draudėjai - fiziniai asmenys | G47: 10162 | H47: 0 | I47: 65616 | L47: 85437 | M47: 67822 | O47: 32201 | Q47: 23804 | S47: 275072 | W47: 233327 | Y47: 793441
A48: =IFERROR(VLOOKUP(C48,'LT-EN'!$A:$B,2,FALSE)," ") -> 9. Credit and suretyship insurance | B48: 41 | C48: 9. Kredito ir laidavimo draudimas | D48: 0 | E48: 0 | F48: 0 | G48: 3 | H48: 0 | I48: 11704 | J48: 291 | K48: 0 | L48: 3359 | M48: 4173 | N48: 0 | O48: 1979 | P48: 0 | Q48: 254 | R48: 3800 | S48: 4018 | T48: 0 | U48: 0 | V48: 0 | W48: 0 | X48: 0 | Y48: 29581
A49: =IFERROR(VLOOKUP(C49,'LT-EN'!$A:$B,2,FALSE)," ") -> 9.1. Credit insurance | B49: 42 | C49: 9.1. Kredito draudimas | H49: 0 | I49: 0 | J49: 291 | L49: 0 | O49: 0 | Q49: 0 | S49: 0 | Y49: 291
A50: =IFERROR(VLOOKUP(C50,'LT-EN'!$A:$B,2,FALSE)," ") -> 9.2. Suretyship insurance | B50: 43 | C50: 9.2. Laidavimo draudimas | D50: 0 | E50: 0 | F50: 0 | G50: 3 | H50: 0 | I50: 11704 | J50: 0 | K50: 0 | L50: 3359 | M50: 4173 | N50: 0 | O50: 1979 | P50: 0 | Q50: 254 | R50: 3800 | S50: 4018 | T50: 0 | U50: 0 | V50: 0 | W50: 0 | X50: 0 | Y50: 29290
A51: =IFERROR(VLOOKUP(C51,'LT-EN'!$A:$B,2,FALSE)," ") -> 9.2.1 Insurance of liability performing customs procedures | B51: 44 | C51: 9.2.1 Atsakomybės, atliekant muitinės procedūras, draudimas | H51: 0 | I51: 2542 | L51: 0 | M51: 97 | O51: 0 | Q51: 0 | R51: 3800 | S51: 0 | Y51: 6439
A52: =IFERROR(VLOOKUP(C52,'LT-EN'!$A:$B,2,FALSE)," ") -> 9.2.2. Other suretyship insurance | B52: 45 | C52: 9.2.2. Kitas laidavimo draudimas | G52: 3 | H52: 0 | I52: 9162 | L52: 3359 | M52: 4076 | O52: 1979 | Q52: 254 | S52: 4018 | Y52: 22851
A53: =IFERROR(VLOOKUP(C53,'LT-EN'!$A:$B,2,FALSE)," ") -> 10. Legal expenses insurance | B53: 46 | C53: 10. Teisinių išlaidų draudimas | H53: 0 | I53: 1 | L53: 0 | O53: 0 | Q53: 0 | S53: 0 | Y53: 1
A54: =IFERROR(VLOOKUP(C54,'LT-EN'!$A:$B,2,FALSE)," ") -> 11. Assistance | B54: 47 | C54: 11. Pagalbos draudimas | G54: 23894 | H54: 0 | I54: 79596 | L54: 42674 | M54: 116097 | O54: 90190 | Q54: 0 | S54: 0 | Y54: 352451
A55: =IFERROR(VLOOKUP(C55,'LT-EN'!$A:$B,2,FALSE)," ") -> 12. Miscellaneous financial loss | B55: 48 | C55: 12. Finansinių nuostolių draudimas | G55: 23 | H55: 0 | I55: 163 | L55: 460 | M55: 1 | O55: 184 | Q55: 123 | S55: 284 | W55: 94663 | Y55: 95901
A56: =IFERROR(VLOOKUP(C56,'LT-EN'!$A:$B,2,FALSE)," ") -> LIFE ASSURANCE | B56: 49 | C56: GYVYBĖS DRAUDIMAS | D56: 75593 | E56: 51067 | F56: 0 | G56: 0 | H56: 0 | I56: 0 | J56: 0 | K56: 152052 | L56: 0 | M56: 0 | N56: 63887 | O56: 0 | P56: 0 | Q56: 0 | R56: 0 | S56: 0 | T56: 45279 | U56: 149442 | V56: 206008 | W56: 0 | X56: 0 | Y56: 743328
A57: =IFERROR(VLOOKUP(C57,'LT-EN'!$A:$B,2,FALSE)," ") -> 1. Health insurance | B57: 50 | C57: 1. Sveikatos draudimas | K57: 3998 | N57: 15398 | O57: 0 | T57: 0 | Y57: 19396
A58: =IFERROR(VLOOKUP(C58,'LT-EN'!$A:$B,2,FALSE)," ") -> 2. Insurance with profit participation | B58: 51 | C58: 2. Draudimas su teise dalytis pelną | D58: 0 | E58: 2369 | F58: 0 | G58: 0 | H58: 0 | I58: 0 | J58: 0 | K58: 29856 | L58: 0 | M58: 0 | N58: 9891 | O58: 0 | P58: 0 | Q58: 0 | R58: 0 | S58: 0 | T58: 8678 | U58: 394 | V58: 747 | W58: 0 | X58: 0 | Y58: 51935
A59: =IFERROR(VLOOKUP(C59,'LT-EN'!$A:$B,2,FALSE)," ") -> 2.1. Insurance in case of survival | B59: 52 | C59: 2.1. Draudimas išgyvenimo atveju | E59: 1975 | K59: 29856 | N59: 8200 | O59: 0 | T59: 8678 | U59: 82 | V59: 745 | Y59: 49536
A60: =IFERROR(VLOOKUP(C60,'LT-EN'!$A:$B,2,FALSE)," ") -> 2.2. Annuities | B60: 53 | C60: 2.2. Anuitetai | E60: 394 | K60: 0 | N60: 1691 | O60: 0 | Q60: 0 | U60: 312 | V60: 0 | Y60: 2397
A61: =IFERROR(VLOOKUP(C61,'LT-EN'!$A:$B,2,FALSE)," ") -> 2.3.Insurance in case of death | B61: 54 | C61: 2.3. Draudimas mirties atveju | K61: 0 | O61: 0 | V61: 0 | Y61: 0
A62: =IFERROR(VLOOKUP(C62,'LT-EN'!$A:$B,2,FALSE)," ") -> 2.4. Other insurance with profit participation | B62: 55 | C62: 2.4. Kitas draudimas, suteikiantis teisę gauti pelno dalį | K62: 0 | O62: 0 | V62: 2 | Y62: 2
A63: =IFERROR(VLOOKUP(C63,'LT-EN'!$A:$B,2,FALSE)," ") -> 3. Index-linked and unit-linked insurance | B63: 56 | C63: 3. Su indeksu ir investiciniais vienetais susijęs draudimas | D63: 69609 | E63: 41596 | F63: 0 | G63: 0 | H63: 0 | I63: 0 | J63: 0 | K63: 108475 | L63: 0 | M63: 0 | N63: 23790 | O63: 0 | P63: 0 | Q63: 0 | R63: 0 | S63: 0 | T63: 32998 | U63: 78876 | V63: 83255 | W63: 0 | X63: 0 | Y63: 438599
A64: =IFERROR(VLOOKUP(C64,'LT-EN'!$A:$B,2,FALSE)," ") -> 3.1. Index-linked and unit-linked insurance, when the insurance risk is significant | B64: 57 | C64: 3.1. Su indeksu ir investiciniais vienetais susijęs draudimas, kai draudimo rizika yra reikšminga | D64: 69609 | E64: 34138 | K64: 0 | N64: 20610 | O64: 0 | T64: 29565 | U64: 26110 | V64: 78821 | Y64: 258853
A65: =IFERROR(VLOOKUP(C65,'LT-EN'!$A:$B,2,FALSE)," ") -> 3.2. Index-linked and unit-linked insurance, when the insurance risk is insignificant | B65: 58 | C65: 3.2. Su indeksu ir investiciniais vienetais susijęs draudimas, kai draudimo rizika yra nereikšminga | E65: 7458 | K65: 108475 | N65: 3180 | O65: 0 | T65: 3433 | U65: 52766 | V65: 4434 | Y65: 179746
A66: =IFERROR(VLOOKUP(C66,'LT-EN'!$A:$B,2,FALSE)," ") -> 4. Other life insurance | B66: 59 | C66: 4. Kitas gyvybės draudimas | D66: 5984 | E66: 7102 | F66: 0 | G66: 0 | H66: 0 | I66: 0 | J66: 0 | K66: 9723 | L66: 0 | M66: 0 | N66: 14808 | O66: 0 | P66: 0 | Q66: 0 | R66: 0 | S66: 0 | T66: 3603 | U66: 70172 | V66: 122006 | W66: 0 | X66: 0 | Y66: 233398
A67: =IFERROR(VLOOKUP(C67,'LT-EN'!$A:$B,2,FALSE)," ") -> 4.1. Insurance in case of survival | B67: 60 | C67: 4.1. Draudimas išgyvenimo atveju | K67: 0 | O67: 0 | V67: 0 | Y67: 0
A68: =IFERROR(VLOOKUP(C68,'LT-EN'!$A:$B,2,FALSE)," ") -> 4.2. Annuities | B68: 61 | C68: 4.2. Anuitetai | K68: 14 | O68: 0 | V68: 0 | Y68: 14
A69: =IFERROR(VLOOKUP(C69,'LT-EN'!$A:$B,2,FALSE)," ") -> 4.3. Insurance in case of death | B69: 62 | C69: 4.3. Draudimas mirties atveju | D69: 5984 | E69: 7102 | K69: 9709 | N69: 14808 | O69: 0 | T69: 3603 | U69: 70172 | V69: 122006 | Y69: 233384
A70: =IFERROR(VLOOKUP(C70,'LT-EN'!$A:$B,2,FALSE)," ") -> 4.4. Other life insurance | B70: 63 | C70: 4.4. Kitas gyvybės draudimas | K70: 0 | O70: 0 | V70: 0 | Y70: 0
A71: =IFERROR(VLOOKUP(C71,'LT-EN'!$A:$B,2,FALSE), " " )
A72: =IFERROR(VLOOKUP(C72,'LT-EN'!$A:$B,2,FALSE), " " )
A73: =IFERROR(VLOOKUP(C73,'LT-EN'!$A:$B,2,FALSE), " " )
A74: =IFERROR(VLOOKUP(C74,'LT-EN'!$A:$B,2,FALSE), " " )
A75: =IFERROR(VLOOKUP(C75,'LT-EN'!$A:$B,2,FALSE), " " )
A76: =IFERROR(VLOOKUP(C76,'LT-EN'!$A:$B,2,FALSE), " " )
A77: =IFERROR(VLOOKUP(C77,'LT-EN'!$A:$B,2,FALSE), " " )
A78: =IFERROR(VLOOKUP(C78,'LT-EN'!$A:$B,2,FALSE), " " )
A79: =IFERROR(VLOOKUP(C79,'LT-EN'!$A:$B,2,FALSE), " " )
A80: =IFERROR(VLOOKUP(C80,'LT-EN'!$A:$B,2,FALSE), " " )
A81: =IFERROR(VLOOKUP(C81,'LT-EN'!$A:$B,2,FALSE), " " )
A82: =IFERROR(VLOOKUP(C82,'LT-EN'!$A:$B,2,FALSE), " " )
... A89: =IFERROR(VLOOKUP(C89,'LT-EN'!$A:$B,2,FALSE), " " )

Sheet DSR3
A1: Insurance contracts cancelled, units | C1: Nutrauktos draudimo sutartys, vnt.
A3: ='DSR1'!C3 -> 2026-08-31
B5: Per ataskaitinį laikotarpį nutrauktos draudimo sutartys, vnt.
A6: Business lines / Insurers | B6: eil.nr | C6: Draudimo grupės / Draudikai | D6: Allianz Lietuva gyvybės draudimas | E6: Artea Life Insurance | F6: ATRADIUS filialas | G6: Balcia Insurance filialas | H6: Baltijas Apdrosinasanas Nams filialas | I6: BTA Insurance Company filialas | J6: COFACE filialas | K6: Compensa Life VIG filialas | L6: Compensa VIG | M6: ERGO Insurance filialas | N6: ERGO Life Insurance | O6: Gjensidige | P6: If P&C Insurance (publ) filialas | Q6: If P&C Insurance filialas | R6: Lamantinas | S6: Lietuvos draudimas | T6: PZU Lietuva gyvybės draudimas | U6: SEB Life and Pension Baltic filialas | V6: Swedbank Life Insurance filialas | W6: Swedbank P&C Insurance filialas | X6: Vereinigte Hagelversicherung filialas VH Lietuva | Y6: All
A7: =IFERROR(VLOOKUP(C7,'LT-EN'!$A:$B,2,FALSE)," ") -> ALL | B7: 0 | C7: Visos | D7: 4057 | E7: 2388 | F7: 0 | G7: 0 | H7: 0 | I7: 0 | J7: 0 | K7: 7633 | L7: 0 | M7: 0 | N7: 2339 | O7: 0 | P7: 0 | Q7: 0 | R7: 0 | S7: 0 | T7: 1465 | U7: 8656 | V7: 6740 | W7: 0 | X7: 0 | Y7: 33278
A8: =IFERROR(VLOOKUP(C8,'LT-EN'!$A:$B,2,FALSE)," ") -> LIFE ASSURANCE | B8: 49 | C8: GYVYBĖS DRAUDIMAS | D8: 4057 | E8: 2388 | F8: 0 | G8: 0 | H8: 0 | I8: 0 | J8: 0 | K8: 7633 | L8: 0 | M8: 0 | N8: 2339 | O8: 0 | P8: 0 | Q8: 0 | R8: 0 | S8: 0 | T8: 1465 | U8: 8656 | V8: 6740 | W8: 0 | X8: 0 | Y8: 33278
A9: =IFERROR(VLOOKUP(C9,'LT-EN'!$A:$B,2,FALSE)," ") -> 1. Health insurance | B9: 50 | C9: 1. Sveikatos draudimas | K9: 87 | N9: 584 | O9: 0 | T9: 1 | Y9: 672
A10: =IFERROR(VLOOKUP(C10,'LT-EN'!$A:$B,2,FALSE)," ") -> 2. Insurance with profit participation | B10: 51 | C10: 2. Draudimas su teise dalytis pelną | D10: 0 | E10: 81 | F10: 0 | G10: 0 | H10: 0 | I10: 0 | J10: 0 | K10: 2169 | L10: 0 | M10: 0 | N10: 349 | O10: 0 | P10: 0 | Q10: 0 | R10: 0 | S10: 0 | T10: 272 | U10: 2 | V10: 24 | W10: 0 | X10: 0 | Y10: 2897
A11: =IFERROR(VLOOKUP(C11,'LT-EN'!$A:$B,2,FALSE)," ") -> 2.1. Insurance in case of survival | B11: 52 | C11: 2.1. Draudimas išgyvenimo atveju | E11: 69 | K11: 2169 | N11: 263 | O11: 0 | T11: 272 | U11: 2 | V11: 24 | Y11: 2799
A12: =IFERROR(VLOOKUP(C12,'LT-EN'!$A:$B,2,FALSE)," ") -> 2.2. Annuities | B12: 53 | C12: 2.2. Anuitetai | E12: 12 | K12: 0 | N12: 86 | O12: 0 | Q12: 0 | U12: 0 | V12: 0 | Y12: 98
A13: =IFERROR(VLOOKUP(C13,'LT-EN'!$A:$B,2,FALSE)," ") -> 2.3.Insurance in case of death | B13: 54 | C13: 2.3. Draudimas mirties atveju | K13: 0 | O13: 0 | V13: 0 | Y13: 0
A14: =IFERROR(VLOOKUP(C14,'LT-EN'!$A:$B,2,FALSE)," ") -> 2.4. Other insurance with profit participation | B14: 55 | C14: 2.4. Kitas draudimas, suteikiantis teisę gauti pelno dalį | K14: 0 | O14: 0 | V14: 0 | Y14: 0
A15: =IFERROR(VLOOKUP(C15,'LT-EN'!$A:$B,2,FALSE)," ") -> 3. Index-linked and unit-linked insurance | B15: 56 | C15: 3. Su indeksu ir investiciniais vienetais susijęs draudimas | D15: 3414 | E15: 1824 | F15: 0 | G15: 0 | H15: 0 | I15: 0 | J15: 0 | K15: 5119 | L15: 0 | M15: 0 | N15: 778 | O15: 0 | P15: 0 | Q15: 0 | R15: 0 | S15: 0 | T15: 1029 | U15: 3119 | V15: 3203 | W15: 0 | X15: 0 | Y15: 18486
A16: =IFERROR(VLOOKUP(C16,'LT-EN'!$A:$B,2,FALSE)," ") -> 3.1. Index-linked and unit-linked insurance, when the insurance risk is significant | B16: 57 | C16: 3.1. Su indeksu ir investiciniais vienetais susijęs draudimas, kai draudimo rizika yra reikšminga | D16: 3414 | E16: 1458 | K16: 0 | N16: 675 | O16: 0 | T16: 869 | U16: 662 | V16: 3018 | Y16: 10096
A17: =IFERROR(VLOOKUP(C17,'LT-EN'!$A:$B,2,FALSE)," ") -> 3.2. Index-linked and unit-linked insurance, when the insurance risk is insignificant | B17: 58 | C17: 3.2. Su indeksu ir investiciniais vienetais susijęs draudimas, kai draudimo rizika yra nereikšminga | E17: 366 | K17: 5119 | N17: 103 | O17: 0 | T17: 160 | U17: 2457 | V17: 185 | Y17: 8390
A18: =IFERROR(VLOOKUP(C18,'LT-EN'!$A:$B,2,FALSE)," ") -> 4. Other life insurance | B18: 59 | C18: 4. Kitas gyvybės draudimas | D18: 643 | E18: 483 | F18: 0 | G18: 0 | H18: 0 | I18: 0 | J18: 0 | K18: 258 | L18: 0 | M18: 0 | N18: 628 | O18: 0 | P18: 0 | Q18: 0 | R18: 0 | S18: 0 | T18: 163 | U18: 5535 | V18: 3513 | W18: 0 | X18: 0 | Y18: 11223
A19: =IFERROR(VLOOKUP(C19,'LT-EN'!$A:$B,2,FALSE)," ") -> 4.1. Insurance in case of survival | B19: 60 | C19: 4.1. Draudimas išgyvenimo atveju | K19: 0 | O19: 0 | V19: 0 | Y19: 0
A20: =IFERROR(VLOOKUP(C20,'LT-EN'!$A:$B,2,FALSE)," ") -> 4.2. Annuities | B20: 61 | C20: 4.2. Anuitetai | K20: 0 | O20: 0 | V20: 0 | Y20: 0
A21: =IFERROR(VLOOKUP(C21,'LT-EN'!$A:$B,2,FALSE)," ") -> 4.3. Insurance in case of death | B21: 62 | C21: 4.3. Draudimas mirties atveju | D21: 643 | E21: 483 | K21: 258 | N21: 628 | O21: 0 | T21: 163 | U21: 5535 | V21: 3513 | Y21: 11223
A22: =IFERROR(VLOOKUP(C22,'LT-EN'!$A:$B,2,FALSE)," ") -> 4.4. Other life insurance | B22: 63 | C22: 4.4. Kitas gyvybės draudimas | K22: 0 | O22: 0 | V22: 0 | Y22: 0
A23: =IFERROR(VLOOKUP(C23,'LT-EN'!$A:$B,2,FALSE)," ")
A24: =IFERROR(VLOOKUP(C24,'LT-EN'!$A:$B,2,FALSE)," ")
A25: =IFERROR(VLOOKUP(C25,'LT-EN'!$A:$B,2,FALSE)," ")
A26: =IFERROR(VLOOKUP(C26,'LT-EN'!$A:$B,2,FALSE)," ")
A27: =IFERROR(VLOOKUP(C27,'LT-EN'!$A:$B,2,FALSE)," ")
A28: =IFERROR(VLOOKUP(C28,'LT-EN'!$A:$B,2,FALSE)," ")
A29: =IFERROR(VLOOKUP(C29,'LT-EN'!$A:$B,2,FALSE)," ")
A30: =IFERROR(VLOOKUP(C30,'LT-EN'!$A:$B,2,FALSE)," ")
A31: =IFERROR(VLOOKUP(C31,'LT-EN'!$A:$B,2,FALSE)," ")
A32: =IFERROR(VLOOKUP(C32,'LT-EN'!$A:$B,2,FALSE)," ")
A33: =IFERROR(VLOOKUP(C33,'LT-EN'!$A:$B,2,FALSE)," ")
A34: =IFERROR(VLOOKUP(C34,'LT-EN'!$A:$B,2,FALSE)," ")
... A265: =IFERROR(VLOOKUP(C265,'LT-EN'!$A:$B,2,FALSE)," ")

Sheet DSR5
A1: Insurance premiums, EUR | C1: Draudimo įmokos, Eur
A3: ='DSR1'!C3 -> 2026-08-31
B5: Draudimo įmokos iš viso, Eur
A6: Business lines / Insurers | B6: eil.nr | C6: Draudimo grupės / Draudikai | D6: Allianz Lietuva gyvybės draudimas | E6: Artea Life Insurance | F6: ATRADIUS filialas | G6: Balcia Insurance filialas | H6: Baltijas Apdrosinasanas Nams filialas | I6: BTA Insurance Company filialas | J6: COFACE filialas | K6: Compensa Life VIG filialas | L6: Compensa VIG | M6: ERGO Insurance filialas | N6: ERGO Life Insurance | O6: Gjensidige | P6: If P&C Insurance (publ) filialas | Q6: If P&C Insurance filialas | R6: Lamantinas | S6: Lietuvos draudimas | T6: PZU Lietuva gyvybės draudimas | U6: SEB Life and Pension Baltic filialas | V6: Swedbank Life Insurance filialas | W6: Swedbank P&C Insurance filialas | X6: Vereinigte Hagelversicherung filialas VH Lietuva | Y6: All
A7: =IFERROR(VLOOKUP(C7,'LT-EN'!$A:$B,2,FALSE)," ") -> ALL | B7: 0 | C7: Visos | D7: 72310139 | E7: 23657806 | F7: 0 | G7: 25040395 | H7: 1081627.6 | I7: 145484203 | J7: 4551293 | K7: 89181605 | L7: 1.0387814e+08 | M7: 1.3342576e+08 | N7: 24960148 | O7: 32215122 | P7: 0 | Q7: 56833589 | R7: 1048038 | S7: 2.6093498e+08 | T7: 21587260 | U7: 54106518 | V7: 58314840 | W7: 54382246 | X7: 22381272 | Y7: 1.185375e+09
A8: =IFERROR(VLOOKUP(C8,'LT-EN'!$A:$B,2,FALSE)," ") -> NON-LIFE INSURANCE | B8: 1 | C8: NE GYVYBĖS DRAUDIMAS | D8: 0 | E8: 0 | F8: 0 | G8: 25040395 | H8: 1081627.6 | I8: 145484203 | J8: 4551293 | K8: 27496823 | L8: 1.0387814e+08 | M8: 1.3342576e+08 | N8: 6150444 | O8: 32215122 | P8: 0 | Q8: 56833589 | R8: 1048038 | S8: 2.6093498e+08 | T8: 0 | U8: 398283.84 | V8: 0 | W8: 54382246 | X8: 22381272 | Y8: 8.7530222e+08
A9: =IFERROR(VLOOKUP(C9,'LT-EN'!$A:$B,2,FALSE)," ") -> 1. Medical expense insurance | B9: 2 | C9: 1. Medicininių išlaidų draudimas | D9: 0 | E9: 0 | F9: 0 | G9: 938926.86 | H9: 0 | I9: 19870539 | J9: 0 | K9: 27496823 | L9: 11848733 | M9: 1748683.1 | N9: 6150444 | O9: 6721065.4 | P9: 0 | Q9: 885026.97 | R9: 0 | S9: 19528574 | T9: 0 | U9: 0 | V9: 0 | W9: 2066027.7 | X9: 0 | Y9: 97254842
A10: =IFERROR(VLOOKUP(C10,'LT-EN'!$A:$B,2,FALSE)," ") -> 1.1. Supplementary voluntary health insurance | B10: 3 | C10: 1.1. Papildomasis savanoriškasis sveikatos draudimas | D10: 0 | E10: 0 | F10: 0 | G10: 0 | H10: 0 | I10: 16317036 | J10: 0 | K10: 27496823 | L10: 10690267 | M10: 0 | N10: 6150444 | O10: 5743535.2 | P10: 0 | Q10: 0 | R10: 0 | S10: 16807694 | T10: 0 | U10: 0 | V10: 0 | W10: 0 | X10: 0 | Y10: 83205799
A11: =IFERROR(VLOOKUP(C11,'LT-EN'!$A:$B,2,FALSE)," ") -> 1.1.1. Policyholders - legal persons | B11: 4 | C11: 1.1.1. Draudėjai - juridiniai asmenys | H11: 0 | I11: 14658623 | K11: 27496823 | L11: 10663037 | N11: 6097545.6 | O11: 5728854.4 | Q11: 0 | S11: 12667683 | Y11: 77312566
A12: =IFERROR(VLOOKUP(C12,'LT-EN'!$A:$B,2,FALSE)," ") -> 1.1.2. Policyholders - natural persons | B12: 5 | C12: 1.1.2. Draudėjai - fiziniai asmenys | H12: 0 | I12: 1658413 | L12: 27229.69 | N12: 52898.46 | O12: 14680.74 | Q12: 0 | S12: 4140011.5 | Y12: 5893233.4
A13: =IFERROR(VLOOKUP(C13,'LT-EN'!$A:$B,2,FALSE)," ") -> 1.2. Other | B13: 6 | C13: 1.2. Kita | D13: 0 | E13: 0 | F13: 0 | G13: 938926.86 | H13: 0 | I13: 3553503 | J13: 0 | K13: 0 | L13: 1158465.9 | M13: 1748683.1 | N13: 0 | O13: 977530.22 | P13: 0 | Q13: 885026.97 | R13: 0 | S13: 2720879.5 | T13: 0 | U13: 0 | V13: 0 | W13: 2066027.7 | X13: 0 | Y13: 14049043
A14: =IFERROR(VLOOKUP(C14,'LT-EN'!$A:$B,2,FALSE)," ") -> 1.2.1. Policyholders - legal persons | B14: 7 | C14: 1.2.1. Draudėjai - juridiniai asmenys | G14: 273606.02 | H14: 0 | I14: 848217 | L14: 543997.97 | M14: 468595.31 | O14: 101428.87 | Q14: 152822.39 | S14: 950612.54 | W14: 83.75 | Y14: 3339363.8
A15: =IFERROR(VLOOKUP(C15,'LT-EN'!$A:$B,2,FALSE)," ") -> 1.2.2. Policyholders - natural persons | B15: 8 | C15: 1.2.2. Draudėjai - fiziniai asmenys | G15: 665320.84 | H15: 0 | I15: 2705286 | L15: 614467.94 | M15: 1280087.8 | O15: 876101.35 | Q15: 732204.58 | S15: 1770266.9 | W15: 2065943.9 | Y15: 10709679
A16: =IFERROR(VLOOKUP(C16,'LT-EN'!$A:$B,2,FALSE)," ") -> 2. Income protection insurance | B16: 9 | C16: 2. Pajamų apsaugos draudimas | D16: 0 | E16: 0 | F16: 0 | G16: 899069.41 | H16: 0 | I16: 5804789 | J16: 0 | K16: 0 | L16: 2704131.4 | M16: 6821815.9 | N16: 0 | O16: 1437496.1 | P16: 0 | Q16: 917688.23 | R16: 0 | S16: 17967309 | T16: 0 | U16: 398283.84 | V16: 0 | W16: 1977186.6 | X16: 0 | Y16: 38927769
A17: =IFERROR(VLOOKUP(C17,'LT-EN'!$A:$B,2,FALSE)," ") -> 2.1. Policyholders - legal persons | B17: 10 | C17: 2.1. Draudėjai - juridiniai asmenys | G17: 499442.8 | H17: 0 | I17: 1227103 | L17: 746148.31 | M17: 1091651.1 | O17: 267732.16 | Q17: 598649.66 | S17: 1595546.1 | U17: 398283.84 | W17: 59.89 | Y17: 6424616.9
A18: =IFERROR(VLOOKUP(C18,'LT-EN'!$A:$B,2,FALSE)," ") -> 2.2. Policyholders - natural persons | B18: 11 | C18: 2.2. Draudėjai - fiziniai asmenys | G18: 399626.61 | H18: 0 | I18: 4577686 | L18: 1957983.1 | M18: 5730164.8 | O18: 1169763.9 | Q18: 319038.57 | S18: 16371763 | W18: 1977126.7 | Y18: 32503152
A19: =IFERROR(VLOOKUP(C19,'LT-EN'!$A:$B,2,FALSE)," ") -> 3. Workers' compensation insurance | B19: 12 | C19: 3. Nelaimingų atsitikimų darbe draudimas | H19: 0 | I19: 0 | L19: 0 | M19: 0 | O19: 0 | Q19: 0 | S19: 0 | Y19: 0
A20: =IFERROR(VLOOKUP(C20,'LT-EN'!$A:$B,2,FALSE)," ") -> 4. Motor vehicle liability insurance | B20: 13 | C20: 4. Motorinių transporto priemonių valdytojų civilinės atsakomybės draudimas | D20: 0 | E20: 0 | F20: 0 | G20: 12326584 | H20: 1081627.6 | I20: 46411199 | J20: 0 | K20: 0 | L20: 22236009 | M20: 52682131 | N20: 0 | O20: 11233357 | P20: 0 | Q20: 17125694 | R20: 0 | S20: 74739544 | T20: 0 | U20: 0 | V20: 0 | W20: 5040985.6 | X20: 0 | Y20: 2.4287713e+08
A21: =IFERROR(VLOOKUP(C21,'LT-EN'!$A:$B,2,FALSE)," ") -> 4.1. Liability arising out of the use of motor vehicles operating on the land insurance | B21: 14 | C21: 4.1. Sausumos transporto priemonių valdytojų civilinės atsakomybės draudimas | D21: 0 | E21: 0 | F21: 0 | G21: 12326584 | H21: 1081627.6 | I21: 45604826 | J21: 0 | K21: 0 | L21: 22236009 | M21: 51453984 | N21: 0 | O21: 11077277 | P21: 0 | Q21: 16491691 | R21: 0 | S21: 73358807 | T21: 0 | U21: 0 | V21: 0 | W21: 5040985.6 | X21: 0 | Y21: 2.3867179e+08
A22: =IFERROR(VLOOKUP(C22,'LT-EN'!$A:$B,2,FALSE)," ") -> 4.1.1. Policyholders - legal persons | B22: 15 | C22: 4.1.1. Draudėjai - juridiniai asmenys | G22: 7501325.7 | H22: 99.77 | I22: 28231288 | L22: 5856414.7 | M22: 24292785 | O22: 2841176.8 | Q22: 11694183 | S22: 29692550 | W22: 270788.35 | Y22: 1.1038061e+08
A23: =IFERROR(VLOOKUP(C23,'LT-EN'!$A:$B,2,FALSE)," ") -> 4.1.2. Policyholders - natural persons | B23: 16 | C23: 4.1.2. Draudėjai - fiziniai asmenys | G23: 4825258.2 | H23: 1081527.8 | I23: 17373538 | L23: 16379594 | M23: 27161199 | O23: 8236099.8 | Q23: 4797507.7 | S23: 43666257 | W23: 4770197.3 | Y23: 1.2829118e+08
A24: =IFERROR(VLOOKUP(C24,'LT-EN'!$A:$B,2,FALSE)," ") -> 4.2. Carrier third party liability (CMR) insurance | B24: 17 | C24: 4.2. Vežėjų civilinės atsakomybės draudimas | H24: 0 | I24: 787049 | L24: 0 | M24: 1228146.3 | O24: 155118.1 | Q24: 634003.42 | S24: 968970.48 | Y24: 3773287.3
A25: =IFERROR(VLOOKUP(C25,'LT-EN'!$A:$B,2,FALSE)," ") -> 4.3. Liability arising out of use railway rolling stock insurance | B25: 18 | C25: 4.3. Geležinkelių transporto priemonių valdytojų civilinės atsakomybės draudimas | H25: 0 | I25: 19324 | L25: 0 | O25: 962 | Q25: 0 | S25: 411767 | Y25: 432053
A26: =IFERROR(VLOOKUP(C26,'LT-EN'!$A:$B,2,FALSE)," ") -> 5. Other motor insurance | B26: 19 | C26: 5. Kitas transporto priemonių draudimas | D26: 0 | E26: 0 | F26: 0 | G26: 6548730.9 | H26: 0 | I26: 33912665 | J26: 0 | K26: 0 | L26: 26898786 | M26: 33350934 | N26: 0 | O26: 3528458.5 | P26: 0 | Q26: 22622890 | R26: 0 | S26: 64850709 | T26: 0 | U26: 0 | V26: 0 | W26: 13946667 | X26: 0 | Y26: 2.0565984e+08
A27: =IFERROR(VLOOKUP(C27,'LT-EN'!$A:$B,2,FALSE)," ") -> 5.1. Land vehicles other than railway rolling stock insurance | B27: 20 | C27: 5.1. Sausumos transporto priemonių, išskyrus geležinkelio transporto priemones, draudimas | D27: 0 | E27: 0 | F27: 0 | G27: 6548730.9 | H27: 0 | I27: 33875819 | J27: 0 | K27: 0 | L27: 26898786 | M27: 33346397 | N27: 0 | O27: 3528458.5 | P27: 0 | Q27: 22622890 | R27: 0 | S27: 64837960 | T27: 0 | U27: 0 | V27: 0 | W27: 13946667 | X27: 0 | Y27: 2.0560571e+08
A28: =IFERROR(VLOOKUP(C28,'LT-EN'!$A:$B,2,FALSE)," ") -> 5.1.1. Policyholders - legal persons | B28: 21 | C28: 5.1.1. Draudėjai - juridiniai asmenys | G28: 3079469.8 | H28: 0 | I28: 19272812 | L28: 10083617 | M28: 15490448 | O28: 1557012.7 | Q28: 11678575 | S28: 32245412 | W28: 1689819.4 | Y28: 95097167
A29: =IFERROR(VLOOKUP(C29,'LT-EN'!$A:$B,2,FALSE)," ") -> 5.1.2. Policyholders - natural persons | B29: 22 | C29: 5.1.2. Draudėjai - fiziniai asmenys | G29: 3469261.1 | H29: 0 | I29: 14603007 | L29: 16815170 | M29: 17855949 | O29: 1971445.7 | Q29: 10944315 | S29: 32592548 | W29: 12256847 | Y29: 1.1050854e+08
A30: =IFERROR(VLOOKUP(C30,'LT-EN'!$A:$B,2,FALSE)," ") -> 5.2. Railway rolling stock insurance | B30: 23 | C30: 5.2. Geležinkelio transporto priemonių draudimas | H30: 0 | I30: 36846 | L30: 0 | M30: 4536.47 | O30: 0 | Q30: 0 | S30: 12748.84 | Y30: 54131.31
A31: =IFERROR(VLOOKUP(C31,'LT-EN'!$A:$B,2,FALSE)," ") -> 6. Marine, aviation and transport insurance | B31: 24 | C31: 6. Jūrų, oro ir sausumos transporto priemonių draudimas | D31: 0 | E31: 0 | F31: 0 | G31: 0 | H31: 0 | I31: 673563 | J31: 0 | K31: 0 | L31: 568867.81 | M31: 1184340 | N31: 0 | O31: 467669.74 | P31: 0 | Q31: 257814.56 | R31: 0 | S31: 547466.72 | T31: 0 | U31: 0 | V31: 0 | W31: 0 | X31: 0 | Y31: 3699721.8
A32: =IFERROR(VLOOKUP(C32,'LT-EN'!$A:$B,2,FALSE)," ") -> 6.1. Liability arising out of use of ships (sea and internal waters) insurance | B32: 25 | C32: 6.1. Laivų (jūrų ir vidaus vandenų) valdytojų civilinės atsakomybės draudimas | H32: 0 | I32: 65468 | L32: 0 | O32: 740 | Q32: 0 | S32: 17839.64 | Y32: 84047.64
A33: =IFERROR(VLOOKUP(C33,'LT-EN'!$A:$B,2,FALSE)," ") -> 6.2. Ships (sea and internal waters) insurance | B33: 26 | C33: 6.2. Laivų (jūrų ir vidaus vandenų) draudimas | H33: 0 | I33: 187484 | L33: 0 | M33: 127880.12 | O33: 3598 | P33: 0 | Q33: 23838.504 | S33: 86328.54 | Y33: 429129.16
A34: =IFERROR(VLOOKUP(C34,'LT-EN'!$A:$B,2,FALSE)," ") -> 6.3. Liability arising out of the use of aircraft insurance | B34: 27 | C34: 6.3. Skraidymo aparatų valdytojų civilinės atsakomybės draudimas | H34: 0 | I34: 109252 | L34: 0 | O34: 0 | Q34: 0 | S34: 18570 | Y34: 127822
A35: =IFERROR(VLOOKUP(C35,'LT-EN'!$A:$B,2,FALSE)," ") -> 6.4. Aircraft insurance | B35: 28 | C35: 6.4. Skraidymo aparatų draudimas | H35: 0 | I35: 39128 | L35: 0 | O35: 0 | Q35: 0 | S35: 34136.81 | Y35: 73264.81
A36: =IFERROR(VLOOKUP(C36,'LT-EN'!$A:$B,2,FALSE)," ") -> 6.5. Goods in transit insurance | B36: 29 | C36: 6.5. Vežamų krovinių draudimas | H36: 0 | I36: 272231 | L36: 568867.81 | M36: 1056459.9 | O36: 463331.74 | P36: 0 | Q36: 233976.06 | S36: 390591.73 | Y36: 2985458.2
A37: =IFERROR(VLOOKUP(C37,'LT-EN'!$A:$B,2,FALSE)," ") -> 7. Fire and other damage to property insurance | B37: 30 | C37: 7. Draudimas nuo gaisro ir kitos žalos, padarytos turtui | D37: 0 | E37: 0 | F37: 0 | G37: 3233524.9 | H37: 0 | I37: 24539958 | J37: 0 | K37: 0 | L37: 28567901 | M37: 24134360 | N37: 0 | O37: 6483055.8 | P37: 0 | Q37: 11736431 | R37: 0 | S37: 74425621 | T37: 0 | U37: 0 | V37: 0 | W37: 24061667 | X37: 22381272 | Y37: 2.1956379e+08
A38: =IFERROR(VLOOKUP(C38,'LT-EN'!$A:$B,2,FALSE)," ") -> 7.1. Crop insurance | B38: 31 | C38: 7.1. Pasėlių draudimas | H38: 0 | I38: 433419 | L38: 32933.39 | O38: 0 | Q38: 0 | S38: 0 | X38: 22381272 | Y38: 22847624
A39: =IFERROR(VLOOKUP(C39,'LT-EN'!$A:$B,2,FALSE)," ") -> 7.2. Livestock insurance | B39: 32 | C39: 7.2. Gyvūnų draudimas | H39: 0 | I39: 649952 | L39: 0 | M39: 775278.37 | O39: 4781.22 | Q39: 0 | S39: 1249163.2 | Y39: 2679174.8
A40: =IFERROR(VLOOKUP(C40,'LT-EN'!$A:$B,2,FALSE)," ") -> 7.3. Other property insurance | B40: 33 | C40: 7.3. Kitas turto draudimas | D40: 0 | E40: 0 | F40: 0 | G40: 3233524.9 | H40: 0 | I40: 23456587 | J40: 0 | K40: 0 | L40: 28534968 | M40: 23359082 | N40: 0 | O40: 6478274.6 | P40: 0 | Q40: 11736431 | R40: 0 | S40: 73176458 | T40: 0 | U40: 0 | V40: 0 | W40: 24061667 | X40: 0 | Y40: 1.9403699e+08
A41: =IFERROR(VLOOKUP(C41,'LT-EN'!$A:$B,2,FALSE)," ") -> 7.3.1. Policyholders - legal persons | B41: 34 | C41: 7.3.1. Draudėjai - juridiniai asmenys | G41: 1994133.2 | H41: 0 | I41: 11991665 | L41: 19872781 | M41: 10099888 | O41: 2029907.1 | Q41: 6759188.1 | S41: 18922323 | W41: 7803.07 | Y41: 71677689
A42: =IFERROR(VLOOKUP(C42,'LT-EN'!$A:$B,2,FALSE)," ") -> 7.3.2. Policyholders - natural persons | B42: 35 | C42: 7.3.2. Draudėjai - fiziniai asmenys | G42: 1239391.7 | H42: 0 | I42: 11464922 | L42: 8662186.9 | M42: 13259194 | O42: 4448367.5 | Q42: 4977242.7 | S42: 54254135 | W42: 24053864 | Y42: 1.223593e+08
A43: =IFERROR(VLOOKUP(C43,'LT-EN'!$A:$B,2,FALSE)," ") -> 8. General liability insurance | B43: 36 | C43: 8. Bendrosios civilinės atsakomybės draudimas | D43: 0 | E43: 0 | F43: 0 | G43: 737054.98 | H43: 0 | I43: 7808626 | J43: 0 | K43: 0 | L43: 5415705.9 | M43: 6531966.8 | N43: 0 | O43: 1191730.5 | P43: 0 | Q43: 2762589.8 | R43: 0 | S43: 6029995.1 | T43: 0 | U43: 0 | V43: 0 | W43: 2623257.2 | X43: 0 | Y43: 33100926
A44: =IFERROR(VLOOKUP(C44,'LT-EN'!$A:$B,2,FALSE)," ") -> 8.1. Compulsory liability insurance | B44: 37 | C44: 8.1. Privalomieji bendrosios civilinės atsakomybės draudimai | H44: 0 | I44: 771622 | L44: 1330831.7 | M44: 923278.23 | O44: 95372.15 | Q44: 508932.85 | S44: 932673.73 | Y44: 4562710.6
A45: =IFERROR(VLOOKUP(C45,'LT-EN'!$A:$B,2,FALSE)," ") -> 8.2. Other | B45: 38 | C45: 8.2. Kita | D45: 0 | E45: 0 | F45: 0 | G45: 737054.98 | H45: 0 | I45: 7037004 | J45: 0 | K45: 0 | L45: 4084874.2 | M45: 5608688.6 | N45: 0 | O45: 1096358.4 | P45: 0 | Q45: 2253656.9 | R45: 0 | S45: 5097321.4 | T45: 0 | U45: 0 | V45: 0 | W45: 2623257.2 | X45: 0 | Y45: 28538216
A46: =IFERROR(VLOOKUP(C46,'LT-EN'!$A:$B,2,FALSE)," ") -> 8.2.1. Policyholders - legal persons | B46: 39 | C46: 8.2.1. Draudėjai - juridiniai asmenys | G46: 536308.35 | H46: 0 | I46: 5858200 | L46: 3331161.3 | M46: 3934704.2 | O46: 696883.2 | P46: 0 | Q46: 1883854 | S46: 3066602.5 | W46: 459.18 | Y46: 19308173
A47: =IFERROR(VLOOKUP(C47,'LT-EN'!$A:$B,2,FALSE)," ") -> 8.2.2. Policyholders - natural persons | B47: 40 | C47: 8.2.2. Draudėjai - fiziniai asmenys | G47: 200746.63 | H47: 0 | I47: 1178804 | L47: 753712.87 | M47: 1673984.4 | O47: 399475.18 | Q47: 369802.93 | S47: 2030718.9 | W47: 2622798 | Y47: 9230043
A48: =IFERROR(VLOOKUP(C48,'LT-EN'!$A:$B,2,FALSE)," ") -> 9. Credit and suretyship insurance | B48: 41 | C48: 9. Kredito ir laidavimo draudimas | D48: 0 | E48: 0 | F48: 0 | G48: 13636.73 | H48: 0 | I48: 4506252 | J48: 4551293 | K48: 0 | L48: 2818312.7 | M48: 4161623.8 | N48: 0 | O48: 260373.17 | P48: 0 | Q48: 87435.39 | R48: 1048038 | S48: 2208914.8 | T48: 0 | U48: 0 | V48: 0 | W48: 0 | X48: 0 | Y48: 19655880
A49: =IFERROR(VLOOKUP(C49,'LT-EN'!$A:$B,2,FALSE)," ") -> 9.1. Credit insurance | B49: 42 | C49: 9.1. Kredito draudimas | H49: 0 | I49: 0 | J49: 4551293 | L49: 0 | O49: 0 | Q49: 0 | S49: 0 | Y49: 4551293
A50: =IFERROR(VLOOKUP(C50,'LT-EN'!$A:$B,2,FALSE)," ") -> 9.2. Suretyship insurance | B50: 43 | C50: 9.2. Laidavimo draudimas | D50: 0 | E50: 0 | F50: 0 | G50: 13636.73 | H50: 0 | I50: 4506252 | J50: 0 | K50: 0 | L50: 2818312.7 | M50: 4161623.8 | N50: 0 | O50: 260373.17 | P50: 0 | Q50: 87435.39 | R50: 1048038 | S50: 2208914.8 | T50: 0 | U50: 0 | V50: 0 | W50: 0 | X50: 0 | Y50: 15104587
A51: =IFERROR(VLOOKUP(C51,'LT-EN'!$A:$B,2,FALSE)," ") -> 9.2.1 Insurance of liability performing customs procedures | B51: 44 | C51: 9.2.1 Atsakomybės, atliekant muitinės procedūras, draudimas | H51: 0 | I51: 468995 | L51: 0 | M51: 469113.38 | O51: 0 | Q51: 0 | R51: 1048038 | S51: 0 | Y51: 1986146.4
A52: =IFERROR(VLOOKUP(C52,'LT-EN'!$A:$B,2,FALSE)," ") -> 9.2.2. Other suretyship insurance | B52: 45 | C52: 9.2.2. Kitas laidavimo draudimas | G52: 13636.73 | H52: 0 | I52: 4037257 | L52: 2818312.7 | M52: 3692510.4 | O52: 260373.17 | Q52: 87435.39 | S52: 2208914.8 | Y52: 13118440
A53: =IFERROR(VLOOKUP(C53,'LT-EN'!$A:$B,2,FALSE)," ") -> 10. Legal expenses insurance | B53: 46 | C53: 10. Teisinių išlaidų draudimas | H53: 0 | I53: 264 | L53: 0 | O53: 0 | Q53: 0 | S53: 0 | Y53: 264
A54: =IFERROR(VLOOKUP(C54,'LT-EN'!$A:$B,2,FALSE)," ") -> 11. Assistance | B54: 47 | C54: 11. Pagalbos draudimas | G54: 338795.54 | H54: 0 | I54: 1846928 | L54: 513758.31 | M54: 2808477.5 | O54: 772047.27 | Q54: 0 | S54: 0 | Y54: 6280006.7
A55: =IFERROR(VLOOKUP(C55,'LT-EN'!$A:$B,2,FALSE)," ") -> 12. Miscellaneous financial loss | B55: 48 | C55: 12. Finansinių nuostolių draudimas | G55: 4071.76 | H55: 0 | I55: 109420 | L55: 2305938.9 | M55: 1428.38 | O55: 119869.19 | Q55: 438019.37 | S55: 636841.71 | W55: 4666454.2 | Y55: 8282043.6
A56: =IFERROR(VLOOKUP(C56,'LT-EN'!$A:$B,2,FALSE)," ") -> LIFE ASSURANCE | B56: 49 | C56: GYVYBĖS DRAUDIMAS | D56: 72310139 | E56: 23657806 | F56: 0 | G56: 0 | H56: 0 | I56: 0 | J56: 0 | K56: 61684782 | L56: 0 | M56: 0 | N56: 18809703 | O56: 0 | P56: 0 | Q56: 0 | R56: 0 | S56: 0 | T56: 21587260 | U56: 53708234 | V56: 58314840 | W56: 0 | X56: 0 | Y56: 3.1007276e+08
A57: =IFERROR(VLOOKUP(C57,'LT-EN'!$A:$B,2,FALSE)," ") -> 1. Health insurance | B57: 50 | C57: 1. Sveikatos draudimas | K57: 301800.36 | N57: 2144745.1 | O57: 0 | T57: 0 | Y57: 2446545.5
A58: =IFERROR(VLOOKUP(C58,'LT-EN'!$A:$B,2,FALSE)," ") -> 2. Insurance with profit participation | B58: 51 | C58: 2. Draudimas su teise dalytis pelną | D58: 0 | E58: 765077.18 | F58: 0 | G58: 0 | H58: 0 | I58: 0 | J58: 0 | K58: 10487838 | L58: 0 | M58: 0 | N58: 2643548.2 | O58: 0 | P58: 0 | Q58: 0 | R58: 0 | S58: 0 | T58: 3246695 | U58: 30469.15 | V58: 222078 | W58: 0 | X58: 0 | Y58: 17395706
A59: =IFERROR(VLOOKUP(C59,'LT-EN'!$A:$B,2,FALSE)," ") -> 2.1. Insurance in case of survival | B59: 52 | C59: 2.1. Draudimas išgyvenimo atveju | E59: 656126.23 | K59: 10487838 | N59: 2203983.4 | O59: 0 | T59: 3246695 | U59: 30469.15 | V59: 221705 | Y59: 16846817
A60: =IFERROR(VLOOKUP(C60,'LT-EN'!$A:$B,2,FALSE)," ") -> 2.2. Annuities | B60: 53 | C60: 2.2. Anuitetai | E60: 108950.95 | K60: 0 | N60: 439564.81 | O60: 0 | Q60: 0 | U60: 0 | V60: 0 | Y60: 548515.76
A61: =IFERROR(VLOOKUP(C61,'LT-EN'!$A:$B,2,FALSE)," ") -> 2.3.Insurance in case of death | B61: 54 | C61: 2.3. Draudimas mirties atveju | K61: 0 | O61: 0 | V61: 0 | Y61: 0
A62: =IFERROR(VLOOKUP(C62,'LT-EN'!$A:$B,2,FALSE)," ") -> 2.4. Other insurance with profit participation | B62: 55 | C62: 2.4. Kitas draudimas, suteikiantis teisę gauti pelno dalį | K62: 0 | O62: 0 | V62: 373 | Y62: 373
A63: =IFERROR(VLOOKUP(C63,'LT-EN'!$A:$B,2,FALSE)," ") -> 3. Index-linked and unit-linked insurance | B63: 56 | C63: 3. Su indeksu ir investiciniais vienetais susijęs draudimas | D63: 70880083 | E63: 21724671 | F63: 0 | G63: 0 | H63: 0 | I63: 0 | J63: 0 | K63: 47244139 | L63: 0 | M63: 0 | N63: 12509707 | O63: 0 | P63: 0 | Q63: 0 | R63: 0 | S63: 0 | T63: 16916361 | U63: 43967610 | V63: 43829452 | W63: 0 | X63: 0 | Y63: 2.5707202e+08
A64: =IFERROR(VLOOKUP(C64,'LT-EN'!$A:$B,2,FALSE)," ") -> 3.1. Index-linked and unit-linked insurance, when the insurance risk is significant | B64: 57 | C64: 3.1. Su indeksu ir investiciniais vienetais susijęs draudimas, kai draudimo rizika yra reikšminga | D64: 70880083 | E64: 15847437 | K64: 0 | N64: 9140884.5 | O64: 0 | T64: 14606512 | U64: 10592885 | V64: 41564868 | Y64: 1.6263267e+08
A65: =IFERROR(VLOOKUP(C65,'LT-EN'!$A:$B,2,FALSE)," ") -> 3.2. Index-linked and unit-linked insurance, when the insurance risk is insignificant | B65: 58 | C65: 3.2. Su indeksu ir investiciniais vienetais susijęs draudimas, kai draudimo rizika yra nereikšminga | E65: 5877234.2 | K65: 47244139 | N65: 3368822.4 | O65: 0 | T65: 2309849 | U65: 33374725 | V65: 2264584 | Y65: 94439353
A66: =IFERROR(VLOOKUP(C66,'LT-EN'!$A:$B,2,FALSE)," ") -> 4. Other life insurance | B66: 59 | C66: 4. Kitas gyvybės draudimas | D66: 1430056 | E66: 1168057.5 | F66: 0 | G66: 0 | H66: 0 | I66: 0 | J66: 0 | K66: 3651004.6 | L66: 0 | M66: 0 | N66: 1511703.2 | O66: 0 | P66: 0 | Q66: 0 | R66: 0 | S66: 0 | T66: 1424204 | U66: 9710155.6 | V66: 14263310 | W66: 0 | X66: 0 | Y66: 33158491
A67: =IFERROR(VLOOKUP(C67,'LT-EN'!$A:$B,2,FALSE)," ") -> 4.1. Insurance in case of survival | B67: 60 | C67: 4.1. Draudimas išgyvenimo atveju | K67: 0 | O67: 0 | V67: 0 | Y67: 0
A68: =IFERROR(VLOOKUP(C68,'LT-EN'!$A:$B,2,FALSE)," ") -> 4.2. Annuities | B68: 61 | C68: 4.2. Anuitetai | K68: 206670.8 | O68: 0 | V68: 0 | Y68: 206670.8
A69: =IFERROR(VLOOKUP(C69,'LT-EN'!$A:$B,2,FALSE)," ") -> 4.3. Insurance in case of death | B69: 62 | C69: 4.3. Draudimas mirties atveju | D69: 1430056 | E69: 1168057.5 | K69: 3444333.8 | N69: 1511703.2 | O69: 0 | T69: 1424204 | U69: 9710155.6 | V69: 14263310 | Y69: 32951820
A70: =IFERROR(VLOOKUP(C70,'LT-EN'!$A:$B,2,FALSE)," ") -> 4.4. Other life insurance | B70: 63 | C70: 4.4. Kitas gyvybės draudimas | K70: 0 | O70: 0 | V70: 0 | Y70: 0
A71: =IFERROR(VLOOKUP(C71,'LT-EN'!$A:$B,2,FALSE)," ")
A72: =IFERROR(VLOOKUP(C72,'LT-EN'!$A:$B,2,FALSE)," ")
A73: =IFERROR(VLOOKUP(C73,'LT-EN'!$A:$B,2,FALSE)," ")
A74: =IFERROR(VLOOKUP(C74,'LT-EN'!$A:$B,2,FALSE)," ")
A75: =IFERROR(VLOOKUP(C75,'LT-EN'!$A:$B,2,FALSE)," ")
A76: =IFERROR(VLOOKUP(C76,'LT-EN'!$A:$B,2,FALSE)," ")
A77: =IFERROR(VLOOKUP(C77,'LT-EN'!$A:$B,2,FALSE)," ")
A78: =IFERROR(VLOOKUP(C78,'LT-EN'!$A:$B,2,FALSE)," ")
A79: =IFERROR(VLOOKUP(C79,'LT-EN'!$A:$B,2,FALSE)," ")
A80: =IFERROR(VLOOKUP(C80,'LT-EN'!$A:$B,2,FALSE)," ")
A81: =IFERROR(VLOOKUP(C81,'LT-EN'!$A:$B,2,FALSE)," ")
A82: =IFERROR(VLOOKUP(C82,'LT-EN'!$A:$B,2,FALSE)," ")
... A390: =IFERROR(VLOOKUP(C390,'LT-EN'!$A:$B,2,FALSE)," ")

Sheet DSR6
A1: Single premiums, EUR | C1: Vienakartinės draudimo įmokos, Eur
A3: ='DSR1'!C3 -> 2026-08-31
B5: Draudimo įmokos vienkartinės, Eur
A6: Business lines / Insurers | B6: eil.nr | C6: Draudimo grupės / Draudikai | D6: Allianz Lietuva gyvybės draudimas | E6: Artea Life Insurance | F6: ATRADIUS filialas | G6: Balcia Insurance filialas | H6: Baltijas Apdrosinasanas Nams filialas | I6: BTA Insurance Company filialas | J6: COFACE filialas | K6: Compensa Life VIG filialas | L6: Compensa VIG | M6: ERGO Insurance filialas | N6: ERGO Life Insurance | O6: Gjensidige | P6: If P&C Insurance (publ) filialas | Q6: If P&C Insurance filialas | R6: Lamantinas | S6: Lietuvos draudimas | T6: PZU Lietuva gyvybės draudimas | U6: SEB Life and Pension Baltic filialas | V6: Swedbank Life Insurance filialas | W6: Swedbank P&C Insurance filialas | X6: Vereinigte Hagelversicherung filialas VH Lietuva | Y6: All
A7: =IFERROR(VLOOKUP(C7,'LT-EN'!$A:$B,2,FALSE)," ") -> ALL | B7: 0 | C7: Visos | D7: 23204565 | E7: 1478907.8 | F7: 0 | G7: 0 | H7: 0 | I7: 0 | J7: 0 | K7: 3708023 | L7: 0 | M7: 0 | N7: 1858925 | O7: 0 | P7: 0 | Q7: 0 | R7: 0 | S7: 0 | T7: 2282123 | U7: 0 | V7: 538899 | W7: 0 | X7: 0 | Y7: 33071443
A8: =IFERROR(VLOOKUP(C8,'LT-EN'!$A:$B,2,FALSE)," ") -> LIFE ASSURANCE | B8: 49 | C8: GYVYBĖS DRAUDIMAS | D8: 23204565 | E8: 1478907.8 | F8: 0 | G8: 0 | H8: 0 | I8: 0 | J8: 0 | K8: 3708023 | L8: 0 | M8: 0 | N8: 1858925 | O8: 0 | P8: 0 | Q8: 0 | R8: 0 | S8: 0 | T8: 2282123 | U8: 0 | V8: 538899 | W8: 0 | X8: 0 | Y8: 33071443
A9: =IFERROR(VLOOKUP(C9,'LT-EN'!$A:$B,2,FALSE)," ") -> 1. Health insurance | B9: 50 | C9: 1. Sveikatos draudimas | K9: 0 | N9: 0 | O9: 0 | T9: 0 | Y9: 0
A10: =IFERROR(VLOOKUP(C10,'LT-EN'!$A:$B,2,FALSE)," ") -> 2. Insurance with profit participation | B10: 51 | C10: 2. Draudimas su teise dalytis pelną | D10: 0 | E10: 100 | F10: 0 | G10: 0 | H10: 0 | I10: 0 | J10: 0 | K10: 32014.45 | L10: 0 | M10: 0 | N10: 0 | O10: 0 | P10: 0 | Q10: 0 | R10: 0 | S10: 0 | T10: 72052 | U10: 0 | V10: 0 | W10: 0 | X10: 0 | Y10: 104166.45
A11: =IFERROR(VLOOKUP(C11,'LT-EN'!$A:$B,2,FALSE)," ") -> 2.1. Insurance in case of survival | B11: 52 | C11: 2.1. Draudimas išgyvenimo atveju | E11: 100 | K11: 32014.45 | N11: 0 | O11: 0 | T11: 72052 | U11: 0 | V11: 0 | Y11: 104166.45
A12: =IFERROR(VLOOKUP(C12,'LT-EN'!$A:$B,2,FALSE)," ") -> 2.2. Annuities | B12: 53 | C12: 2.2. Anuitetai | E12: 0 | K12: 0 | N12: 0 | O12: 0 | Q12: 0 | U12: 0 | V12: 0 | Y12: 0
A13: =IFERROR(VLOOKUP(C13,'LT-EN'!$A:$B,2,FALSE)," ") -> 2.3.Insurance in case of death | B13: 54 | C13: 2.3. Draudimas mirties atveju | K13: 0 | O13: 0 | V13: 0 | Y13: 0
A14: =IFERROR(VLOOKUP(C14,'LT-EN'!$A:$B,2,FALSE)," ") -> 2.4. Other insurance with profit participation | B14: 55 | C14: 2.4. Kitas draudimas, suteikiantis teisę gauti pelno dalį | K14: 0 | O14: 0 | V14: 0 | Y14: 0
A15: =IFERROR(VLOOKUP(C15,'LT-EN'!$A:$B,2,FALSE)," ") -> 3. Index-linked and unit-linked insurance | B15: 56 | C15: 3. Su indeksu ir investiciniais vienetais susijęs draudimas | D15: 23204565 | E15: 1202293.4 | F15: 0 | G15: 0 | H15: 0 | I15: 0 | J15: 0 | K15: 3469337.8 | L15: 0 | M15: 0 | N15: 1858925 | O15: 0 | P15: 0 | Q15: 0 | R15: 0 | S15: 0 | T15: 2210071 | U15: 0 | V15: 538899 | W15: 0 | X15: 0 | Y15: 32484091
A16: =IFERROR(VLOOKUP(C16,'LT-EN'!$A:$B,2,FALSE)," ") -> 3.1. Index-linked and unit-linked insurance, when the insurance risk is significant | B16: 57 | C16: 3.1. Su indeksu ir investiciniais vienetais susijęs draudimas, kai draudimo rizika yra reikšminga | D16: 23204565 | E16: 333149.32 | K16: 0 | N16: 883399.54 | O16: 0 | T16: 1230778 | U16: 0 | V16: 0 | Y16: 25651892
A17: =IFERROR(VLOOKUP(C17,'LT-EN'!$A:$B,2,FALSE)," ") -> 3.2. Index-linked and unit-linked insurance, when the insurance risk is insignificant | B17: 58 | C17: 3.2. Su indeksu ir investiciniais vienetais susijęs draudimas, kai draudimo rizika yra nereikšminga | E17: 869144.05 | K17: 3469337.8 | N17: 975525.42 | O17: 0 | T17: 979293 | U17: 0 | V17: 538899 | Y17: 6832199.3
A18: =IFERROR(VLOOKUP(C18,'LT-EN'!$A:$B,2,FALSE)," ") -> 4. Other life insurance | B18: 59 | C18: 4. Kitas gyvybės draudimas | D18: 0 | E18: 276514.44 | F18: 0 | G18: 0 | H18: 0 | I18: 0 | J18: 0 | K18: 206670.8 | L18: 0 | M18: 0 | N18: 0 | O18: 0 | P18: 0 | Q18: 0 | R18: 0 | S18: 0 | T18: 0 | U18: 0 | V18: 0 | W18: 0 | X18: 0 | Y18: 483185.24
A19: =IFERROR(VLOOKUP(C19,'LT-EN'!$A:$B,2,FALSE)," ") -> 4.1. Insurance in case of survival | B19: 60 | C19: 4.1. Draudimas išgyvenimo atveju | K19: 0 | O19: 0 | V19: 0 | Y19: 0
A20: =IFERROR(VLOOKUP(C20,'LT-EN'!$A:$B,2,FALSE)," ") -> 4.2. Annuities | B20: 61 | C20: 4.2. Anuitetai | K20: 206670.8 | O20: 0 | V20: 0 | Y20: 206670.8
A21: =IFERROR(VLOOKUP(C21,'LT-EN'!$A:$B,2,FALSE)," ") -> 4.3. Insurance in case of death | B21: 62 | C21: 4.3. Draudimas mirties atveju | D21: 0 | E21: 276514.44 | K21: 0 | N21: 0 | O21: 0 | T21: 0 | U21: 0 | V21: 0 | Y21: 276514.44
A22: =IFERROR(VLOOKUP(C22,'LT-EN'!$A:$B,2,FALSE)," ") -> 4.4. Other life insurance | B22: 63 | C22: 4.4. Kitas gyvybės draudimas | K22: 0 | O22: 0 | V22: 0 | Y22: 0
A23: =IFERROR(VLOOKUP(C23,'LT-EN'!$A:$B,2,FALSE)," ")
A24: =IFERROR(VLOOKUP(C24,'LT-EN'!$A:$B,2,FALSE)," ")
A25: =IFERROR(VLOOKUP(C25,'LT-EN'!$A:$B,2,FALSE)," ")
A26: =IFERROR(VLOOKUP(C26,'LT-EN'!$A:$B,2,FALSE)," ")
A27: =IFERROR(VLOOKUP(C27,'LT-EN'!$A:$B,2,FALSE)," ")
A28: =IFERROR(VLOOKUP(C28,'LT-EN'!$A:$B,2,FALSE)," ")
A29: =IFERROR(VLOOKUP(C29,'LT-EN'!$A:$B,2,FALSE)," ")
A30: =IFERROR(VLOOKUP(C30,'LT-EN'!$A:$B,2,FALSE)," ")
A31: =IFERROR(VLOOKUP(C31,'LT-EN'!$A:$B,2,FALSE)," ")
A32: =IFERROR(VLOOKUP(C32,'LT-EN'!$A:$B,2,FALSE)," ")
A33: =IFERROR(VLOOKUP(C33,'LT-EN'!$A:$B,2,FALSE)," ")
A34: =IFERROR(VLOOKUP(C34,'LT-EN'!$A:$B,2,FALSE)," ")
... A81: =IFERROR(VLOOKUP(C81,'LT-EN'!$A:$B,2,FALSE)," ")

Sheet DSR7
A1: Insurance premiums with periodical payments, EUR | C1: Periodinės draudimo įmokos, Eur
A3: ='DSR1'!C3 -> 2026-08-31
B5: Draudimo įmokos periodinės, Eur
A6: Business lines / Insurers | B6: eil.nr | C6: Draudimo grupės / Draudikai | D6: Allianz Lietuva gyvybės draudimas | E6: Artea Life Insurance | F6: ATRADIUS filialas | G6: Balcia Insurance filialas | H6: Baltijas Apdrosinasanas Nams filialas | I6: BTA Insurance Company filialas | J6: COFACE filialas | K6: Compensa Life VIG filialas | L6: Compensa VIG | M6: ERGO Insurance filialas | N6: ERGO Life Insurance | O6: Gjensidige | P6: If P&C Insurance (publ) filialas | Q6: If P&C Insurance filialas | R6: Lamantinas | S6: Lietuvos draudimas | T6: PZU Lietuva gyvybės draudimas | U6: SEB Life and Pension Baltic filialas | V6: Swedbank Life Insurance filialas | W6: Swedbank P&C Insurance filialas | X6: Vereinigte Hagelversicherung filialas VH Lietuva | Y6: All
A7: =IFERROR(VLOOKUP(C7,'LT-EN'!$A:$B,2,FALSE)," ") -> ALL | B7: 0 | C7: Visos | D7: 49105574 | E7: 22178898 | F7: 0 | G7: 0 | H7: 0 | I7: 0 | J7: 0 | K7: 57976759 | L7: 0 | M7: 0 | N7: 16950779 | O7: 0 | P7: 0 | Q7: 0 | R7: 0 | S7: 0 | T7: 19305136 | U7: 53708234 | V7: 57775941 | W7: 0 | X7: 0 | Y7: 2.7700132e+08
A8: =IFERROR(VLOOKUP(C8,'LT-EN'!$A:$B,2,FALSE)," ") -> LIFE ASSURANCE | B8: 49 | C8: GYVYBĖS DRAUDIMAS | D8: 49105574 | E8: 22178898 | F8: 0 | G8: 0 | H8: 0 | I8: 0 | J8: 0 | K8: 57976759 | L8: 0 | M8: 0 | N8: 16950779 | O8: 0 | P8: 0 | Q8: 0 | R8: 0 | S8: 0 | T8: 19305136 | U8: 53708234 | V8: 57775941 | W8: 0 | X8: 0 | Y8: 2.7700132e+08
A9: =IFERROR(VLOOKUP(C9,'LT-EN'!$A:$B,2,FALSE)," ") -> 1. Health insurance | B9: 50 | C9: 1. Sveikatos draudimas | K9: 301800.36 | N9: 2144745.1 | O9: 0 | T9: 0 | Y9: 2446545.5
A10: =IFERROR(VLOOKUP(C10,'LT-EN'!$A:$B,2,FALSE)," ") -> 2. Insurance with profit participation | B10: 51 | C10: 2. Draudimas su teise dalytis pelną | D10: 0 | E10: 764977.18 | F10: 0 | G10: 0 | H10: 0 | I10: 0 | J10: 0 | K10: 10455824 | L10: 0 | M10: 0 | N10: 2643548.2 | O10: 0 | P10: 0 | Q10: 0 | R10: 0 | S10: 0 | T10: 3174642 | U10: 30469.15 | V10: 222078 | W10: 0 | X10: 0 | Y10: 17291538
A11: =IFERROR(VLOOKUP(C11,'LT-EN'!$A:$B,2,FALSE)," ") -> 2.1. Insurance in case of survival | B11: 52 | C11: 2.1. Draudimas išgyvenimo atveju | E11: 656026.23 | K11: 10455824 | N11: 2203983.4 | O11: 0 | T11: 3174642 | U11: 30469.15 | V11: 221705 | Y11: 16742650
A12: =IFERROR(VLOOKUP(C12,'LT-EN'!$A:$B,2,FALSE)," ") -> 2.2. Annuities | B12: 53 | C12: 2.2. Anuitetai | E12: 108950.95 | K12: 0 | N12: 439564.81 | O12: 0 | Q12: 0 | U12: 0 | V12: 0 | Y12: 548515.76
A13: =IFERROR(VLOOKUP(C13,'LT-EN'!$A:$B,2,FALSE)," ") -> 2.3.Insurance in case of death | B13: 54 | C13: 2.3. Draudimas mirties atveju | K13: 0 | O13: 0 | V13: 0 | Y13: 0
A14: =IFERROR(VLOOKUP(C14,'LT-EN'!$A:$B,2,FALSE)," ") -> 2.4. Other insurance with profit participation | B14: 55 | C14: 2.4. Kitas draudimas, suteikiantis teisę gauti pelno dalį | K14: 0 | O14: 0 | V14: 373 | Y14: 373
A15: =IFERROR(VLOOKUP(C15,'LT-EN'!$A:$B,2,FALSE)," ") -> 3. Index-linked and unit-linked insurance | B15: 56 | C15: 3. Su indeksu ir investiciniais vienetais susijęs draudimas | D15: 47675518 | E15: 20522378 | F15: 0 | G15: 0 | H15: 0 | I15: 0 | J15: 0 | K15: 43774801 | L15: 0 | M15: 0 | N15: 10650782 | O15: 0 | P15: 0 | Q15: 0 | R15: 0 | S15: 0 | T15: 14706290 | U15: 43967610 | V15: 43290553 | W15: 0 | X15: 0 | Y15: 2.2458793e+08
A16: =IFERROR(VLOOKUP(C16,'LT-EN'!$A:$B,2,FALSE)," ") -> 3.1. Index-linked and unit-linked insurance, when the insurance risk is significant | B16: 57 | C16: 3.1. Su indeksu ir investiciniais vienetais susijęs draudimas, kai draudimo rizika yra reikšminga | D16: 47675518 | E16: 15514287 | K16: 0 | N16: 8257485 | O16: 0 | T16: 13375734 | U16: 10592885 | V16: 41564868 | Y16: 1.3698078e+08
A17: =IFERROR(VLOOKUP(C17,'LT-EN'!$A:$B,2,FALSE)," ") -> 3.2. Index-linked and unit-linked insurance, when the insurance risk is insignificant | B17: 58 | C17: 3.2. Su indeksu ir investiciniais vienetais susijęs draudimas, kai draudimo rizika yra nereikšminga | E17: 5008090.2 | K17: 43774801 | N17: 2393297 | O17: 0 | T17: 1330556 | U17: 33374725 | V17: 1725685 | Y17: 87607154
A18: =IFERROR(VLOOKUP(C18,'LT-EN'!$A:$B,2,FALSE)," ") -> 4. Other life insurance | B18: 59 | C18: 4. Kitas gyvybės draudimas | D18: 1430056 | E18: 891543.09 | F18: 0 | G18: 0 | H18: 0 | I18: 0 | J18: 0 | K18: 3444333.8 | L18: 0 | M18: 0 | N18: 1511703.2 | O18: 0 | P18: 0 | Q18: 0 | R18: 0 | S18: 0 | T18: 1424204 | U18: 9710155.6 | V18: 14263310 | W18: 0 | X18: 0 | Y18: 32675306
A19: =IFERROR(VLOOKUP(C19,'LT-EN'!$A:$B,2,FALSE)," ") -> 4.1. Insurance in case of survival | B19: 60 | C19: 4.1. Draudimas išgyvenimo atveju | K19: 0 | O19: 0 | V19: 0 | Y19: 0
A20: =IFERROR(VLOOKUP(C20,'LT-EN'!$A:$B,2,FALSE)," ") -> 4.2. Annuities | B20: 61 | C20: 4.2. Anuitetai | K20: 0 | O20: 0 | V20: 0 | Y20: 0
A21: =IFERROR(VLOOKUP(C21,'LT-EN'!$A:$B,2,FALSE)," ") -> 4.3. Insurance in case of death | B21: 62 | C21: 4.3. Draudimas mirties atveju | D21: 1430056 | E21: 891543.09 | K21: 3444333.8 | N21: 1511703.2 | O21: 0 | T21: 1424204 | U21: 9710155.6 | V21: 14263310 | Y21: 32675306
A22: =IFERROR(VLOOKUP(C22,'LT-EN'!$A:$B,2,FALSE)," ") -> 4.4. Other life insurance | B22: 63 | C22: 4.4. Kitas gyvybės draudimas | K22: 0 | O22: 0 | V22: 0 | Y22: 0
A23: =IFERROR(VLOOKUP(C23,'LT-EN'!$A:$B,2,FALSE)," ")
A24: =IFERROR(VLOOKUP(C24,'LT-EN'!$A:$B,2,FALSE)," ")
A25: =IFERROR(VLOOKUP(C25,'LT-EN'!$A:$B,2,FALSE)," ")
A26: =IFERROR(VLOOKUP(C26,'LT-EN'!$A:$B,2,FALSE)," ")
A27: =IFERROR(VLOOKUP(C27,'LT-EN'!$A:$B,2,FALSE)," ")
A28: =IFERROR(VLOOKUP(C28,'LT-EN'!$A:$B,2,FALSE)," ")
A29: =IFERROR(VLOOKUP(C29,'LT-EN'!$A:$B,2,FALSE)," ")
A30: =IFERROR(VLOOKUP(C30,'LT-EN'!$A:$B,2,FALSE)," ")
A31: =IFERROR(VLOOKUP(C31,'LT-EN'!$A:$B,2,FALSE)," ")
A32: =IFERROR(VLOOKUP(C32,'LT-EN'!$A:$B,2,FALSE)," ")
A33: =IFERROR(VLOOKUP(C33,'LT-EN'!$A:$B,2,FALSE)," ")
A34: =IFERROR(VLOOKUP(C34,'LT-EN'!$A:$B,2,FALSE)," ")
... A237: =IFERROR(VLOOKUP(C237,'LT-EN'!$A:$B,2,FALSE)," ")

Sheet DSR8
A1: Annual premiums under new concluded contracts with the established a periodical payment of premiums, EUR | C1: Periodinės metų įmokos pagal sudarytas naujas sutartis, Eur
A3: ='DSR1'!C3 -> 2026-08-31
B5: Periodinės metų įmokos pagal sudarytas naujas sutartis, Eur
A6: Business lines / Insurers | B6: eil.nr | C6: Draudimo grupės / Draudikai | D6: Allianz Lietuva gyvybės draudimas | E6: Artea Life Insurance | F6: ATRADIUS filialas | G6: Balcia Insurance filialas | H6: Baltijas Apdrosinasanas Nams filialas | I6: BTA Insurance Company filialas | J6: COFACE filialas | K6: Compensa Life VIG filialas | L6: Compensa VIG | M6: ERGO Insurance filialas | N6: ERGO Life Insurance | O6: Gjensidige | P6: If P&C Insurance (publ) filialas | Q6: If P&C Insurance filialas | R6: Lamantinas | S6: Lietuvos draudimas | T6: PZU Lietuva gyvybės draudimas | U6: SEB Life and Pension Baltic filialas | V6: Swedbank Life Insurance filialas | W6: Swedbank P&C Insurance filialas | X6: Vereinigte Hagelversicherung filialas VH Lietuva | Y6: All
A7: =IFERROR(VLOOKUP(C7,'LT-EN'!$A:$B,2,FALSE)," ") -> ALL | B7: 0 | C7: Visos | D7: 10546260 | E7: 2514036.6 | F7: 0 | G7: 0 | H7: 0 | I7: 0 | J7: 0 | K7: 5695729 | L7: 0 | M7: 0 | N7: 2853327.5 | O7: 0 | P7: 0 | Q7: 0 | R7: 0 | S7: 0 | T7: 2535743 | U7: 10302539 | V7: 4077460 | W7: 0 | X7: 0 | Y7: 38525095
A8: =IFERROR(VLOOKUP(C8,'LT-EN'!$A:$B,2,FALSE)," ") -> LIFE ASSURANCE | B8: 49 | C8: GYVYBĖS DRAUDIMAS | D8: 10546260 | E8: 2514036.6 | F8: 0 | G8: 0 | H8: 0 | I8: 0 | J8: 0 | K8: 5695729 | L8: 0 | M8: 0 | N8: 2853327.5 | O8: 0 | P8: 0 | Q8: 0 | R8: 0 | S8: 0 | T8: 2535743 | U8: 10302539 | V8: 4077460 | W8: 0 | X8: 0 | Y8: 38525095
A9: =IFERROR(VLOOKUP(C9,'LT-EN'!$A:$B,2,FALSE)," ") -> 1. Health insurance | B9: 50 | C9: 1. Sveikatos draudimas | K9: 83407.93 | N9: 1127551.4 | O9: 0 | Y9: 1210959.3
A10: =IFERROR(VLOOKUP(C10,'LT-EN'!$A:$B,2,FALSE)," ") -> 2. Insurance with profit participation | B10: 51 | C10: 2. Draudimas su teise dalytis pelną | D10: 0 | E10: 0 | F10: 0 | G10: 0 | H10: 0 | I10: 0 | J10: 0 | K10: 37052.22 | L10: 0 | M10: 0 | N10: 0 | O10: 0 | P10: 0 | Q10: 0 | R10: 0 | S10: 0 | T10: 0 | U10: 0 | V10: 0 | W10: 0 | X10: 0 | Y10: 37052.22
A11: =IFERROR(VLOOKUP(C11,'LT-EN'!$A:$B,2,FALSE)," ") -> 2.1. Insurance in case of survival | B11: 52 | C11: 2.1. Draudimas išgyvenimo atveju | E11: 0 | K11: 37052.22 | N11: 0 | O11: 0 | T11: 0 | V11: 0 | Y11: 37052.22
A12: =IFERROR(VLOOKUP(C12,'LT-EN'!$A:$B,2,FALSE)," ") -> 2.2. Annuities | B12: 53 | C12: 2.2. Anuitetai | E12: 0 | K12: 0 | N12: 0 | O12: 0 | Q12: 0 | V12: 0 | Y12: 0
A13: =IFERROR(VLOOKUP(C13,'LT-EN'!$A:$B,2,FALSE)," ") -> 2.3.Insurance in case of death | B13: 54 | C13: 2.3. Draudimas mirties atveju | K13: 0 | O13: 0 | V13: 0 | Y13: 0
A14: =IFERROR(VLOOKUP(C14,'LT-EN'!$A:$B,2,FALSE)," ") -> 2.4. Other insurance with profit participation | B14: 55 | C14: 2.4. Kitas draudimas, suteikiantis teisę gauti pelno dalį | K14: 0 | O14: 0 | V14: 0 | Y14: 0
A15: =IFERROR(VLOOKUP(C15,'LT-EN'!$A:$B,2,FALSE)," ") -> 3. Index-linked and unit-linked insurance | B15: 56 | C15: 3. Su indeksu ir investiciniais vienetais susijęs draudimas | D15: 9746057 | E15: 2153076 | F15: 0 | G15: 0 | H15: 0 | I15: 0 | J15: 0 | K15: 4029538 | L15: 0 | M15: 0 | N15: 1067396 | O15: 0 | P15: 0 | Q15: 0 | R15: 0 | S15: 0 | T15: 1894575 | U15: 9291344.8 | V15: 2031981 | W15: 0 | X15: 0 | Y15: 30213968
A16: =IFERROR(VLOOKUP(C16,'LT-EN'!$A:$B,2,FALSE)," ") -> 3.1. Index-linked and unit-linked insurance, when the insurance risk is significant | B16: 57 | C16: 3.1. Su indeksu ir investiciniais vienetais susijęs draudimas, kai draudimo rizika yra reikšminga | D16: 9746057 | E16: 1574796 | K16: 0 | N16: 698708 | O16: 0 | T16: 1780919 | U16: 0 | V16: 1864581 | Y16: 15665061
A17: =IFERROR(VLOOKUP(C17,'LT-EN'!$A:$B,2,FALSE)," ") -> 3.2. Index-linked and unit-linked insurance, when the insurance risk is insignificant | B17: 58 | C17: 3.2. Su indeksu ir investiciniais vienetais susijęs draudimas, kai draudimo rizika yra nereikšminga | E17: 578280 | K17: 4029538 | N17: 368688 | O17: 0 | T17: 113656 | U17: 9291344.8 | V17: 167400 | Y17: 14548907
A18: =IFERROR(VLOOKUP(C18,'LT-EN'!$A:$B,2,FALSE)," ") -> 4. Other life insurance | B18: 59 | C18: 4. Kitas gyvybės draudimas | D18: 800203 | E18: 360960.6 | F18: 0 | G18: 0 | H18: 0 | I18: 0 | J18: 0 | K18: 1545730.8 | L18: 0 | M18: 0 | N18: 658380.13 | O18: 0 | P18: 0 | Q18: 0 | R18: 0 | S18: 0 | T18: 641168 | U18: 1011194 | V18: 2045479 | W18: 0 | X18: 0 | Y18: 7063115.6
A19: =IFERROR(VLOOKUP(C19,'LT-EN'!$A:$B,2,FALSE)," ") -> 4.1. Insurance in case of survival | B19: 60 | C19: 4.1. Draudimas išgyvenimo atveju | K19: 0 | O19: 0 | V19: 0 | Y19: 0
A20: =IFERROR(VLOOKUP(C20,'LT-EN'!$A:$B,2,FALSE)," ") -> 4.2. Annuities | B20: 61 | C20: 4.2. Anuitetai | K20: 0 | O20: 0 | V20: 0 | Y20: 0
A21: =IFERROR(VLOOKUP(C21,'LT-EN'!$A:$B,2,FALSE)," ") -> 4.3. Insurance in case of death | B21: 62 | C21: 4.3. Draudimas mirties atveju | D21: 800203 | E21: 360960.6 | K21: 1545730.8 | N21: 658380.13 | O21: 0 | T21: 641168 | U21: 1011194 | V21: 2045479 | Y21: 7063115.6
A22: =IFERROR(VLOOKUP(C22,'LT-EN'!$A:$B,2,FALSE)," ") -> 4.4. Other life insurance | B22: 63 | C22: 4.4. Kitas gyvybės draudimas | K22: 0 | O22: 0 | V22: 0 | Y22: 0
A23: =IFERROR(VLOOKUP(C23,'LT-EN'!$A:$B,2,FALSE)," ")
A24: =IFERROR(VLOOKUP(C24,'LT-EN'!$A:$B,2,FALSE)," ")
A25: =IFERROR(VLOOKUP(C25,'LT-EN'!$A:$B,2,FALSE)," ")
A26: =IFERROR(VLOOKUP(C26,'LT-EN'!$A:$B,2,FALSE)," ")
A27: =IFERROR(VLOOKUP(C27,'LT-EN'!$A:$B,2,FALSE)," ")
A28: =IFERROR(VLOOKUP(C28,'LT-EN'!$A:$B,2,FALSE)," ")
A29: =IFERROR(VLOOKUP(C29,'LT-EN'!$A:$B,2,FALSE)," ")
A30: =IFERROR(VLOOKUP(C30,'LT-EN'!$A:$B,2,FALSE)," ")
A31: =IFERROR(VLOOKUP(C31,'LT-EN'!$A:$B,2,FALSE)," ")
A32: =IFERROR(VLOOKUP(C32,'LT-EN'!$A:$B,2,FALSE)," ")
A33: =IFERROR(VLOOKUP(C33,'LT-EN'!$A:$B,2,FALSE)," ")
A34: =IFERROR(VLOOKUP(C34,'LT-EN'!$A:$B,2,FALSE)," ")
... A75: =IFERROR(VLOOKUP(C75,'LT-EN'!$A:$B,2,FALSE)," ")

Sheet DSR10
A1: Claims paid for insurance losses, units | C1: Išmokos draudimo žaloms padengti, vnt.
A3: ='DSR1'!C3 -> 2026-08-31
B5: Išmokos draudimo žaloms padengti, vnt.
A6: Business lines / Insurers | B6: eil.nr | C6: Draudimo grupės / Draudikai | D6: Allianz Lietuva gyvybės draudimas | E6: Artea Life Insurance | F6: ATRADIUS filialas | G6: Balcia Insurance filialas | H6: Baltijas Apdrosinasanas Nams filialas | I6: BTA Insurance Company filialas | J6: COFACE filialas | K6: Compensa Life VIG filialas | L6: Compensa VIG | M6: ERGO Insurance filialas | N6: ERGO Life Insurance | O6: Gjensidige | P6: If P&C Insurance (publ) filialas | Q6: If P&C Insurance filialas | R6: Lamantinas | S6: Lietuvos draudimas | T6: PZU Lietuva gyvybės draudimas | U6: SEB Life and Pension Baltic filialas | V6: Swedbank Life Insurance filialas | W6: Swedbank P&C Insurance filialas | X6: Vereinigte Hagelversicherung filialas VH Lietuva | Y6: All
A7: =IFERROR(VLOOKUP(C7,'LT-EN'!$A:$B,2,FALSE)," ") -> ALL | B7: 0 | C7: Visos | D7: 4749 | E7: 2086 | F7: 0 | G7: 12396 | H7: 100 | I7: 263468 | J7: 188 | K7: 764848 | L7: 139109 | M7: 40429 | N7: 23262 | O7: 120699 | P7: 0 | Q7: 21720 | R7: 0 | S7: 316009 | T7: 2145 | U7: 6396 | V7: 2690 | W7: 29663 | X7: 1614 | Y7: 1751571
A8: =IFERROR(VLOOKUP(C8,'LT-EN'!$A:$B,2,FALSE)," ") -> NON-LIFE INSURANCE | B8: 1 | C8: NE GYVYBĖS DRAUDIMAS | D8: 0 | E8: 0 | F8: 0 | G8: 12396 | H8: 100 | I8: 263468 | J8: 188 | K8: 758252 | L8: 139109 | M8: 40429 | N8: 21200 | O8: 120699 | P8: 0 | Q8: 21720 | R8: 0 | S8: 316009 | T8: 0 | U8: 2945 | V8: 0 | W8: 29663 | X8: 1614 | Y8: 1727792
A9: =IFERROR(VLOOKUP(C9,'LT-EN'!$A:$B,2,FALSE)," ") -> 1. Medical expense insurance | B9: 2 | C9: 1. Medicininių išlaidų draudimas | D9: 0 | E9: 0 | F9: 0 | G9: 591 | H9: 0 | I9: 214588 | J9: 0 | K9: 758252 | L9: 105931 | M9: 1095 | N9: 21200 | O9: 101145 | P9: 0 | Q9: 522 | R9: 0 | S9: 209584 | T9: 0 | U9: 0 | V9: 0 | W9: 1949 | X9: 0 | Y9: 1414857
A10: =IFERROR(VLOOKUP(C10,'LT-EN'!$A:$B,2,FALSE)," ") -> 1.1. Supplementary voluntary health insurance | B10: 3 | C10: 1.1. Papildomasis savanoriškasis sveikatos draudimas | D10: 0 | E10: 0 | F10: 0 | G10: 0 | H10: 0 | I10: 212487 | J10: 0 | K10: 758252 | L10: 104607 | M10: 0 | N10: 21200 | O10: 100316 | P10: 0 | Q10: 0 | R10: 0 | S10: 207546 | T10: 0 | U10: 0 | V10: 0 | W10: 0 | X10: 0 | Y10: 1404408
A11: =IFERROR(VLOOKUP(C11,'LT-EN'!$A:$B,2,FALSE)," ") -> 1.1.1. Policyholders - legal persons | B11: 4 | C11: 1.1.1. Draudėjai - juridiniai asmenys | H11: 0 | I11: 206288 | K11: 758252 | L11: 104272 | N11: 20809 | O11: 99877 | Q11: 0 | S11: 175810 | Y11: 1365308
A12: =IFERROR(VLOOKUP(C12,'LT-EN'!$A:$B,2,FALSE)," ") -> 1.1.2. Policyholders - natural persons | B12: 5 | C12: 1.1.2. Draudėjai - fiziniai asmenys | H12: 0 | I12: 6199 | L12: 335 | N12: 391 | O12: 439 | Q12: 0 | S12: 31736 | Y12: 39100
A13: =IFERROR(VLOOKUP(C13,'LT-EN'!$A:$B,2,FALSE)," ") -> 1.2. Other | B13: 6 | C13: 1.2. Kita | D13: 0 | E13: 0 | F13: 0 | G13: 591 | H13: 0 | I13: 2101 | J13: 0 | K13: 0 | L13: 1324 | M13: 1095 | N13: 0 | O13: 829 | P13: 0 | Q13: 522 | R13: 0 | S13: 2038 | T13: 0 | U13: 0 | V13: 0 | W13: 1949 | X13: 0 | Y13: 10449
A14: =IFERROR(VLOOKUP(C14,'LT-EN'!$A:$B,2,FALSE)," ") -> 1.2.1. Policyholders - legal persons | B14: 7 | C14: 1.2.1. Draudėjai - juridiniai asmenys | G14: 110 | H14: 0 | I14: 649 | L14: 867 | M14: 295 | O14: 22 | Q14: 52 | S14: 1139 | Y14: 3134
A15: =IFERROR(VLOOKUP(C15,'LT-EN'!$A:$B,2,FALSE)," ") -> 1.2.2. Policyholders - natural persons | B15: 8 | C15: 1.2.2. Draudėjai - fiziniai asmenys | G15: 481 | H15: 0 | I15: 1452 | L15: 457 | M15: 800 | O15: 807 | Q15: 470 | S15: 899 | W15: 1949 | Y15: 7315
A16: =IFERROR(VLOOKUP(C16,'LT-EN'!$A:$B,2,FALSE)," ") -> 2. Income protection insurance | B16: 9 | C16: 2. Pajamų apsaugos draudimas | D16: 0 | E16: 0 | F16: 0 | G16: 1294 | H16: 0 | I16: 5955 | J16: 0 | K16: 0 | L16: 3170 | M16: 5332 | N16: 0 | O16: 2631 | P16: 0 | Q16: 987 | R16: 0 | S16: 12600 | T16: 0 | U16: 2945 | V16: 0 | W16: 1378 | X16: 0 | Y16: 36292
A17: =IFERROR(VLOOKUP(C17,'LT-EN'!$A:$B,2,FALSE)," ") -> 2.1. Policyholders - legal persons | B17: 10 | C17: 2.1. Draudėjai - juridiniai asmenys | G17: 534 | H17: 0 | I17: 1006 | L17: 1080 | M17: 1050 | O17: 489 | Q17: 663 | S17: 1158 | U17: 2945 | Y17: 8925
A18: =IFERROR(VLOOKUP(C18,'LT-EN'!$A:$B,2,FALSE)," ") -> 2.2. Policyholders - natural persons | B18: 11 | C18: 2.2. Draudėjai - fiziniai asmenys | G18: 760 | H18: 0 | I18: 4949 | L18: 2090 | M18: 4282 | O18: 2142 | Q18: 324 | S18: 11442 | W18: 1378 | Y18: 27367
A19: =IFERROR(VLOOKUP(C19,'LT-EN'!$A:$B,2,FALSE)," ") -> 3. Workers' compensation insurance | B19: 12 | C19: 3. Nelaimingų atsitikimų darbe draudimas | H19: 0 | I19: 0 | L19: 0 | O19: 0 | Q19: 0 | S19: 0 | Y19: 0
A20: =IFERROR(VLOOKUP(C20,'LT-EN'!$A:$B,2,FALSE)," ") -> 4. Motor vehicle liability insurance | B20: 13 | C20: 4. Motorinių transporto priemonių valdytojų civilinės atsakomybės draudimas | D20: 0 | E20: 0 | F20: 0 | G20: 5850 | H20: 100 | I20: 14379 | J20: 0 | K20: 0 | L20: 10552 | M20: 14695 | N20: 0 | O20: 8588 | P20: 0 | Q20: 4947 | R20: 0 | S20: 25427 | T20: 0 | U20: 0 | V20: 0 | W20: 1900 | X20: 0 | Y20: 86438
A21: =IFERROR(VLOOKUP(C21,'LT-EN'!$A:$B,2,FALSE)," ") -> 4.1. Liability arising out of the use of motor vehicles operating on the land insurance | B21: 14 | C21: 4.1. Sausumos transporto priemonių valdytojų civilinės atsakomybės draudimas | D21: 0 | E21: 0 | F21: 0 | G21: 5850 | H21: 100 | I21: 14345 | J21: 0 | K21: 0 | L21: 10552 | M21: 14620 | N21: 0 | O21: 8572 | P21: 0 | Q21: 4884 | R21: 0 | S21: 25377 | T21: 0 | U21: 0 | V21: 0 | W21: 1900 | X21: 0 | Y21: 86200
A22: =IFERROR(VLOOKUP(C22,'LT-EN'!$A:$B,2,FALSE)," ") -> 4.1.1. Policyholders - legal persons | B22: 15 | C22: 4.1.1. Draudėjai - juridiniai asmenys | G22: 2572 | H22: 0 | I22: 5988 | L22: 2201 | M22: 5278 | O22: 1538 | Q22: 2642 | S22: 7331 | W22: 79 | Y22: 27629
A23: =IFERROR(VLOOKUP(C23,'LT-EN'!$A:$B,2,FALSE)," ") -> 4.1.2. Policyholders - natural persons | B23: 16 | C23: 4.1.2. Draudėjai - fiziniai asmenys | G23: 3278 | H23: 100 | I23: 8357 | L23: 8351 | M23: 9342 | O23: 7034 | Q23: 2242 | S23: 18046 | W23: 1821 | Y23: 58571
A24: =IFERROR(VLOOKUP(C24,'LT-EN'!$A:$B,2,FALSE)," ") -> 4.2. Carrier third party liability (CMR) insurance | B24: 17 | C24: 4.2. Vežėjų civilinės atsakomybės draudimas | H24: 0 | I24: 34 | L24: 0 | M24: 75 | O24: 16 | Q24: 63 | S24: 48 | Y24: 236
A25: =IFERROR(VLOOKUP(C25,'LT-EN'!$A:$B,2,FALSE)," ") -> 4.3. Liability arising out of use railway rolling stock insurance | B25: 18 | C25: 4.3. Geležinkelių transporto priemonių valdytojų civilinės atsakomybės draudimas | H25: 0 | I25: 0 | L25: 0 | O25: 0 | Q25: 0 | S25: 2 | Y25: 2
A26: =IFERROR(VLOOKUP(C26,'LT-EN'!$A:$B,2,FALSE)," ") -> 5. Other motor insurance | B26: 19 | C26: 5. Kitas transporto priemonių draudimas | D26: 0 | E26: 0 | F26: 0 | G26: 2888 | H26: 0 | I26: 14639 | J26: 0 | K26: 0 | L26: 12165 | M26: 13106 | N26: 0 | O26: 3997 | P26: 0 | Q26: 9553 | R26: 0 | S26: 27814 | T26: 0 | U26: 0 | V26: 0 | W26: 5366 | X26: 0 | Y26: 89528
A27: =IFERROR(VLOOKUP(C27,'LT-EN'!$A:$B,2,FALSE)," ") -> 5.1. Land vehicles other than railway rolling stock insurance | B27: 20 | C27: 5.1. Sausumos transporto priemonių, išskyrus geležinkelio transporto priemones, draudimas | D27: 0 | E27: 0 | F27: 0 | G27: 2888 | H27: 0 | I27: 14637 | J27: 0 | K27: 0 | L27: 12165 | M27: 13106 | N27: 0 | O27: 3997 | P27: 0 | Q27: 9553 | R27: 0 | S27: 27798 | T27: 0 | U27: 0 | V27: 0 | W27: 5366 | X27: 0 | Y27: 89510
A28: =IFERROR(VLOOKUP(C28,'LT-EN'!$A:$B,2,FALSE)," ") -> 5.1.1. Policyholders - legal persons | B28: 21 | C28: 5.1.1. Draudėjai - juridiniai asmenys | G28: 663 | H28: 0 | I28: 6549 | L28: 4106 | M28: 4922 | O28: 1429 | Q28: 4384 | S28: 12245 | W28: 634 | Y28: 34932
A29: =IFERROR(VLOOKUP(C29,'LT-EN'!$A:$B,2,FALSE)," ") -> 5.1.2. Policyholders - natural persons | B29: 22 | C29: 5.1.2. Draudėjai - fiziniai asmenys | G29: 2225 | H29: 0 | I29: 8088 | L29: 8059 | M29: 8184 | O29: 2568 | Q29: 5169 | S29: 15553 | W29: 4732 | Y29: 54578
A30: =IFERROR(VLOOKUP(C30,'LT-EN'!$A:$B,2,FALSE)," ") -> 5.2. Railway rolling stock insurance | B30: 23 | C30: 5.2. Geležinkelio transporto priemonių draudimas | H30: 0 | I30: 2 | L30: 0 | O30: 0 | Q30: 0 | S30: 16 | Y30: 18
A31: =IFERROR(VLOOKUP(C31,'LT-EN'!$A:$B,2,FALSE)," ") -> 6. Marine, aviation and transport insurance | B31: 24 | C31: 6. Jūrų, oro ir sausumos transporto priemonių draudimas | D31: 0 | E31: 0 | F31: 0 | G31: 0 | H31: 0 | I31: 7 | J31: 0 | K31: 0 | L31: 41 | M31: 30 | N31: 0 | O31: 6 | P31: 0 | Q31: 19 | R31: 0 | S31: 24 | T31: 0 | U31: 0 | V31: 0 | W31: 0 | X31: 0 | Y31: 127
A32: =IFERROR(VLOOKUP(C32,'LT-EN'!$A:$B,2,FALSE)," ") -> 6.1. Liability arising out of use of ships (sea and internal waters) insurance | B32: 25 | C32: 6.1. Laivų (jūrų ir vidaus vandenų) valdytojų civilinės atsakomybės draudimas | H32: 0 | I32: 0 | L32: 0 | O32: 0 | Q32: 0 | S32: 0 | Y32: 0
A33: =IFERROR(VLOOKUP(C33,'LT-EN'!$A:$B,2,FALSE)," ") -> 6.2. Ships (sea and internal waters) insurance | B33: 26 | C33: 6.2. Laivų (jūrų ir vidaus vandenų) draudimas | H33: 0 | I33: 1 | L33: 0 | M33: 6 | O33: 2 | Q33: 1 | S33: 3 | Y33: 13
A34: =IFERROR(VLOOKUP(C34,'LT-EN'!$A:$B,2,FALSE)," ") -> 6.3. Liability arising out of the use of aircraft insurance | B34: 27 | C34: 6.3. Skraidymo aparatų valdytojų civilinės atsakomybės draudimas | H34: 0 | I34: 0 | L34: 0 | O34: 0 | Q34: 0 | S34: 0 | Y34: 0
A35: =IFERROR(VLOOKUP(C35,'LT-EN'!$A:$B,2,FALSE)," ") -> 6.4. Aircraft insurance | B35: 28 | C35: 6.4. Skraidymo aparatų draudimas | H35: 0 | I35: 0 | L35: 0 | O35: 0 | Q35: 0 | S35: 0 | Y35: 0
A36: =IFERROR(VLOOKUP(C36,'LT-EN'!$A:$B,2,FALSE)," ") -> 6.5. Goods in transit insurance | B36: 29 | C36: 6.5. Vežamų krovinių draudimas | H36: 0 | I36: 6 | L36: 41 | M36: 24 | O36: 4 | Q36: 18 | S36: 21 | Y36: 114
A37: =IFERROR(VLOOKUP(C37,'LT-EN'!$A:$B,2,FALSE)," ") -> 7. Fire and other damage to property insurance | B37: 30 | C37: 7. Draudimas nuo gaisro ir kitos žalos, padarytos turtui | D37: 0 | E37: 0 | F37: 0 | G37: 1585 | H37: 0 | I37: 5591 | J37: 0 | K37: 0 | L37: 5232 | M37: 5594 | N37: 0 | O37: 3766 | P37: 0 | Q37: 5408 | R37: 0 | S37: 38724 | T37: 0 | U37: 0 | V37: 0 | W37: 14793 | X37: 1614 | Y37: 82307
A38: =IFERROR(VLOOKUP(C38,'LT-EN'!$A:$B,2,FALSE)," ") -> 7.1. Crop insurance | B38: 31 | C38: 7.1. Pasėlių draudimas | H38: 0 | I38: 49 | L38: 4 | O38: 0 | Q38: 0 | S38: 0 | X38: 1614 | Y38: 1667
A39: =IFERROR(VLOOKUP(C39,'LT-EN'!$A:$B,2,FALSE)," ") -> 7.2. Livestock insurance | B39: 32 | C39: 7.2. Gyvūnų draudimas | H39: 0 | I39: 64 | L39: 0 | M39: 36 | O39: 2 | Q39: 0 | S39: 383 | Y39: 485
A40: =IFERROR(VLOOKUP(C40,'LT-EN'!$A:$B,2,FALSE)," ") -> 7.3. Other property insurance | B40: 33 | C40: 7.3. Kitas turto draudimas | D40: 0 | E40: 0 | F40: 0 | G40: 1585 | H40: 0 | I40: 5478 | J40: 0 | K40: 0 | L40: 5228 | M40: 5558 | N40: 0 | O40: 3764 | P40: 0 | Q40: 5408 | R40: 0 | S40: 38341 | T40: 0 | U40: 0 | V40: 0 | W40: 14793 | X40: 0 | Y40: 80155
A41: =IFERROR(VLOOKUP(C41,'LT-EN'!$A:$B,2,FALSE)," ") -> 7.3.1. Policyholders - legal persons | B41: 34 | C41: 7.3.1. Draudėjai - juridiniai asmenys | G41: 163 | H41: 0 | I41: 654 | L41: 1281 | M41: 375 | O41: 484 | Q41: 415 | S41: 5966 | W41: 9 | Y41: 9347
A42: =IFERROR(VLOOKUP(C42,'LT-EN'!$A:$B,2,FALSE)," ") -> 7.3.2. Policyholders - natural persons | B42: 35 | C42: 7.3.2. Draudėjai - fiziniai asmenys | G42: 1422 | H42: 0 | I42: 4824 | L42: 3947 | M42: 5183 | O42: 3280 | Q42: 4993 | S42: 32375 | W42: 14784 | Y42: 70808
A43: =IFERROR(VLOOKUP(C43,'LT-EN'!$A:$B,2,FALSE)," ") -> 8. General liability insurance | B43: 36 | C43: 8. Bendrosios civilinės atsakomybės draudimas | D43: 0 | E43: 0 | F43: 0 | G43: 80 | H43: 0 | I43: 776 | J43: 0 | K43: 0 | L43: 766 | M43: 543 | N43: 0 | O43: 333 | P43: 0 | Q43: 269 | R43: 0 | S43: 1827 | T43: 0 | U43: 0 | V43: 0 | W43: 1015 | X43: 0 | Y43: 5609
A44: =IFERROR(VLOOKUP(C44,'LT-EN'!$A:$B,2,FALSE)," ") -> 8.1. Compulsory liability insurance | B44: 37 | C44: 8.1. Privalomieji bendrosios civilinės atsakomybės draudimai | H44: 0 | I44: 5 | L44: 14 | M44: 6 | O44: 5 | Q44: 5 | S44: 15 | Y44: 50
A45: =IFERROR(VLOOKUP(C45,'LT-EN'!$A:$B,2,FALSE)," ") -> 8.2. Other | B45: 38 | C45: 8.2. Kita | D45: 0 | E45: 0 | F45: 0 | G45: 80 | H45: 0 | I45: 771 | J45: 0 | K45: 0 | L45: 752 | M45: 537 | N45: 0 | O45: 328 | P45: 0 | Q45: 264 | R45: 0 | S45: 1812 | T45: 0 | U45: 0 | V45: 0 | W45: 1015 | X45: 0 | Y45: 5559
A46: =IFERROR(VLOOKUP(C46,'LT-EN'!$A:$B,2,FALSE)," ") -> 8.2.1. Policyholders - legal persons | B46: 39 | C46: 8.2.1. Draudėjai - juridiniai asmenys | G46: 28 | H46: 0 | I46: 443 | L46: 484 | M46: 229 | O46: 113 | Q46: 152 | S46: 373 | Y46: 1822
A47: =IFERROR(VLOOKUP(C47,'LT-EN'!$A:$B,2,FALSE)," ") -> 8.2.2. Policyholders - natural persons | B47: 40 | C47: 8.2.2. Draudėjai - fiziniai asmenys | G47: 52 | H47: 0 | I47: 328 | L47: 268 | M47: 308 | O47: 215 | Q47: 112 | S47: 1439 | W47: 1015 | Y47: 3737
A48: =IFERROR(VLOOKUP(C48,'LT-EN'!$A:$B,2,FALSE)," ") -> 9. Credit and suretyship insurance | B48: 41 | C48: 9. Kredito ir laidavimo draudimas | D48: 0 | E48: 0 | F48: 0 | G48: 0 | H48: 0 | I48: 22 | J48: 188 | K48: 0 | L48: 19 | M48: 5 | N48: 0 | O48: 3 | P48: 0 | Q48: 0 | R48: 0 | S48: 9 | T48: 0 | U48: 0 | V48: 0 | W48: 0 | X48: 0 | Y48: 246
A49: =IFERROR(VLOOKUP(C49,'LT-EN'!$A:$B,2,FALSE)," ") -> 9.1. Credit insurance | B49: 42 | C49: 9.1. Kredito draudimas | H49: 0 | I49: 0 | J49: 188 | L49: 0 | O49: 0 | Q49: 0 | S49: 0 | Y49: 188
A50: =IFERROR(VLOOKUP(C50,'LT-EN'!$A:$B,2,FALSE)," ") -> 9.2. Suretyship insurance | B50: 43 | C50: 9.2. Laidavimo draudimas | D50: 0 | E50: 0 | F50: 0 | G50: 0 | H50: 0 | I50: 22 | J50: 0 | K50: 0 | L50: 19 | M50: 5 | N50: 0 | O50: 3 | P50: 0 | Q50: 0 | R50: 0 | S50: 9 | T50: 0 | U50: 0 | V50: 0 | W50: 0 | X50: 0 | Y50: 58
A51: =IFERROR(VLOOKUP(C51,'LT-EN'!$A:$B,2,FALSE)," ") -> 9.2.1 Insurance of liability performing customs procedures | B51: 44 | C51: 9.2.1 Atsakomybės, atliekant muitinės procedūras, draudimas | H51: 0 | I51: 5 | L51: 0 | O51: 0 | Q51: 0 | S51: 0 | Y51: 5
A52: =IFERROR(VLOOKUP(C52,'LT-EN'!$A:$B,2,FALSE)," ") -> 9.2.2. Other suretyship insurance | B52: 45 | C52: 9.2.2. Kitas laidavimo draudimas | H52: 0 | I52: 17 | L52: 19 | M52: 5 | O52: 3 | Q52: 0 | S52: 9 | Y52: 53
A53: =IFERROR(VLOOKUP(C53,'LT-EN'!$A:$B,2,FALSE)," ") -> 10. Legal expenses insurance | B53: 46 | C53: 10. Teisinių išlaidų draudimas | H53: 0 | I53: 0 | L53: 0 | O53: 0 | Q53: 0 | S53: 0 | Y53: 0
A54: =IFERROR(VLOOKUP(C54,'LT-EN'!$A:$B,2,FALSE)," ") -> 11. Assistance | B54: 47 | C54: 11. Pagalbos draudimas | G54: 98 | H54: 0 | I54: 7511 | L54: 27 | M54: 29 | O54: 197 | Q54: 0 | S54: 0 | Y54: 7862
A55: =IFERROR(VLOOKUP(C55,'LT-EN'!$A:$B,2,FALSE)," ") -> 12. Miscellaneous financial loss | B55: 48 | C55: 12. Finansinių nuostolių draudimas | G55: 10 | H55: 0 | I55: 0 | L55: 1206 | M55: 0 | O55: 33 | Q55: 15 | S55: 0 | W55: 3262 | Y55: 4526
A56: =IFERROR(VLOOKUP(C56,'LT-EN'!$A:$B,2,FALSE)," ") -> LIFE ASSURANCE | B56: 49 | C56: GYVYBĖS DRAUDIMAS | D56: 4749 | E56: 2086 | F56: 0 | G56: 0 | H56: 0 | I56: 0 | J56: 0 | K56: 6596 | L56: 0 | M56: 0 | N56: 2062 | O56: 0 | P56: 0 | Q56: 0 | R56: 0 | S56: 0 | T56: 2145 | U56: 3451 | V56: 2690 | W56: 0 | X56: 0 | Y56: 23779
A57: =IFERROR(VLOOKUP(C57,'LT-EN'!$A:$B,2,FALSE)," ") -> 1. Health insurance | B57: 50 | C57: 1. Sveikatos draudimas | K57: 13 | N57: 1005 | O57: 0 | T57: 0 | Y57: 1018
A58: =IFERROR(VLOOKUP(C58,'LT-EN'!$A:$B,2,FALSE)," ") -> 2. Insurance with profit participation | B58: 51 | C58: 2. Draudimas su teise dalytis pelną | D58: 0 | E58: 105 | F58: 0 | G58: 0 | H58: 0 | I58: 0 | J58: 0 | K58: 1424 | L58: 0 | M58: 0 | N58: 223 | O58: 0 | P58: 0 | Q58: 0 | R58: 0 | S58: 0 | T58: 405 | U58: 810 | V58: 26 | W58: 0 | X58: 0 | Y58: 2993
A59: =IFERROR(VLOOKUP(C59,'LT-EN'!$A:$B,2,FALSE)," ") -> 2.1. Insurance in case of survival | B59: 52 | C59: 2.1. Draudimas išgyvenimo atveju | E59: 97 | K59: 1424 | N59: 20 | O59: 0 | T59: 405 | U59: 0 | V59: 25 | Y59: 1971
A60: =IFERROR(VLOOKUP(C60,'LT-EN'!$A:$B,2,FALSE)," ") -> 2.2. Annuities | B60: 53 | C60: 2.2. Anuitetai | E60: 8 | K60: 0 | N60: 203 | O60: 0 | Q60: 0 | U60: 810 | V60: 0 | Y60: 1021
A61: =IFERROR(VLOOKUP(C61,'LT-EN'!$A:$B,2,FALSE)," ") -> 2.3.Insurance in case of death | B61: 54 | C61: 2.3. Draudimas mirties atveju | K61: 0 | O61: 0 | V61: 0 | Y61: 0
A62: =IFERROR(VLOOKUP(C62,'LT-EN'!$A:$B,2,FALSE)," ") -> 2.4. Other insurance with profit participation | B62: 55 | C62: 2.4. Kitas draudimas, suteikiantis teisę gauti pelno dalį | K62: 0 | O62: 0 | V62: 1 | Y62: 1
A63: =IFERROR(VLOOKUP(C63,'LT-EN'!$A:$B,2,FALSE)," ") -> 3. Index-linked and unit-linked insurance | B63: 56 | C63: 3. Su indeksu ir investiciniais vienetais susijęs draudimas | D63: 4286 | E63: 1727 | F63: 0 | G63: 0 | H63: 0 | I63: 0 | J63: 0 | K63: 4078 | L63: 0 | M63: 0 | N63: 808 | O63: 0 | P63: 0 | Q63: 0 | R63: 0 | S63: 0 | T63: 1278 | U63: 663 | V63: 131 | W63: 0 | X63: 0 | Y63: 12971
A64: =IFERROR(VLOOKUP(C64,'LT-EN'!$A:$B,2,FALSE)," ") -> 3.1. Index-linked and unit-linked insurance, when the insurance risk is significant | B64: 57 | C64: 3.1. Su indeksu ir investiciniais vienetais susijęs draudimas, kai draudimo rizika yra reikšminga | D64: 4286 | E64: 1657 | K64: 0 | N64: 808 | O64: 0 | T64: 1276 | U64: 641 | V64: 119 | Y64: 8787
A65: =IFERROR(VLOOKUP(C65,'LT-EN'!$A:$B,2,FALSE)," ") -> 3.2. Index-linked and unit-linked insurance, when the insurance risk is insignificant | B65: 58 | C65: 3.2. Su indeksu ir investiciniais vienetais susijęs draudimas, kai draudimo rizika yra nereikšminga* | E65: 70 | K65: 4078 | N65: 0 | O65: 0 | Q65: 0 | T65: 2 | U65: 22 | V65: 12 | Y65: 4184
A66: =IFERROR(VLOOKUP(C66,'LT-EN'!$A:$B,2,FALSE)," ") -> 4. Other life insurance | B66: 59 | C66: 4. Kitas gyvybės draudimas | D66: 463 | E66: 254 | F66: 0 | G66: 0 | H66: 0 | I66: 0 | J66: 0 | K66: 1081 | L66: 0 | M66: 0 | N66: 26 | O66: 0 | P66: 0 | Q66: 0 | R66: 0 | S66: 0 | T66: 462 | U66: 1978 | V66: 2533 | W66: 0 | X66: 0 | Y66: 6797
A67: =IFERROR(VLOOKUP(C67,'LT-EN'!$A:$B,2,FALSE)," ") -> 4.1. Insurance in case of survival | B67: 60 | C67: 4.1. Draudimas išgyvenimo atveju | K67: 0 | O67: 0 | V67: 0 | Y67: 0
A68: =IFERROR(VLOOKUP(C68,'LT-EN'!$A:$B,2,FALSE)," ") -> 4.2. Annuities | B68: 61 | C68: 4.2. Anuitetai | K68: 24 | O68: 0 | Q68: 0 | V68: 0 | Y68: 24
A69: =IFERROR(VLOOKUP(C69,'LT-EN'!$A:$B,2,FALSE)," ") -> 4.3. Insurance in case of death | B69: 62 | C69: 4.3. Draudimas mirties atveju | D69: 463 | E69: 254 | K69: 1057 | N69: 26 | O69: 0 | T69: 462 | U69: 1978 | V69: 2533 | Y69: 6773
A70: =IFERROR(VLOOKUP(C70,'LT-EN'!$A:$B,2,FALSE)," ") -> 4.4. Other life insurance | B70: 63 | C70: 4.4. Kitas gyvybės draudimas | K70: 0 | O70: 0 | Q70: 0 | V70: 0 | Y70: 0
A71: =IFERROR(VLOOKUP(C71,'LT-EN'!$A:$B,2,FALSE)," ")
A72: =IFERROR(VLOOKUP(C72,'LT-EN'!$A:$B,2,FALSE)," ")
A73: =IFERROR(VLOOKUP(C73,'LT-EN'!$A:$B,2,FALSE)," ")
A74: =IFERROR(VLOOKUP(C74,'LT-EN'!$A:$B,2,FALSE)," ")
A75: =IFERROR(VLOOKUP(C75,'LT-EN'!$A:$B,2,FALSE)," ")
A76: =IFERROR(VLOOKUP(C76,'LT-EN'!$A:$B,2,FALSE)," ")
A77: =IFERROR(VLOOKUP(C77,'LT-EN'!$A:$B,2,FALSE)," ")
A78: =IFERROR(VLOOKUP(C78,'LT-EN'!$A:$B,2,FALSE)," ")
A79: =IFERROR(VLOOKUP(C79,'LT-EN'!$A:$B,2,FALSE)," ")
A80: =IFERROR(VLOOKUP(C80,'LT-EN'!$A:$B,2,FALSE)," ")
A81: =IFERROR(VLOOKUP(C81,'LT-EN'!$A:$B,2,FALSE)," ")
A82: =IFERROR(VLOOKUP(C82,'LT-EN'!$A:$B,2,FALSE)," ")
... A467: =IFERROR(VLOOKUP(C467,'LT-EN'!$A:$B,2,FALSE)," ")

Sheet DSR11
A1: Payment of the investment component after the expiration of the insurance contract, units | C1: Investicinio komponento išmokėjimas pasibaigus draudimo sutarties terminui, vnt.
A3: ='DSR1'!C3 -> 2026-08-31
B5: Investicinio komponento išmokėjimas pasibaigus draudimo sutarties terminui, vnt.
A6: Business lines / Insurers | B6: eil.nr | C6: Draudimo grupės / Draudikai | D6: Allianz Lietuva gyvybės draudimas | E6: Artea Life Insurance | F6: ATRADIUS filialas | G6: Balcia Insurance filialas | H6: Baltijas Apdrosinasanas Nams filialas | I6: BTA Insurance Company filialas | J6: COFACE filialas | K6: Compensa Life VIG filialas | L6: Compensa VIG | M6: ERGO Insurance filialas | N6: ERGO Life Insurance | O6: Gjensidige | P6: If P&C Insurance (publ) filialas | Q6: If P&C Insurance filialas | R6: Lamantinas | S6: Lietuvos draudimas | T6: PZU Lietuva gyvybės draudimas | U6: SEB Life and Pension Baltic filialas | V6: Swedbank Life Insurance filialas | W6: Swedbank P&C Insurance filialas | X6: Vereinigte Hagelversicherung filialas VH Lietuva | Y6: All
A7: =IFERROR(VLOOKUP(C7,'LT-EN'!$A:$B,2,FALSE)," ") -> ALL | B7: 0 | C7: Visos | D7: 428 | E7: 414 | F7: 0 | G7: 0 | H7: 0 | I7: 0 | J7: 0 | K7: 639 | L7: 0 | M7: 0 | N7: 1086 | O7: 0 | P7: 0 | Q7: 0 | R7: 0 | S7: 0 | T7: 503 | U7: 1857 | V7: 1852 | W7: 0 | X7: 0 | Y7: 6779
A8: =IFERROR(VLOOKUP(C8,'LT-EN'!$A:$B,2,FALSE)," ") -> LIFE ASSURANCE | B8: 49 | C8: GYVYBĖS DRAUDIMAS | D8: 428 | E8: 414 | F8: 0 | G8: 0 | H8: 0 | I8: 0 | J8: 0 | K8: 639 | L8: 0 | M8: 0 | N8: 1086 | O8: 0 | P8: 0 | Q8: 0 | R8: 0 | S8: 0 | T8: 503 | U8: 1857 | V8: 1852 | W8: 0 | X8: 0 | Y8: 6779
A9: =IFERROR(VLOOKUP(C9,'LT-EN'!$A:$B,2,FALSE)," ") -> 1. Health insurance | B9: 50 | C9: 1. Sveikatos draudimas | K9: 0 | N9: 0 | O9: 0 | T9: 0 | Y9: 0
A10: =IFERROR(VLOOKUP(C10,'LT-EN'!$A:$B,2,FALSE)," ") -> 2. Insurance with profit participation | B10: 51 | C10: 2. Draudimas su teise dalytis pelną | D10: 0 | E10: 68 | F10: 0 | G10: 0 | H10: 0 | I10: 0 | J10: 0 | K10: 501 | L10: 0 | M10: 0 | N10: 819 | O10: 0 | P10: 0 | Q10: 0 | R10: 0 | S10: 0 | T10: 353 | U10: 5 | V10: 183 | W10: 0 | X10: 0 | Y10: 1929
A11: =IFERROR(VLOOKUP(C11,'LT-EN'!$A:$B,2,FALSE)," ") -> 2.1. Insurance in case of survival | B11: 52 | C11: 2.1. Draudimas išgyvenimo atveju | E11: 55 | K11: 501 | N11: 683 | O11: 0 | T11: 353 | U11: 5 | V11: 182 | Y11: 1779
A12: =IFERROR(VLOOKUP(C12,'LT-EN'!$A:$B,2,FALSE)," ") -> 2.2. Annuities | B12: 53 | C12: 2.2. Anuitetai | E12: 13 | K12: 0 | N12: 136 | O12: 0 | V12: 0 | Y12: 149
A13: =IFERROR(VLOOKUP(C13,'LT-EN'!$A:$B,2,FALSE)," ") -> 2.3.Insurance in case of death | B13: 54 | C13: 2.3. Draudimas mirties atveju | K13: 0 | O13: 0 | V13: 0 | Y13: 0
A14: =IFERROR(VLOOKUP(C14,'LT-EN'!$A:$B,2,FALSE)," ") -> 2.4. Other insurance with profit participation | B14: 55 | C14: 2.4. Kitas draudimas, suteikiantis teisę gauti pelno dalį | K14: 0 | O14: 0 | V14: 1 | Y14: 1
A15: =IFERROR(VLOOKUP(C15,'LT-EN'!$A:$B,2,FALSE)," ") -> 3. Index-linked and unit-linked insurance | B15: 56 | C15: 3. Su indeksu ir investiciniais vienetais susijęs draudimas | D15: 428 | E15: 346 | F15: 0 | G15: 0 | H15: 0 | I15: 0 | J15: 0 | K15: 138 | L15: 0 | M15: 0 | N15: 267 | O15: 0 | P15: 0 | Q15: 0 | R15: 0 | S15: 0 | T15: 150 | U15: 1852 | V15: 1669 | W15: 0 | X15: 0 | Y15: 4850
A16: =IFERROR(VLOOKUP(C16,'LT-EN'!$A:$B,2,FALSE)," ") -> 3.1. Index-linked and unit-linked insurance, when the insurance risk is significant | B16: 57 | C16: 3.1. Su indeksu ir investiciniais vienetais susijęs draudimas, kai draudimo rizika yra reikšminga | D16: 428 | E16: 293 | K16: 0 | N16: 225 | O16: 0 | T16: 143 | U16: 1347 | V16: 1590 | Y16: 4026
A17: =IFERROR(VLOOKUP(C17,'LT-EN'!$A:$B,2,FALSE)," ") -> 3.2. Index-linked and unit-linked insurance, when the insurance risk is insignificant | B17: 58 | C17: 3.2. Su indeksu ir investiciniais vienetais susijęs draudimas, kai draudimo rizika yra nereikšminga* | E17: 53 | K17: 138 | N17: 42 | O17: 0 | T17: 7 | U17: 505 | V17: 79 | Y17: 824
A18: =IFERROR(VLOOKUP(C18,'LT-EN'!$A:$B,2,FALSE)," ") -> 4. Other life insurance | B18: 59 | C18: 4. Kitas gyvybės draudimas | D18: 0 | E18: 0 | F18: 0 | G18: 0 | H18: 0 | I18: 0 | J18: 0 | K18: 0 | L18: 0 | M18: 0 | N18: 0 | O18: 0 | P18: 0 | Q18: 0 | R18: 0 | S18: 0 | T18: 0 | U18: 0 | V18: 0 | W18: 0 | X18: 0 | Y18: 0
A19: =IFERROR(VLOOKUP(C19,'LT-EN'!$A:$B,2,FALSE)," ") -> 4.1. Insurance in case of survival | B19: 60 | C19: 4.1. Draudimas išgyvenimo atveju | K19: 0 | O19: 0 | V19: 0 | Y19: 0
A20: =IFERROR(VLOOKUP(C20,'LT-EN'!$A:$B,2,FALSE)," ") -> 4.2. Annuities | B20: 61 | C20: 4.2. Anuitetai | K20: 0 | O20: 0 | V20: 0 | Y20: 0
A21: =IFERROR(VLOOKUP(C21,'LT-EN'!$A:$B,2,FALSE)," ") -> 4.3. Insurance in case of death | B21: 62 | C21: 4.3. Draudimas mirties atveju | D21: 0 | E21: 0 | K21: 0 | N21: 0 | O21: 0 | T21: 0 | V21: 0 | Y21: 0
A22: =IFERROR(VLOOKUP(C22,'LT-EN'!$A:$B,2,FALSE)," ") -> 4.4. Other life insurance | B22: 63 | C22: 4.4. Kitas gyvybės draudimas | K22: 0 | O22: 0 | V22: 0 | Y22: 0
A23: =IFERROR(VLOOKUP(C23,'LT-EN'!$A:$B,2,FALSE)," ")
A24: =IFERROR(VLOOKUP(C24,'LT-EN'!$A:$B,2,FALSE)," ")
A25: =IFERROR(VLOOKUP(C25,'LT-EN'!$A:$B,2,FALSE)," ")
A26: =IFERROR(VLOOKUP(C26,'LT-EN'!$A:$B,2,FALSE)," ")
A27: =IFERROR(VLOOKUP(C27,'LT-EN'!$A:$B,2,FALSE)," ")
A28: =IFERROR(VLOOKUP(C28,'LT-EN'!$A:$B,2,FALSE)," ")
A29: =IFERROR(VLOOKUP(C29,'LT-EN'!$A:$B,2,FALSE)," ")
A30: =IFERROR(VLOOKUP(C30,'LT-EN'!$A:$B,2,FALSE)," ")
A31: =IFERROR(VLOOKUP(C31,'LT-EN'!$A:$B,2,FALSE)," ")
A32: =IFERROR(VLOOKUP(C32,'LT-EN'!$A:$B,2,FALSE)," ")
A33: =IFERROR(VLOOKUP(C33,'LT-EN'!$A:$B,2,FALSE)," ")
A34: =IFERROR(VLOOKUP(C34,'LT-EN'!$A:$B,2,FALSE)," ")
... A93: =IFERROR(VLOOKUP(C93,'LT-EN'!$A:$B,2,FALSE)," ")

Sheet DSR12
A1: Payment of the investment component after termination of the insurance contract, units | C1: Investicinio komponento išmokėjimas nutraukus draudimo sutartį, vnt.
A3: ='DSR1'!C3 -> 2026-08-31
B5: Investicinio komponento išmokėjimas nutraukus draudimo sutartį, vnt.
A6: Business lines / Insurers | B6: eil.nr | C6: Draudimo grupės / Draudikai | D6: Allianz Lietuva gyvybės draudimas | E6: Artea Life Insurance | F6: ATRADIUS filialas | G6: Balcia Insurance filialas | H6: Baltijas Apdrosinasanas Nams filialas | I6: BTA Insurance Company filialas | J6: COFACE filialas | K6: Compensa Life VIG filialas | L6: Compensa VIG | M6: ERGO Insurance filialas | N6: ERGO Life Insurance | O6: Gjensidige | P6: If P&C Insurance (publ) filialas | Q6: If P&C Insurance filialas | R6: Lamantinas | S6: Lietuvos draudimas | T6: PZU Lietuva gyvybės draudimas | U6: SEB Life and Pension Baltic filialas | V6: Swedbank Life Insurance filialas | W6: Swedbank P&C Insurance filialas | X6: Vereinigte Hagelversicherung filialas VH Lietuva | Y6: All
A7: =IFERROR(VLOOKUP(C7,'LT-EN'!$A:$B,2,FALSE)," ") -> ALL | B7: 0 | C7: Visos | D7: 2653 | E7: 1853 | F7: 0 | G7: 0 | H7: 0 | I7: 0 | J7: 0 | K7: 9920 | L7: 0 | M7: 0 | N7: 1203 | O7: 0 | P7: 0 | Q7: 0 | R7: 0 | S7: 0 | T7: 1163 | U7: 3596 | V7: 3195 | W7: 0 | X7: 0 | Y7: 23583
A8: =IFERROR(VLOOKUP(C8,'LT-EN'!$A:$B,2,FALSE)," ") -> LIFE ASSURANCE | B8: 49 | C8: GYVYBĖS DRAUDIMAS | D8: 2653 | E8: 1853 | F8: 0 | G8: 0 | H8: 0 | I8: 0 | J8: 0 | K8: 9920 | L8: 0 | M8: 0 | N8: 1203 | O8: 0 | P8: 0 | Q8: 0 | R8: 0 | S8: 0 | T8: 1163 | U8: 3596 | V8: 3195 | W8: 0 | X8: 0 | Y8: 23583
A9: =IFERROR(VLOOKUP(C9,'LT-EN'!$A:$B,2,FALSE)," ") -> 1. Health insurance | B9: 50 | C9: 1. Sveikatos draudimas | K9: 8 | N9: 0 | O9: 0 | T9: 0 | Y9: 8
A10: =IFERROR(VLOOKUP(C10,'LT-EN'!$A:$B,2,FALSE)," ") -> 2. Insurance with profit participation | B10: 51 | C10: 2. Draudimas su teise dalytis pelną | D10: 0 | E10: 81 | F10: 0 | G10: 0 | H10: 0 | I10: 0 | J10: 0 | K10: 2025 | L10: 0 | M10: 0 | N10: 407 | O10: 0 | P10: 0 | Q10: 0 | R10: 0 | S10: 0 | T10: 275 | U10: 3 | V10: 26 | W10: 0 | X10: 0 | Y10: 2817
A11: =IFERROR(VLOOKUP(C11,'LT-EN'!$A:$B,2,FALSE)," ") -> 2.1. Insurance in case of survival | B11: 52 | C11: 2.1. Draudimas išgyvenimo atveju | E11: 68 | K11: 2025 | N11: 292 | O11: 0 | T11: 275 | U11: 3 | V11: 24 | Y11: 2687
A12: =IFERROR(VLOOKUP(C12,'LT-EN'!$A:$B,2,FALSE)," ") -> 2.2. Annuities | B12: 53 | C12: 2.2. Anuitetai | E12: 13 | K12: 0 | N12: 115 | O12: 0 | V12: 0 | Y12: 128
A13: =IFERROR(VLOOKUP(C13,'LT-EN'!$A:$B,2,FALSE)," ") -> 2.3.Insurance in case of death | B13: 54 | C13: 2.3. Draudimas mirties atveju | K13: 0 | O13: 0 | V13: 0 | Y13: 0
A14: =IFERROR(VLOOKUP(C14,'LT-EN'!$A:$B,2,FALSE)," ") -> 2.4. Other insurance with profit participation | B14: 55 | C14: 2.4. Kitas draudimas, suteikiantis teisę gauti pelno dalį | K14: 0 | O14: 0 | V14: 2 | Y14: 2
A15: =IFERROR(VLOOKUP(C15,'LT-EN'!$A:$B,2,FALSE)," ") -> 3. Index-linked and unit-linked insurance | B15: 56 | C15: 3. Su indeksu ir investiciniais vienetais susijęs draudimas | D15: 2653 | E15: 1772 | F15: 0 | G15: 0 | H15: 0 | I15: 0 | J15: 0 | K15: 4345 | L15: 0 | M15: 0 | N15: 796 | O15: 0 | P15: 0 | Q15: 0 | R15: 0 | S15: 0 | T15: 887 | U15: 2807 | V15: 3169 | W15: 0 | X15: 0 | Y15: 16429
A16: =IFERROR(VLOOKUP(C16,'LT-EN'!$A:$B,2,FALSE)," ") -> 3.1. Index-linked and unit-linked insurance, when the insurance risk is significant | B16: 57 | C16: 3.1. Su indeksu ir investiciniais vienetais susijęs draudimas, kai draudimo rizika yra reikšminga | D16: 2653 | E16: 1443 | K16: 0 | N16: 677 | O16: 0 | T16: 736 | U16: 667 | V16: 2987 | Y16: 9163
A17: =IFERROR(VLOOKUP(C17,'LT-EN'!$A:$B,2,FALSE)," ") -> 3.2. Index-linked and unit-linked insurance, when the insurance risk is insignificant | B17: 58 | C17: 3.2. Su indeksu ir investiciniais vienetais susijęs draudimas, kai draudimo rizika yra nereikšminga* | E17: 329 | K17: 4345 | N17: 119 | O17: 0 | T17: 151 | U17: 2140 | V17: 182 | Y17: 7266
A18: =IFERROR(VLOOKUP(C18,'LT-EN'!$A:$B,2,FALSE)," ") -> 4. Other life insurance | B18: 59 | C18: 4. Kitas gyvybės draudimas | D18: 0 | E18: 0 | F18: 0 | G18: 0 | H18: 0 | I18: 0 | J18: 0 | K18: 3542 | L18: 0 | M18: 0 | N18: 0 | O18: 0 | P18: 0 | Q18: 0 | R18: 0 | S18: 0 | T18: 1 | U18: 786 | V18: 0 | W18: 0 | X18: 0 | Y18: 4329
A19: =IFERROR(VLOOKUP(C19,'LT-EN'!$A:$B,2,FALSE)," ") -> 4.1. Insurance in case of survival | B19: 60 | C19: 4.1. Draudimas išgyvenimo atveju | K19: 0 | O19: 0 | V19: 0 | Y19: 0
A20: =IFERROR(VLOOKUP(C20,'LT-EN'!$A:$B,2,FALSE)," ") -> 4.2. Annuities | B20: 61 | C20: 4.2. Anuitetai | K20: 0 | O20: 0 | V20: 0 | Y20: 0
A21: =IFERROR(VLOOKUP(C21,'LT-EN'!$A:$B,2,FALSE)," ") -> 4.3. Insurance in case of death | B21: 62 | C21: 4.3. Draudimas mirties atveju | D21: 0 | E21: 0 | K21: 3542 | N21: 0 | O21: 0 | T21: 1 | U21: 786 | V21: 0 | Y21: 4329
A22: =IFERROR(VLOOKUP(C22,'LT-EN'!$A:$B,2,FALSE)," ") -> 4.4. Other life insurance | B22: 63 | C22: 4.4. Kitas gyvybės draudimas | K22: 0 | O22: 0 | V22: 0 | Y22: 0
A23: =IFERROR(VLOOKUP(C23,'LT-EN'!$A:$B,2,FALSE)," ")
A24: =IFERROR(VLOOKUP(C24,'LT-EN'!$A:$B,2,FALSE)," ")
A25: =IFERROR(VLOOKUP(C25,'LT-EN'!$A:$B,2,FALSE)," ")
A26: =IFERROR(VLOOKUP(C26,'LT-EN'!$A:$B,2,FALSE)," ")
A27: =IFERROR(VLOOKUP(C27,'LT-EN'!$A:$B,2,FALSE)," ")
A28: =IFERROR(VLOOKUP(C28,'LT-EN'!$A:$B,2,FALSE)," ")
A29: =IFERROR(VLOOKUP(C29,'LT-EN'!$A:$B,2,FALSE)," ")
A30: =IFERROR(VLOOKUP(C30,'LT-EN'!$A:$B,2,FALSE)," ")
A31: =IFERROR(VLOOKUP(C31,'LT-EN'!$A:$B,2,FALSE)," ")
A32: =IFERROR(VLOOKUP(C32,'LT-EN'!$A:$B,2,FALSE)," ")
A33: =IFERROR(VLOOKUP(C33,'LT-EN'!$A:$B,2,FALSE)," ")
A34: =IFERROR(VLOOKUP(C34,'LT-EN'!$A:$B,2,FALSE)," ")
... A81: =IFERROR(VLOOKUP(C81,'LT-EN'!$A:$B,2,FALSE)," ")

Sheet DSR13
A1: Partial payment of the investment component neither after termination nor at the end of the contract, units | C1: Investicinio komponento dalinis išmokėjimas nei nutraukus, nei pasibaigus sutarčiai, vnt.
A3: ='DSR1'!C3 -> 2026-08-31
B5: Investicinio komponento dalinis išmokėjimas nei nutraukus, nei pasibaigus sutarčiai, vnt.
A6: Business lines / Insurers | B6: eil.nr | C6: Draudimo grupės / Draudikai | D6: Allianz Lietuva gyvybės draudimas | E6: Artea Life Insurance | F6: ATRADIUS filialas | G6: Balcia Insurance filialas | H6: Baltijas Apdrosinasanas Nams filialas | I6: BTA Insurance Company filialas | J6: COFACE filialas | K6: Compensa Life VIG filialas | L6: Compensa VIG | M6: ERGO Insurance filialas | N6: ERGO Life Insurance | O6: Gjensidige | P6: If P&C Insurance (publ) filialas | Q6: If P&C Insurance filialas | R6: Lamantinas | S6: Lietuvos draudimas | T6: PZU Lietuva gyvybės draudimas | U6: SEB Life and Pension Baltic filialas | V6: Swedbank Life Insurance filialas | W6: Swedbank P&C Insurance filialas | X6: Vereinigte Hagelversicherung filialas VH Lietuva | Y6: All
A7: =IFERROR(VLOOKUP(C7,'LT-EN'!$A:$B,2,FALSE)," ") -> ALL | B7: 0 | C7: Visos | D7: 1713 | E7: 2155 | F7: 0 | G7: 0 | H7: 0 | I7: 0 | J7: 0 | K7: 2755 | L7: 0 | M7: 0 | N7: 473 | O7: 0 | P7: 0 | Q7: 0 | R7: 0 | S7: 0 | T7: 1168 | U7: 3618 | V7: 2313 | W7: 0 | X7: 0 | Y7: 14195
A8: =IFERROR(VLOOKUP(C8,'LT-EN'!$A:$B,2,FALSE)," ") -> LIFE ASSURANCE | B8: 49 | C8: GYVYBĖS DRAUDIMAS | D8: 1713 | E8: 2155 | F8: 0 | G8: 0 | H8: 0 | I8: 0 | J8: 0 | K8: 2755 | L8: 0 | M8: 0 | N8: 473 | O8: 0 | P8: 0 | Q8: 0 | R8: 0 | S8: 0 | T8: 1168 | U8: 3618 | V8: 2313 | W8: 0 | X8: 0 | Y8: 14195
A9: =IFERROR(VLOOKUP(C9,'LT-EN'!$A:$B,2,FALSE)," ") -> 1. Health insurance | B9: 50 | C9: 1. Sveikatos draudimas | K9: 0 | N9: 0 | O9: 0 | T9: 0 | Y9: 0
A10: =IFERROR(VLOOKUP(C10,'LT-EN'!$A:$B,2,FALSE)," ") -> 2. Insurance with profit participation | B10: 51 | C10: 2. Draudimas su teise dalytis pelną | D10: 0 | E10: 89 | F10: 0 | G10: 0 | H10: 0 | I10: 0 | J10: 0 | K10: 547 | L10: 0 | M10: 0 | N10: 317 | O10: 0 | P10: 0 | Q10: 0 | R10: 0 | S10: 0 | T10: 231 | U10: 1761 | V10: 0 | W10: 0 | X10: 0 | Y10: 2945
A11: =IFERROR(VLOOKUP(C11,'LT-EN'!$A:$B,2,FALSE)," ") -> 2.1. Insurance in case of survival | B11: 52 | C11: 2.1. Draudimas išgyvenimo atveju | E11: 37 | K11: 547 | N11: 54 | O11: 0 | T11: 231 | U11: 56 | V11: 0 | Y11: 925
A12: =IFERROR(VLOOKUP(C12,'LT-EN'!$A:$B,2,FALSE)," ") -> 2.2. Annuities | B12: 53 | C12: 2.2. Anuitetai | E12: 52 | K12: 0 | N12: 263 | O12: 0 | U12: 1705 | V12: 0 | Y12: 2020
A13: =IFERROR(VLOOKUP(C13,'LT-EN'!$A:$B,2,FALSE)," ") -> 2.3.Insurance in case of death | B13: 54 | C13: 2.3. Draudimas mirties atveju | K13: 0 | O13: 0 | V13: 0 | Y13: 0
A14: =IFERROR(VLOOKUP(C14,'LT-EN'!$A:$B,2,FALSE)," ") -> 2.4. Other insurance with profit participation | B14: 55 | C14: 2.4. Kitas draudimas, suteikiantis teisę gauti pelno dalį | K14: 0 | O14: 0 | V14: 0 | Y14: 0
A15: =IFERROR(VLOOKUP(C15,'LT-EN'!$A:$B,2,FALSE)," ") -> 3. Index-linked and unit-linked insurance | B15: 56 | C15: 3. Su indeksu ir investiciniais vienetais susijęs draudimas | D15: 1713 | E15: 669 | F15: 0 | G15: 0 | H15: 0 | I15: 0 | J15: 0 | K15: 2208 | L15: 0 | M15: 0 | N15: 156 | O15: 0 | P15: 0 | Q15: 0 | R15: 0 | S15: 0 | T15: 937 | U15: 1857 | V15: 2313 | W15: 0 | X15: 0 | Y15: 9853
A16: =IFERROR(VLOOKUP(C16,'LT-EN'!$A:$B,2,FALSE)," ") -> 3.1. Index-linked and unit-linked insurance, when the insurance risk is significant | B16: 57 | C16: 3.1. Su indeksu ir investiciniais vienetais susijęs draudimas, kai draudimo rizika yra reikšminga | D16: 1713 | E16: 524 | K16: 0 | N16: 143 | O16: 0 | T16: 782 | U16: 458 | V16: 2127 | Y16: 5747
A17: =IFERROR(VLOOKUP(C17,'LT-EN'!$A:$B,2,FALSE)," ") -> 3.2. Index-linked and unit-linked insurance, when the insurance risk is insignificant | B17: 58 | C17: 3.2. Su indeksu ir investiciniais vienetais susijęs draudimas, kai draudimo rizika yra nereikšminga* | E17: 145 | K17: 2208 | N17: 13 | O17: 0 | T17: 155 | U17: 1399 | V17: 186 | Y17: 4106
A18: =IFERROR(VLOOKUP(C18,'LT-EN'!$A:$B,2,FALSE)," ") -> 4. Other life insurance | B18: 59 | C18: 4. Kitas gyvybės draudimas | D18: 0 | E18: 1397 | F18: 0 | G18: 0 | H18: 0 | I18: 0 | J18: 0 | K18: 0 | L18: 0 | M18: 0 | N18: 0 | O18: 0 | P18: 0 | Q18: 0 | R18: 0 | S18: 0 | T18: 0 | U18: 0 | V18: 0 | W18: 0 | X18: 0 | Y18: 1397
A19: =IFERROR(VLOOKUP(C19,'LT-EN'!$A:$B,2,FALSE)," ") -> 4.1. Insurance in case of survival | B19: 60 | C19: 4.1. Draudimas išgyvenimo atveju | K19: 0 | O19: 0 | V19: 0 | Y19: 0
A20: =IFERROR(VLOOKUP(C20,'LT-EN'!$A:$B,2,FALSE)," ") -> 4.2. Annuities | B20: 61 | C20: 4.2. Anuitetai | K20: 0 | O20: 0 | V20: 0 | Y20: 0
A21: =IFERROR(VLOOKUP(C21,'LT-EN'!$A:$B,2,FALSE)," ") -> 4.3. Insurance in case of death | B21: 62 | C21: 4.3. Draudimas mirties atveju | D21: 0 | E21: 1397 | K21: 0 | N21: 0 | O21: 0 | T21: 0 | V21: 0 | Y21: 1397
A22: =IFERROR(VLOOKUP(C22,'LT-EN'!$A:$B,2,FALSE)," ") -> 4.4. Other life insurance | B22: 63 | C22: 4.4. Kitas gyvybės draudimas | K22: 0 | O22: 0 | V22: 0 | Y22: 0
A23: =IFERROR(VLOOKUP(C23,'LT-EN'!$A:$B,2,FALSE)," ")
A24: =IFERROR(VLOOKUP(C24,'LT-EN'!$A:$B,2,FALSE)," ")
A25: =IFERROR(VLOOKUP(C25,'LT-EN'!$A:$B,2,FALSE)," ")
A26: =IFERROR(VLOOKUP(C26,'LT-EN'!$A:$B,2,FALSE)," ")
A27: =IFERROR(VLOOKUP(C27,'LT-EN'!$A:$B,2,FALSE)," ")
A28: =IFERROR(VLOOKUP(C28,'LT-EN'!$A:$B,2,FALSE)," ")
A29: =IFERROR(VLOOKUP(C29,'LT-EN'!$A:$B,2,FALSE)," ")
A30: =IFERROR(VLOOKUP(C30,'LT-EN'!$A:$B,2,FALSE)," ")
A31: =IFERROR(VLOOKUP(C31,'LT-EN'!$A:$B,2,FALSE)," ")
A32: =IFERROR(VLOOKUP(C32,'LT-EN'!$A:$B,2,FALSE)," ")
A33: =IFERROR(VLOOKUP(C33,'LT-EN'!$A:$B,2,FALSE)," ")
A34: =IFERROR(VLOOKUP(C34,'LT-EN'!$A:$B,2,FALSE)," ")
... A529: =IFERROR(VLOOKUP(C529,'LT-EN'!$A:$B,2,FALSE)," ")

Sheet DSR14
A1: Payments in total, units | C1: Išmokėjimai iš viso, vnt.
A3: ='DSR1'!C3 -> 2026-08-31
B5: Išmokėjimai iš viso, vnt.
A6: Business lines / Insurers | B6: eil.nr | C6: Draudimo grupės / Draudikai | D6: Allianz Lietuva gyvybės draudimas | E6: Artea Life Insurance | F6: ATRADIUS filialas | G6: Balcia Insurance filialas | H6: Baltijas Apdrosinasanas Nams filialas | I6: BTA Insurance Company filialas | J6: COFACE filialas | K6: Compensa Life VIG filialas | L6: Compensa VIG | M6: ERGO Insurance filialas | N6: ERGO Life Insurance | O6: Gjensidige | P6: If P&C Insurance (publ) filialas | Q6: If P&C Insurance filialas | R6: Lamantinas | S6: Lietuvos draudimas | T6: PZU Lietuva gyvybės draudimas | U6: SEB Life and Pension Baltic filialas | V6: Swedbank Life Insurance filialas | W6: Swedbank P&C Insurance filialas | X6: Vereinigte Hagelversicherung filialas VH Lietuva | Y6: All
A7: =IFERROR(VLOOKUP(C7,'LT-EN'!$A:$B,2,FALSE)," ") -> ALL | B7: 0 | C7: Visos | D7: 9543 | E7: 6508 | F7: 0 | G7: 12396 | H7: 100 | I7: 263468 | J7: 188 | K7: 778162 | L7: 139109 | M7: 40429 | N7: 26024 | O7: 120699 | P7: 0 | Q7: 21720 | R7: 0 | S7: 316009 | T7: 4979 | U7: 15467 | V7: 10050 | W7: 29663 | X7: 1614 | Y7: 1796128
A8: =IFERROR(VLOOKUP(C8,'LT-EN'!$A:$B,2,FALSE)," ") -> NON-LIFE INSURANCE | B8: 1 | C8: NE GYVYBĖS DRAUDIMAS | D8: 0 | E8: 0 | F8: 0 | G8: 12396 | H8: 100 | I8: 263468 | J8: 188 | K8: 758252 | L8: 139109 | M8: 40429 | N8: 21200 | O8: 120699 | P8: 0 | Q8: 21720 | R8: 0 | S8: 316009 | T8: 0 | U8: 2945 | V8: 0 | W8: 29663 | X8: 1614 | Y8: 1727792
A9: =IFERROR(VLOOKUP(C9,'LT-EN'!$A:$B,2,FALSE)," ") -> 1. Medical expense insurance | B9: 2 | C9: 1. Medicininių išlaidų draudimas | D9: 0 | E9: 0 | F9: 0 | G9: 591 | H9: 0 | I9: 214588 | J9: 0 | K9: 758252 | L9: 105931 | M9: 1095 | N9: 21200 | O9: 101145 | P9: 0 | Q9: 522 | R9: 0 | S9: 209584 | T9: 0 | U9: 0 | V9: 0 | W9: 1949 | X9: 0 | Y9: 1414857
A10: =IFERROR(VLOOKUP(C10,'LT-EN'!$A:$B,2,FALSE)," ") -> 1.1. Supplementary voluntary health insurance | B10: 3 | C10: 1.1. Papildomasis savanoriškasis sveikatos draudimas | D10: 0 | E10: 0 | F10: 0 | G10: 0 | H10: 0 | I10: 212487 | J10: 0 | K10: 758252 | L10: 104607 | M10: 0 | N10: 21200 | O10: 100316 | P10: 0 | Q10: 0 | R10: 0 | S10: 207546 | T10: 0 | U10: 0 | V10: 0 | W10: 0 | X10: 0 | Y10: 1404408
A11: =IFERROR(VLOOKUP(C11,'LT-EN'!$A:$B,2,FALSE)," ") -> 1.1.1. Policyholders - legal persons | B11: 4 | C11: 1.1.1. Draudėjai - juridiniai asmenys | D11: 0 | E11: 0 | F11: 0 | G11: 0 | H11: 0 | I11: 206288 | J11: 0 | K11: 758252 | L11: 104272 | M11: 0 | N11: 20809 | O11: 99877 | P11: 0 | Q11: 0 | R11: 0 | S11: 175810 | T11: 0 | U11: 0 | V11: 0 | W11: 0 | X11: 0 | Y11: 1365308
A12: =IFERROR(VLOOKUP(C12,'LT-EN'!$A:$B,2,FALSE)," ") -> 1.1.2. Policyholders - natural persons | B12: 5 | C12: 1.1.2. Draudėjai - fiziniai asmenys | D12: 0 | E12: 0 | F12: 0 | G12: 0 | H12: 0 | I12: 6199 | J12: 0 | K12: 0 | L12: 335 | M12: 0 | N12: 391 | O12: 439 | P12: 0 | Q12: 0 | R12: 0 | S12: 31736 | T12: 0 | U12: 0 | V12: 0 | W12: 0 | X12: 0 | Y12: 39100
A13: =IFERROR(VLOOKUP(C13,'LT-EN'!$A:$B,2,FALSE)," ") -> 1.2. Other | B13: 6 | C13: 1.2. Kita | D13: 0 | E13: 0 | F13: 0 | G13: 591 | H13: 0 | I13: 2101 | J13: 0 | K13: 0 | L13: 1324 | M13: 1095 | N13: 0 | O13: 829 | P13: 0 | Q13: 522 | R13: 0 | S13: 2038 | T13: 0 | U13: 0 | V13: 0 | W13: 1949 | X13: 0 | Y13: 10449
A14: =IFERROR(VLOOKUP(C14,'LT-EN'!$A:$B,2,FALSE)," ") -> 1.2.1. Policyholders - legal persons | B14: 7 | C14: 1.2.1. Draudėjai - juridiniai asmenys | D14: 0 | E14: 0 | F14: 0 | G14: 110 | H14: 0 | I14: 649 | J14: 0 | K14: 0 | L14: 867 | M14: 295 | N14: 0 | O14: 22 | P14: 0 | Q14: 52 | R14: 0 | S14: 1139 | T14: 0 | U14: 0 | V14: 0 | W14: 0 | X14: 0 | Y14: 3134
A15: =IFERROR(VLOOKUP(C15,'LT-EN'!$A:$B,2,FALSE)," ") -> 1.2.2. Policyholders - natural persons | B15: 8 | C15: 1.2.2. Draudėjai - fiziniai asmenys | D15: 0 | E15: 0 | F15: 0 | G15: 481 | H15: 0 | I15: 1452 | J15: 0 | K15: 0 | L15: 457 | M15: 800 | N15: 0 | O15: 807 | P15: 0 | Q15: 470 | R15: 0 | S15: 899 | T15: 0 | U15: 0 | V15: 0 | W15: 1949 | X15: 0 | Y15: 7315
A16: =IFERROR(VLOOKUP(C16,'LT-EN'!$A:$B,2,FALSE)," ") -> 2. Income protection insurance | B16: 9 | C16: 2. Pajamų apsaugos draudimas | D16: 0 | E16: 0 | F16: 0 | G16: 1294 | H16: 0 | I16: 5955 | J16: 0 | K16: 0 | L16: 3170 | M16: 5332 | N16: 0 | O16: 2631 | P16: 0 | Q16: 987 | R16: 0 | S16: 12600 | T16: 0 | U16: 2945 | V16: 0 | W16: 1378 | X16: 0 | Y16: 36292
A17: =IFERROR(VLOOKUP(C17,'LT-EN'!$A:$B,2,FALSE)," ") -> 2.1. Policyholders - legal persons | B17: 10 | C17: 2.1. Draudėjai - juridiniai asmenys | D17: 0 | E17: 0 | F17: 0 | G17: 534 | H17: 0 | I17: 1006 | J17: 0 | K17: 0 | L17: 1080 | M17: 1050 | N17: 0 | O17: 489 | P17: 0 | Q17: 663 | R17: 0 | S17: 1158 | T17: 0 | U17: 2945 | V17: 0 | W17: 0 | X17: 0 | Y17: 8925
A18: =IFERROR(VLOOKUP(C18,'LT-EN'!$A:$B,2,FALSE)," ") -> 2.2. Policyholders - natural persons | B18: 11 | C18: 2.2. Draudėjai - fiziniai asmenys | D18: 0 | E18: 0 | F18: 0 | G18: 760 | H18: 0 | I18: 4949 | J18: 0 | K18: 0 | L18: 2090 | M18: 4282 | N18: 0 | O18: 2142 | P18: 0 | Q18: 324 | R18: 0 | S18: 11442 | T18: 0 | U18: 0 | V18: 0 | W18: 1378 | X18: 0 | Y18: 27367
... A70: =IFERROR(VLOOKUP(C70,'LT-EN'!$A:$B,2,FALSE)," ") -> 4.4. Other life insurance | B70: 63 | C70: 4.4. Kitas gyvybės draudimas | D70: 0 | E70: 0 | F70: 0 | G70: 0 | H70: 0 | I70: 0 | J70: 0 | K70: 0 | L70: 0 | M70: 0 | N70: 0 | O70: 0 | P70: 0 | Q70: 0 | R70: 0 | S70: 0 | T70: 0 | U70: 0 | V70: 0 | W70: 0 | X70: 0 | Y70: 0
A71: =IFERROR(VLOOKUP(C71,'LT-EN'!$A:$B,2,FALSE)," ")
A72: =IFERROR(VLOOKUP(C72,'LT-EN'!$A:$B,2,FALSE)," ")
A73: =IFERROR(VLOOKUP(C73,'LT-EN'!$A:$B,2,FALSE)," ")
A74: =IFERROR(VLOOKUP(C74,'LT-EN'!$A:$B,2,FALSE)," ")
A75: =IFERROR(VLOOKUP(C75,'LT-EN'!$A:$B,2,FALSE)," ")
A76: =IFERROR(VLOOKUP(C76,'LT-EN'!$A:$B,2,FALSE)," ")
A77: =IFERROR(VLOOKUP(C77,'LT-EN'!$A:$B,2,FALSE)," ")
A78: =IFERROR(VLOOKUP(C78,'LT-EN'!$A:$B,2,FALSE)," ")
A79: =IFERROR(VLOOKUP(C79,'LT-EN'!$A:$B,2,FALSE)," ")
A80: =IFERROR(VLOOKUP(C80,'LT-EN'!$A:$B,2,FALSE)," ")
A81: =IFERROR(VLOOKUP(C81,'LT-EN'!$A:$B,2,FALSE)," ")
A82: =IFERROR(VLOOKUP(C82,'LT-EN'!$A:$B,2,FALSE)," ")
... A359: =IFERROR(VLOOKUP(C359,'LT-EN'!$A:$B,2,FALSE)," ")

Sheet DSR15
A1: Claims paid for insurance losses, EUR | C1: Išmokos draudimo žaloms padengti, Eur
A3: ='DSR1'!C3 -> 2026-08-31
B5: Išmokos draudimo žaloms padengti, Eur
A6: Business lines / Insurers | B6: eil.nr | C6: Draudimo grupės / Draudikai | D6: Allianz Lietuva gyvybės draudimas | E6: Artea Life Insurance | F6: ATRADIUS filialas | G6: Balcia Insurance filialas | H6: Baltijas Apdrosinasanas Nams filialas | I6: BTA Insurance Company filialas | J6: COFACE filialas | K6: Compensa Life VIG filialas | L6: Compensa VIG | M6: ERGO Insurance filialas | N6: ERGO Life Insurance | O6: Gjensidige | P6: If P&C Insurance (publ) filialas | Q6: If P&C Insurance filialas | R6: Lamantinas | S6: Lietuvos draudimas | T6: PZU Lietuva gyvybės draudimas | U6: SEB Life and Pension Baltic filialas | V6: Swedbank Life Insurance filialas | W6: Swedbank P&C Insurance filialas | X6: Vereinigte Hagelversicherung filialas VH Lietuva | Y6: All
A7: =IFERROR(VLOOKUP(C7,'LT-EN'!$A:$B,2,FALSE)," ") -> ALL | B7: 0 | C7: Visos | D7: 4321685 | E7: 1527961.6 | F7: 0 | G7: 24361984 | H7: 100477.04 | I7: 87553039 | J7: 1893131 | K7: 25569379 | L7: 57419113 | M7: 62486749 | N7: 5730038.8 | O7: 36097244 | P7: 0 | Q7: 38245061 | R7: 0 | S7: 1.5414527e+08 | T7: 1801193 | U7: 2410578 | V7: 3728543 | W7: 38787044 | X7: 6232698.6 | Y7: 5.5241119e+08
A8: =IFERROR(VLOOKUP(C8,'LT-EN'!$A:$B,2,FALSE)," ") -> NON-LIFE INSURANCE | B8: 1 | C8: NE GYVYBĖS DRAUDIMAS | D8: 0 | E8: 0 | F8: 0 | G8: 24361984 | H8: 100477.04 | I8: 87553039 | J8: 1893131 | K8: 21027947 | L8: 57419113 | M8: 62486749 | N8: 3914692.7 | O8: 36097244 | P8: 0 | Q8: 38245061 | R8: 0 | S8: 1.5414527e+08 | T8: 0 | U8: 270350 | V8: 0 | W8: 38787044 | X8: 6232698.6 | Y8: 5.325348e+08
A9: =IFERROR(VLOOKUP(C9,'LT-EN'!$A:$B,2,FALSE)," ") -> 1. Medical expense insurance | B9: 2 | C9: 1. Medicininių išlaidų draudimas | D9: 0 | E9: 0 | F9: 0 | G9: 477415.79 | H9: 0 | I9: 13840338 | J9: 0 | K9: 21027947 | L9: 7806093 | M9: 918110.39 | N9: 3914692.7 | O9: 6086561.1 | P9: 0 | Q9: 497796.9 | R9: 0 | S9: 13426418 | T9: 0 | U9: 0 | V9: 0 | W9: 1514540.6 | X9: 0 | Y9: 69509914
A10: =IFERROR(VLOOKUP(C10,'LT-EN'!$A:$B,2,FALSE)," ") -> 1.1. Supplementary voluntary health insurance | B10: 3 | C10: 1.1. Papildomasis savanoriškasis sveikatos draudimas | D10: 0 | E10: 0 | F10: 0 | G10: 0 | H10: 0 | I10: 12790444 | J10: 0 | K10: 21027947 | L10: 6801034.4 | M10: 0 | N10: 3914692.7 | O10: 5270691.5 | P10: 0 | Q10: 0 | R10: 0 | S10: 11916483 | T10: 0 | U10: 0 | V10: 0 | W10: 0 | X10: 0 | Y10: 61721293
A11: =IFERROR(VLOOKUP(C11,'LT-EN'!$A:$B,2,FALSE)," ") -> 1.1.1. Policyholders - legal persons | B11: 4 | C11: 1.1.1. Draudėjai - juridiniai asmenys | H11: 0 | I11: 11865803 | K11: 21027947 | L11: 6773165.9 | N11: 3859453.9 | O11: 5237205 | Q11: 0 | S11: 9584003.8 | Y11: 58347579
A12: =IFERROR(VLOOKUP(C12,'LT-EN'!$A:$B,2,FALSE)," ") -> 1.1.2. Policyholders - natural persons | B12: 5 | C12: 1.1.2. Draudėjai - fiziniai asmenys | H12: 0 | I12: 924641 | L12: 27868.5 | N12: 55238.81 | O12: 33486.5 | Q12: 0 | S12: 2332479.2 | Y12: 3373714
A13: =IFERROR(VLOOKUP(C13,'LT-EN'!$A:$B,2,FALSE)," ") -> 1.2. Other | B13: 6 | C13: 1.2. Kita | D13: 0 | E13: 0 | F13: 0 | G13: 477415.79 | H13: 0 | I13: 1049894 | J13: 0 | K13: 0 | L13: 1005058.6 | M13: 918110.39 | N13: 0 | O13: 815869.54 | P13: 0 | Q13: 497796.9 | R13: 0 | S13: 1509935.2 | T13: 0 | U13: 0 | V13: 0 | W13: 1514540.6 | X13: 0 | Y13: 7788621
A14: =IFERROR(VLOOKUP(C14,'LT-EN'!$A:$B,2,FALSE)," ") -> 1.2.1. Policyholders - legal persons | B14: 7 | C14: 1.2.1. Draudėjai - juridiniai asmenys | G14: 141185.51 | H14: 0 | I14: 221124 | L14: 695263.4 | M14: 377080.67 | O14: 6624.57 | Q14: 24923.29 | S14: 762251.68 | Y14: 2228453.1
A15: =IFERROR(VLOOKUP(C15,'LT-EN'!$A:$B,2,FALSE)," ") -> 1.2.2. Policyholders - natural persons | B15: 8 | C15: 1.2.2. Draudėjai - fiziniai asmenys | G15: 336230.28 | H15: 0 | I15: 828770 | L15: 309795.19 | M15: 541029.72 | O15: 809244.97 | Q15: 472873.61 | S15: 747683.52 | W15: 1514540.6 | Y15: 5560167.9
A16: =IFERROR(VLOOKUP(C16,'LT-EN'!$A:$B,2,FALSE)," ") -> 2. Income protection insurance | B16: 9 | C16: 2. Pajamų apsaugos draudimas | D16: 0 | E16: 0 | F16: 0 | G16: 406068.66 | H16: 0 | I16: 2255591 | J16: 0 | K16: 0 | L16: 1062101 | M16: 2124733.2 | N16: 0 | O16: 1052594.4 | P16: 0 | Q16: 455591.39 | R16: 0 | S16: 4830980.4 | T16: 0 | U16: 270350 | V16: 0 | W16: 597395.83 | X16: 0 | Y16: 13055406
A17: =IFERROR(VLOOKUP(C17,'LT-EN'!$A:$B,2,FALSE)," ") -> 2.1. Policyholders - legal persons | B17: 10 | C17: 2.1. Draudėjai - juridiniai asmenys | G17: 198963.6 | H17: 0 | I17: 477677 | L17: 390490.31 | M17: 511045.5 | O17: 301580.91 | Q17: 325406.25 | S17: 720506.4 | U17: 270350 | Y17: 3196020
A18: =IFERROR(VLOOKUP(C18,'LT-EN'!$A:$B,2,FALSE)," ") -> 2.2. Policyholders - natural persons | B18: 11 | C18: 2.2. Draudėjai - fiziniai asmenys | G18: 207105.06 | H18: 0 | I18: 1777914 | L18: 671610.72 | M18: 1613687.7 | O18: 751013.51 | Q18: 130185.14 | S18: 4110474 | W18: 597395.83 | Y18: 9859386
A19: =IFERROR(VLOOKUP(C19,'LT-EN'!$A:$B,2,FALSE)," ") -> 3. Workers' compensation insurance | B19: 12 | C19: 3. Nelaimingų atsitikimų darbe draudimas | H19: 0 | I19: 0 | L19: 0 | O19: 0 | Q19: 0 | S19: 0 | Y19: 0
A20: =IFERROR(VLOOKUP(C20,'LT-EN'!$A:$B,2,FALSE)," ") -> 4. Motor vehicle liability insurance | B20: 13 | C20: 4. Motorinių transporto priemonių valdytojų civilinės atsakomybės draudimas | D20: 0 | E20: 0 | F20: 0 | G20: 15886584 | H20: 100477.04 | I20: 29371868 | J20: 0 | K20: 0 | L20: 15775298 | M20: 29451480 | N20: 0 | O20: 15744128 | P20: 0 | Q20: 12983078 | R20: 0 | S20: 51886409 | T20: 0 | U20: 0 | V20: 0 | W20: 2848064.3 | X20: 0 | Y20: 1.7404739e+08
A21: =IFERROR(VLOOKUP(C21,'LT-EN'!$A:$B,2,FALSE)," ") -> 4.1. Liability arising out of the use of motor vehicles operating on the land insurance | B21: 14 | C21: 4.1. Sausumos transporto priemonių valdytojų civilinės atsakomybės draudimas | D21: 0 | E21: 0 | F21: 0 | G21: 15886584 | H21: 100477.04 | I21: 28939055 | J21: 0 | K21: 0 | L21: 15775298 | M21: 28891629 | N21: 0 | O21: 15585758 | P21: 0 | Q21: 12874997 | R21: 0 | S21: 51615160 | T21: 0 | U21: 0 | V21: 0 | W21: 2848064.3 | X21: 0 | Y21: 1.7251702e+08
A22: =IFERROR(VLOOKUP(C22,'LT-EN'!$A:$B,2,FALSE)," ") -> 4.1.1. Policyholders - legal persons | B22: 15 | C22: 4.1.1. Draudėjai - juridiniai asmenys | G22: 11277545 | H22: 0 | I22: 17685911 | L22: 3394607.9 | M22: 14964596 | O22: 4311345.7 | Q22: 9650458.5 | S22: 21522020 | W22: 133457.11 | Y22: 82939942
A23: =IFERROR(VLOOKUP(C23,'LT-EN'!$A:$B,2,FALSE)," ") -> 4.1.2. Policyholders - natural persons | B23: 16 | C23: 4.1.2. Draudėjai - fiziniai asmenys | G23: 4609039.3 | H23: 100477.04 | I23: 11253144 | L23: 12380690 | M23: 13927032 | O23: 11274413 | Q23: 3224538.4 | S23: 30093140 | W23: 2714607.2 | Y23: 89577081
A24: =IFERROR(VLOOKUP(C24,'LT-EN'!$A:$B,2,FALSE)," ") -> 4.2. Carrier third party liability (CMR) insurance | B24: 17 | C24: 4.2. Vežėjų civilinės atsakomybės draudimas | H24: 0 | I24: 432813 | L24: 0 | M24: 559850.61 | O24: 158369.45 | Q24: 108081.04 | S24: 267710.67 | Y24: 1526824.8
A25: =IFERROR(VLOOKUP(C25,'LT-EN'!$A:$B,2,FALSE)," ") -> 4.3. Liability arising out of use railway rolling stock insurance | B25: 18 | C25: 4.3. Geležinkelių transporto priemonių valdytojų civilinės atsakomybės draudimas | H25: 0 | I25: 0 | L25: 0 | O25: 0 | Q25: 0 | S25: 3537.9 | Y25: 3537.9
A26: =IFERROR(VLOOKUP(C26,'LT-EN'!$A:$B,2,FALSE)," ") -> 5. Other motor insurance | B26: 19 | C26: 5. Kitas transporto priemonių draudimas | D26: 0 | E26: 0 | F26: 0 | G26: 5533820.6 | H26: 0 | I26: 22791914 | J26: 0 | K26: 0 | L26: 16850089 | M26: 19045028 | N26: 0 | O26: 5805936 | P26: 0 | Q26: 16089356 | R26: 0 | S26: 43971647 | T26: 0 | U26: 0 | V26: 0 | W26: 10491375 | X26: 0 | Y26: 1.4057917e+08
A27: =IFERROR(VLOOKUP(C27,'LT-EN'!$A:$B,2,FALSE)," ") -> 5.1. Land vehicles other than railway rolling stock insurance | B27: 20 | C27: 5.1. Sausumos transporto priemonių, išskyrus geležinkelio transporto priemones, draudimas | D27: 0 | E27: 0 | F27: 0 | G27: 5533820.6 | H27: 0 | I27: 22705502 | J27: 0 | K27: 0 | L27: 16850089 | M27: 19045028 | N27: 0 | O27: 5805936 | P27: 0 | Q27: 16089356 | R27: 0 | S27: 43917914 | T27: 0 | U27: 0 | V27: 0 | W27: 10491375 | X27: 0 | Y27: 1.4043902e+08
A28: =IFERROR(VLOOKUP(C28,'LT-EN'!$A:$B,2,FALSE)," ") -> 5.1.1. Policyholders - legal persons | B28: 21 | C28: 5.1.1. Draudėjai - juridiniai asmenys | G28: 2173102.4 | H28: 0 | I28: 12513794 | L28: 7070298.8 | M28: 9075381.4 | O28: 2335900.2 | Q28: 8745638.6 | S28: 22423484 | W28: 1219268.2 | Y28: 65556868
A29: =IFERROR(VLOOKUP(C29,'LT-EN'!$A:$B,2,FALSE)," ") -> 5.1.2. Policyholders - natural persons | B29: 22 | C29: 5.1.2. Draudėjai - fiziniai asmenys | G29: 3360718.3 | H29: 0 | I29: 10191708 | L29: 9779790.3 | M29: 9969646.4 | O29: 3470035.7 | Q29: 7343717.8 | S29: 21494429 | W29: 9272106.6 | Y29: 74882153
A30: =IFERROR(VLOOKUP(C30,'LT-EN'!$A:$B,2,FALSE)," ") -> 5.2. Railway rolling stock insurance | B30: 23 | C30: 5.2. Geležinkelio transporto priemonių draudimas | H30: 0 | I30: 86412 | L30: 0 | O30: 0 | Q30: 0 | S30: 53733.51 | Y30: 140145.51
A31: =IFERROR(VLOOKUP(C31,'LT-EN'!$A:$B,2,FALSE)," ") -> 6. Marine, aviation and transport insurance | B31: 24 | C31: 6. Jūrų, oro ir sausumos transporto priemonių draudimas | D31: 0 | E31: 0 | F31: 0 | G31: 0 | H31: 0 | I31: 14068 | J31: 0 | K31: 0 | L31: 116337.98 | M31: 211161.5 | N31: 0 | O31: 90263.3 | P31: 0 | Q31: 63557.9 | R31: 0 | S31: 74691.36 | T31: 0 | U31: 0 | V31: 0 | W31: 0 | X31: 0 | Y31: 570080.04
A32: =IFERROR(VLOOKUP(C32,'LT-EN'!$A:$B,2,FALSE)," ") -> 6.1. Liability arising out of use of ships (sea and internal waters) insurance | B32: 25 | C32: 6.1. Laivų (jūrų ir vidaus vandenų) valdytojų civilinės atsakomybės draudimas | H32: 0 | I32: 0 | L32: 0 | O32: 0 | Q32: 0 | S32: 0 | Y32: 0
A33: =IFERROR(VLOOKUP(C33,'LT-EN'!$A:$B,2,FALSE)," ") -> 6.2. Ships (sea and internal waters) insurance | B33: 26 | C33: 6.2. Laivų (jūrų ir vidaus vandenų) draudimas | H33: 0 | I33: 3663 | L33: 0 | M33: 99207.4 | O33: 4527.3 | Q33: 145.2 | S33: 13496.56 | Y33: 121039.46
A34: =IFERROR(VLOOKUP(C34,'LT-EN'!$A:$B,2,FALSE)," ") -> 6.3. Liability arising out of the use of aircraft insurance | B34: 27 | C34: 6.3. Skraidymo aparatų valdytojų civilinės atsakomybės draudimas | H34: 0 | I34: 0 | L34: 0 | O34: 0 | Q34: 0 | S34: 0 | Y34: 0
A35: =IFERROR(VLOOKUP(C35,'LT-EN'!$A:$B,2,FALSE)," ") -> 6.4. Aircraft insurance | B35: 28 | C35: 6.4. Skraidymo aparatų draudimas | H35: 0 | I35: 0 | L35: 0 | O35: 0 | Q35: 0 | S35: 0 | Y35: 0
A36: =IFERROR(VLOOKUP(C36,'LT-EN'!$A:$B,2,FALSE)," ") -> 6.5. Goods in transit insurance | B36: 29 | C36: 6.5. Vežamų krovinių draudimas | H36: 0 | I36: 10405 | L36: 116337.98 | M36: 111954.1 | O36: 85736 | Q36: 63412.7 | S36: 61194.8 | Y36: 449040.58
A37: =IFERROR(VLOOKUP(C37,'LT-EN'!$A:$B,2,FALSE)," ") -> 7. Fire and other damage to property insurance | B37: 30 | C37: 7. Draudimas nuo gaisro ir kitos žalos, padarytos turtui | D37: 0 | E37: 0 | F37: 0 | G37: 1860255.1 | H37: 0 | I37: 13965147 | J37: 0 | K37: 0 | L37: 12974875 | M37: 9690708.1 | N37: 0 | O37: 5769106.4 | P37: 0 | Q37: 4897060.2 | R37: 0 | S37: 36664115 | T37: 0 | U37: 0 | V37: 0 | W37: 19513845 | X37: 6232698.6 | Y37: 1.1156781e+08
A38: =IFERROR(VLOOKUP(C38,'LT-EN'!$A:$B,2,FALSE)," ") -> 7.1. Crop insurance | B38: 31 | C38: 7.1. Pasėlių draudimas | H38: 0 | I38: 235366 | L38: 2363.38 | O38: 0 | Q38: 0 | S38: 0 | X38: 6232698.6 | Y38: 6470428
A39: =IFERROR(VLOOKUP(C39,'LT-EN'!$A:$B,2,FALSE)," ") -> 7.2. Livestock insurance | B39: 32 | C39: 7.2. Gyvūnų draudimas | H39: 0 | I39: 451921 | L39: 0 | M39: 759619.55 | O39: 1800 | Q39: 0 | S39: 281923.66 | Y39: 1495264.2
A40: =IFERROR(VLOOKUP(C40,'LT-EN'!$A:$B,2,FALSE)," ") -> 7.3. Other property insurance | B40: 33 | C40: 7.3. Kitas turto draudimas | D40: 0 | E40: 0 | F40: 0 | G40: 1860255.1 | H40: 0 | I40: 13277860 | J40: 0 | K40: 0 | L40: 12972511 | M40: 8931088.6 | N40: 0 | O40: 5767306.4 | P40: 0 | Q40: 4897060.2 | R40: 0 | S40: 36382191 | T40: 0 | U40: 0 | V40: 0 | W40: 19513845 | X40: 0 | Y40: 1.0360212e+08
A41: =IFERROR(VLOOKUP(C41,'LT-EN'!$A:$B,2,FALSE)," ") -> 7.3.1. Policyholders - legal persons | B41: 34 | C41: 7.3.1. Draudėjai - juridiniai asmenys | G41: 425432.32 | H41: 0 | I41: 6468726 | L41: 8249407.5 | M41: 2802159 | O41: 1563310 | Q41: 2112013.2 | S41: 5383071.9 | W41: 23685.73 | Y41: 27027806
A42: =IFERROR(VLOOKUP(C42,'LT-EN'!$A:$B,2,FALSE)," ") -> 7.3.2. Policyholders - natural persons | B42: 35 | C42: 7.3.2. Draudėjai - fiziniai asmenys | G42: 1434822.7 | H42: 0 | I42: 6809134 | L42: 4723103.8 | M42: 6128929.6 | O42: 4203996.4 | Q42: 2785047 | S42: 30999119 | W42: 19490159 | Y42: 76574312
A43: =IFERROR(VLOOKUP(C43,'LT-EN'!$A:$B,2,FALSE)," ") -> 8. General liability insurance | B43: 36 | C43: 8. Bendrosios civilinės atsakomybės draudimas | D43: 0 | E43: 0 | F43: 0 | G43: 177762.45 | H43: 0 | I43: 3605288 | J43: 0 | K43: 0 | L43: 1651838.3 | M43: 995746.82 | N43: 0 | O43: 706275.69 | P43: 0 | Q43: 3251367.5 | R43: 0 | S43: 2777444.5 | T43: 0 | U43: 0 | V43: 0 | W43: 1591196.5 | X43: 0 | Y43: 14756920
A44: =IFERROR(VLOOKUP(C44,'LT-EN'!$A:$B,2,FALSE)," ") -> 8.1. Compulsory liability insurance | B44: 37 | C44: 8.1. Privalomieji bendrosios civilinės atsakomybės draudimai | H44: 0 | I44: 47805 | L44: 122769.08 | M44: 35286.2 | O44: 21907.94 | Q44: 123132.58 | S44: 105726.04 | Y44: 456626.84
A45: =IFERROR(VLOOKUP(C45,'LT-EN'!$A:$B,2,FALSE)," ") -> 8.2. Other | B45: 38 | C45: 8.2. Kita | D45: 0 | E45: 0 | F45: 0 | G45: 177762.45 | H45: 0 | I45: 3557483 | J45: 0 | K45: 0 | L45: 1529069.2 | M45: 960460.62 | N45: 0 | O45: 684367.75 | P45: 0 | Q45: 3128234.9 | R45: 0 | S45: 2671718.4 | T45: 0 | U45: 0 | V45: 0 | W45: 1591196.5 | X45: 0 | Y45: 14300293
A46: =IFERROR(VLOOKUP(C46,'LT-EN'!$A:$B,2,FALSE)," ") -> 8.2.1. Policyholders - legal persons | B46: 39 | C46: 8.2.1. Draudėjai - juridiniai asmenys | G46: 86853.74 | H46: 0 | I46: 3095264 | L46: 1264946.9 | M46: 604062.98 | O46: 430429.57 | Q46: 2962265.9 | S46: 662214.8 | Y46: 9106037.9
A47: =IFERROR(VLOOKUP(C47,'LT-EN'!$A:$B,2,FALSE)," ") -> 8.2.2. Policyholders - natural persons | B47: 40 | C47: 8.2.2. Draudėjai - fiziniai asmenys | G47: 90908.71 | H47: 0 | I47: 462219 | L47: 264122.37 | M47: 356397.64 | O47: 253938.18 | Q47: 165969.01 | S47: 2009503.6 | W47: 1591196.5 | Y47: 5194255.1
A48: =IFERROR(VLOOKUP(C48,'LT-EN'!$A:$B,2,FALSE)," ") -> 9. Credit and suretyship insurance | B48: 41 | C48: 9. Kredito ir laidavimo draudimas | D48: 0 | E48: 0 | F48: 0 | G48: 0 | H48: 0 | I48: 436263 | J48: 1893131 | K48: 0 | L48: 292648.49 | M48: 43755.62 | N48: 0 | O48: 77389.85 | P48: 0 | Q48: 0 | R48: 0 | S48: 513567.16 | T48: 0 | U48: 0 | V48: 0 | W48: 0 | X48: 0 | Y48: 3256755.1
A49: =IFERROR(VLOOKUP(C49,'LT-EN'!$A:$B,2,FALSE)," ") -> 9.1. Credit insurance | B49: 42 | C49: 9.1. Kredito draudimas | H49: 0 | I49: 0 | J49: 1893131 | L49: 0 | O49: 0 | Q49: 0 | S49: 0 | Y49: 1893131
A50: =IFERROR(VLOOKUP(C50,'LT-EN'!$A:$B,2,FALSE)," ") -> 9.2. Suretyship insurance | B50: 43 | C50: 9.2. Laidavimo draudimas | D50: 0 | E50: 0 | F50: 0 | G50: 0 | H50: 0 | I50: 436263 | J50: 0 | K50: 0 | L50: 292648.49 | M50: 43755.62 | N50: 0 | O50: 77389.85 | P50: 0 | Q50: 0 | R50: 0 | S50: 513567.16 | T50: 0 | U50: 0 | V50: 0 | W50: 0 | X50: 0 | Y50: 1363624.1
A51: =IFERROR(VLOOKUP(C51,'LT-EN'!$A:$B,2,FALSE)," ") -> 9.2.1 Insurance of liability performing customs procedures | B51: 44 | C51: 9.2.1 Atsakomybės, atliekant muitinės procedūras, draudimas | H51: 0 | I51: 109546 | L51: 0 | O51: 0 | Q51: 0 | S51: 0 | Y51: 109546
A52: =IFERROR(VLOOKUP(C52,'LT-EN'!$A:$B,2,FALSE)," ") -> 9.2.2. Other suretyship insurance | B52: 45 | C52: 9.2.2. Kitas laidavimo draudimas | H52: 0 | I52: 326717 | L52: 292648.49 | M52: 43755.62 | O52: 77389.85 | Q52: 0 | S52: 513567.16 | Y52: 1254078.1
A53: =IFERROR(VLOOKUP(C53,'LT-EN'!$A:$B,2,FALSE)," ") -> 10. Legal expenses insurance | B53: 46 | C53: 10. Teisinių išlaidų draudimas | H53: 0 | I53: 0 | L53: 0 | O53: 0 | Q53: 0 | S53: 0 | Y53: 0
A54: =IFERROR(VLOOKUP(C54,'LT-EN'!$A:$B,2,FALSE)," ") -> 11. Assistance | B54: 47 | C54: 11. Pagalbos draudimas | G54: 19678.88 | H54: 0 | I54: 1272562 | L54: 463946.35 | M54: 6025.53 | O54: 706909.3 | Q54: 0 | S54: 0 | Y54: 2469122.1
A55: =IFERROR(VLOOKUP(C55,'LT-EN'!$A:$B,2,FALSE)," ") -> 12. Miscellaneous financial loss | B55: 48 | C55: 12. Finansinių nuostolių draudimas | G55: 398.34 | H55: 0 | I55: 0 | L55: 425886.13 | M55: 0 | O55: 58080.61 | Q55: 7253.23 | S55: 0 | W55: 2230627.4 | Y55: 2722245.7
A56: =IFERROR(VLOOKUP(C56,'LT-EN'!$A:$B,2,FALSE)," ") -> LIFE ASSURANCE | B56: 49 | C56: GYVYBĖS DRAUDIMAS | D56: 4321685 | E56: 1527961.6 | F56: 0 | G56: 0 | H56: 0 | I56: 0 | J56: 0 | K56: 4541431.9 | L56: 0 | M56: 0 | N56: 1815346.1 | O56: 0 | P56: 0 | Q56: 0 | R56: 0 | S56: 0 | T56: 1801193 | U56: 2140228 | V56: 3728543 | W56: 0 | X56: 0 | Y56: 19876388
A57: =IFERROR(VLOOKUP(C57,'LT-EN'!$A:$B,2,FALSE)," ") -> 1. Health insurance | B57: 50 | C57: 1. Sveikatos draudimas | K57: 273000 | N57: 948021.32 | O57: 0 | Y57: 1221021.3
A58: =IFERROR(VLOOKUP(C58,'LT-EN'!$A:$B,2,FALSE)," ") -> 2. Insurance with profit participation | B58: 51 | C58: 2. Draudimas su teise dalytis pelną | D58: 0 | E58: 72913.45 | F58: 0 | G58: 0 | H58: 0 | I58: 0 | J58: 0 | K58: 897071.45 | L58: 0 | M58: 0 | N58: 165581.87 | O58: 0 | P58: 0 | Q58: 0 | R58: 0 | S58: 0 | T58: 290744 | U58: 101131.68 | V58: 13728 | W58: 0 | X58: 0 | Y58: 1541170.4
A59: =IFERROR(VLOOKUP(C59,'LT-EN'!$A:$B,2,FALSE)," ") -> 2.1. Insurance in case of survival | B59: 52 | C59: 2.1. Draudimas išgyvenimo atveju | E59: 59322.58 | K59: 897071.45 | N59: 17482.41 | O59: 0 | T59: 290744 | U59: 0 | V59: 13496 | Y59: 1278116.4
A60: =IFERROR(VLOOKUP(C60,'LT-EN'!$A:$B,2,FALSE)," ") -> 2.2. Annuities | B60: 53 | C60: 2.2. Anuitetai | E60: 13590.87 | K60: 0 | N60: 148099.46 | O60: 0 | Q60: 0 | U60: 101131.68 | V60: 0 | Y60: 262822.01
A61: =IFERROR(VLOOKUP(C61,'LT-EN'!$A:$B,2,FALSE)," ") -> 2.3.Insurance in case of death | B61: 54 | C61: 2.3. Draudimas mirties atveju | K61: 0 | N61: 0 | O61: 0 | V61: 0 | Y61: 0
A62: =IFERROR(VLOOKUP(C62,'LT-EN'!$A:$B,2,FALSE)," ") -> 2.4. Other insurance with profit participation | B62: 55 | C62: 2.4. Kitas draudimas, suteikiantis teisę gauti pelno dalį | K62: 0 | N62: 0 | O62: 0 | V62: 232 | Y62: 232
A63: =IFERROR(VLOOKUP(C63,'LT-EN'!$A:$B,2,FALSE)," ") -> 3. Index-linked and unit-linked insurance | B63: 56 | C63: 3. Su indeksu ir investiciniais vienetais susijęs draudimas | D63: 4016606 | E63: 1179729.7 | F63: 0 | G63: 0 | H63: 0 | I63: 0 | J63: 0 | K63: 2436224 | L63: 0 | M63: 0 | N63: 581391.15 | O63: 0 | P63: 0 | Q63: 0 | R63: 0 | S63: 0 | T63: 1157926 | U63: 597016.21 | V63: 46738 | W63: 0 | X63: 0 | Y63: 10015631
A64: =IFERROR(VLOOKUP(C64,'LT-EN'!$A:$B,2,FALSE)," ") -> 3.1. Index-linked and unit-linked insurance, when the insurance risk is significant | B64: 57 | C64: 3.1. Su indeksu ir investiciniais vienetais susijęs draudimas, kai draudimo rizika yra reikšminga | D64: 4016606 | E64: 1146600.7 | K64: 0 | N64: 581391.15 | O64: 0 | T64: 1157726 | U64: 596945.18 | V64: 46187 | Y64: 7545456
A65: =IFERROR(VLOOKUP(C65,'LT-EN'!$A:$B,2,FALSE)," ") -> 3.2. Index-linked and unit-linked insurance, when the insurance risk is insignificant | B65: 58 | C65: 3.2. Su indeksu ir investiciniais vienetais susijęs draudimas, kai draudimo rizika yra nereikšminga* | E65: 33129.01 | K65: 2436224 | N65: 0 | O65: 0 | Q65: 0 | T65: 200 | U65: 71.03 | V65: 551 | Y65: 2470175
A66: =IFERROR(VLOOKUP(C66,'LT-EN'!$A:$B,2,FALSE)," ") -> 4. Other life insurance | B66: 59 | C66: 4. Kitas gyvybės draudimas | D66: 305079 | E66: 275318.42 | F66: 0 | G66: 0 | H66: 0 | I66: 0 | J66: 0 | K66: 935136.45 | L66: 0 | M66: 0 | N66: 120351.72 | O66: 0 | P66: 0 | Q66: 0 | R66: 0 | S66: 0 | T66: 352523 | U66: 1442080.1 | V66: 3668077 | W66: 0 | X66: 0 | Y66: 7098565.7
A67: =IFERROR(VLOOKUP(C67,'LT-EN'!$A:$B,2,FALSE)," ") -> 4.1. Insurance in case of survival | B67: 60 | C67: 4.1. Draudimas išgyvenimo atveju | K67: 0 | N67: 0 | O67: 0 | V67: 0 | Y67: 0
A68: =IFERROR(VLOOKUP(C68,'LT-EN'!$A:$B,2,FALSE)," ") -> 4.2. Annuities | B68: 61 | C68: 4.2. Anuitetai | K68: 202903.1 | N68: 0 | O68: 0 | Q68: 0 | V68: 0 | Y68: 202903.1
A69: =IFERROR(VLOOKUP(C69,'LT-EN'!$A:$B,2,FALSE)," ") -> 4.3. Insurance in case of death | B69: 62 | C69: 4.3. Draudimas mirties atveju | D69: 305079 | E69: 275318.42 | K69: 732233.35 | N69: 120351.72 | O69: 0 | T69: 352523 | U69: 1442080.1 | V69: 3668077 | Y69: 6895662.5
A70: =IFERROR(VLOOKUP(C70,'LT-EN'!$A:$B,2,FALSE)," ") -> 4.4. Other life insurance | B70: 63 | C70: 4.4. Kitas gyvybės draudimas | K70: 0 | N70: 0 | O70: 0 | Q70: 0 | V70: 0 | Y70: 0
A71: =IFERROR(VLOOKUP(C71,'LT-EN'!$A:$B,2,FALSE)," ")
A72: =IFERROR(VLOOKUP(C72,'LT-EN'!$A:$B,2,FALSE)," ")
A73: =IFERROR(VLOOKUP(C73,'LT-EN'!$A:$B,2,FALSE)," ")
A74: =IFERROR(VLOOKUP(C74,'LT-EN'!$A:$B,2,FALSE)," ")
A75: =IFERROR(VLOOKUP(C75,'LT-EN'!$A:$B,2,FALSE)," ")
A76: =IFERROR(VLOOKUP(C76,'LT-EN'!$A:$B,2,FALSE)," ")
A77: =IFERROR(VLOOKUP(C77,'LT-EN'!$A:$B,2,FALSE)," ")
A78: =IFERROR(VLOOKUP(C78,'LT-EN'!$A:$B,2,FALSE)," ")
A79: =IFERROR(VLOOKUP(C79,'LT-EN'!$A:$B,2,FALSE)," ")
A80: =IFERROR(VLOOKUP(C80,'LT-EN'!$A:$B,2,FALSE)," ")
A81: =IFERROR(VLOOKUP(C81,'LT-EN'!$A:$B,2,FALSE)," ")
A82: =IFERROR(VLOOKUP(C82,'LT-EN'!$A:$B,2,FALSE)," ")
... A433: =IFERROR(VLOOKUP(C433,'LT-EN'!$A:$B,2,FALSE)," ")

Sheet DSR17
A1: Payment of the investment component after the expiration of the insurance contract, EUR | C1: Investicinio komponento išmokėjimas pasibaigus draudimo sutarties terminui, Eur
A3: ='DSR1'!C3 -> 2026-08-31
B5: Investicinio komponento išmokėjimas pasibaigus draudimo sutarties terminui, Eur
A6: Business lines / Insurers | B6: eil.nr | C6: Draudimo grupės / Draudikai | D6: Allianz Lietuva gyvybės draudimas | E6: Artea Life Insurance | F6: ATRADIUS filialas | G6: Balcia Insurance filialas | H6: Baltijas Apdrosinasanas Nams filialas | I6: BTA Insurance Company filialas | J6: COFACE filialas | K6: Compensa Life VIG filialas | L6: Compensa VIG | M6: ERGO Insurance filialas | N6: ERGO Life Insurance | O6: Gjensidige | P6: If P&C Insurance (publ) filialas | Q6: If P&C Insurance filialas | R6: Lamantinas | S6: Lietuvos draudimas | T6: PZU Lietuva gyvybės draudimas | U6: SEB Life and Pension Baltic filialas | V6: Swedbank Life Insurance filialas | W6: Swedbank P&C Insurance filialas | X6: Vereinigte Hagelversicherung filialas VH Lietuva | Y6: All
A7: =IFERROR(VLOOKUP(C7,'LT-EN'!$A:$B,2,FALSE)," ") -> ALL | B7: 0 | C7: Visos | D7: 3301634 | E7: 3048430.9 | F7: 0 | G7: 0 | H7: 0 | I7: 0 | J7: 0 | K7: 3091711.7 | L7: 0 | M7: 0 | N7: 6475920 | O7: 0 | P7: 0 | Q7: 0 | R7: 0 | S7: 0 | T7: 2219492 | U7: 12302946 | V7: 13554760 | W7: 0 | X7: 0 | Y7: 43994894
A8: =IFERROR(VLOOKUP(C8,'LT-EN'!$A:$B,2,FALSE)," ") -> LIFE ASSURANCE | B8: 49 | C8: GYVYBĖS DRAUDIMAS | D8: 3301634 | E8: 3048430.9 | F8: 0 | G8: 0 | H8: 0 | I8: 0 | J8: 0 | K8: 3091711.7 | L8: 0 | M8: 0 | N8: 6475920 | O8: 0 | P8: 0 | Q8: 0 | R8: 0 | S8: 0 | T8: 2219492 | U8: 12302946 | V8: 13554760 | W8: 0 | X8: 0 | Y8: 43994894
A9: =IFERROR(VLOOKUP(C9,'LT-EN'!$A:$B,2,FALSE)," ") -> 1. Health insurance | B9: 50 | C9: 1. Sveikatos draudimas | K9: 0 | N9: 0 | T9: 0 | V9: 0 | Y9: 0
A10: =IFERROR(VLOOKUP(C10,'LT-EN'!$A:$B,2,FALSE)," ") -> 2. Insurance with profit participation | B10: 51 | C10: 2. Draudimas su teise dalytis pelną | E10: 394839.07 | K10: 2378737.1 | N10: 4912266.5 | T10: 1357484 | U10: 29104.86 | V10: 1289657 | Y10: 10362088
A11: =IFERROR(VLOOKUP(C11,'LT-EN'!$A:$B,2,FALSE)," ") -> 2.1. Insurance in case of survival | B11: 52 | C11: 2.1. Draudimas išgyvenimo atveju
A12: =IFERROR(VLOOKUP(C12,'LT-EN'!$A:$B,2,FALSE)," ") -> 2.2. Annuities | B12: 53 | C12: 2.2. Anuitetai
A13: =IFERROR(VLOOKUP(C13,'LT-EN'!$A:$B,2,FALSE)," ") -> 2.3.Insurance in case of death | B13: 54 | C13: 2.3. Draudimas mirties atveju
A14: =IFERROR(VLOOKUP(C14,'LT-EN'!$A:$B,2,FALSE)," ") -> 2.4. Other insurance with profit participation | B14: 55 | C14: 2.4. Kitas draudimas, suteikiantis teisę gauti pelno dalį
A15: =IFERROR(VLOOKUP(C15,'LT-EN'!$A:$B,2,FALSE)," ") -> 3. Index-linked and unit-linked insurance | B15: 56 | C15: 3. Su indeksu ir investiciniais vienetais susijęs draudimas | D15: 3301634 | E15: 2653591.8 | F15: 0 | G15: 0 | H15: 0 | I15: 0 | J15: 0 | K15: 712974.67 | L15: 0 | M15: 0 | N15: 1563653.5 | O15: 0 | P15: 0 | Q15: 0 | R15: 0 | S15: 0 | T15: 862008 | U15: 12273841 | V15: 12265103 | W15: 0 | X15: 0 | Y15: 33632806
A16: =IFERROR(VLOOKUP(C16,'LT-EN'!$A:$B,2,FALSE)," ") -> 3.1. Index-linked and unit-linked insurance, when the insurance risk is significant | B16: 57 | C16: 3.1. Su indeksu ir investiciniais vienetais susijęs draudimas, kai draudimo rizika yra reikšminga | D16: 3301634 | E16: 1941788.1 | K16: 0 | N16: 1259932.9 | T16: 839586 | U16: 8635846.2 | V16: 11794102 | Y16: 27772889
A17: =IFERROR(VLOOKUP(C17,'LT-EN'!$A:$B,2,FALSE)," ") -> 3.2. Index-linked and unit-linked insurance, when the insurance risk is insignificant | B17: 58 | C17: 3.2. Su indeksu ir investiciniais vienetais susijęs draudimas, kai draudimo rizika yra nereikšminga* | E17: 711803.78 | K17: 712974.67 | N17: 303720.6 | T17: 22422 | U17: 3637994.8 | V17: 471001 | Y17: 5859916.8
A18: =IFERROR(VLOOKUP(C18,'LT-EN'!$A:$B,2,FALSE)," ") -> 4. Other life insurance | B18: 59 | C18: 4. Kitas gyvybės draudimas | E18: 0 | K18: 0 | T18: 0 | V18: 0 | Y18: 0
A19: =IFERROR(VLOOKUP(C19,'LT-EN'!$A:$B,2,FALSE)," ") -> 4.1. Insurance in case of survival | B19: 60 | C19: 4.1. Draudimas išgyvenimo atveju
A20: =IFERROR(VLOOKUP(C20,'LT-EN'!$A:$B,2,FALSE)," ") -> 4.2. Annuities | B20: 61 | C20: 4.2. Anuitetai
A21: =IFERROR(VLOOKUP(C21,'LT-EN'!$A:$B,2,FALSE)," ") -> 4.3. Insurance in case of death | B21: 62 | C21: 4.3. Draudimas mirties atveju
A22: =IFERROR(VLOOKUP(C22,'LT-EN'!$A:$B,2,FALSE)," ") -> 4.4. Other life insurance | B22: 63 | C22: 4.4. Kitas gyvybės draudimas
A23: =IFERROR(VLOOKUP(C23,'LT-EN'!$A:$B,2,FALSE)," ")
A24: =IFERROR(VLOOKUP(C24,'LT-EN'!$A:$B,2,FALSE)," ")
A25: =IFERROR(VLOOKUP(C25,'LT-EN'!$A:$B,2,FALSE)," ")
A26: =IFERROR(VLOOKUP(C26,'LT-EN'!$A:$B,2,FALSE)," ")
A27: =IFERROR(VLOOKUP(C27,'LT-EN'!$A:$B,2,FALSE)," ")
A28: =IFERROR(VLOOKUP(C28,'LT-EN'!$A:$B,2,FALSE)," ")
A29: =IFERROR(VLOOKUP(C29,'LT-EN'!$A:$B,2,FALSE)," ")
A30: =IFERROR(VLOOKUP(C30,'LT-EN'!$A:$B,2,FALSE)," ")
A31: =IFERROR(VLOOKUP(C31,'LT-EN'!$A:$B,2,FALSE)," ")
A32: =IFERROR(VLOOKUP(C32,'LT-EN'!$A:$B,2,FALSE)," ")
A33: =IFERROR(VLOOKUP(C33,'LT-EN'!$A:$B,2,FALSE)," ")
A34: =IFERROR(VLOOKUP(C34,'LT-EN'!$A:$B,2,FALSE)," ")
... A90: =IFERROR(VLOOKUP(C90,'LT-EN'!$A:$B,2,FALSE)," ")

Sheet DSR18
A1: Payment of the investment component after termination of the insurance contract, EUR | C1: Investicinio komponento išmokėjimas nutraukus draudimo sutartį, Eur
A3: ='DSR1'!C3 -> 2026-08-31
B5: Investicinio komponento išmokėjimas nutraukus draudimo sutartį, Eur
A6: Business lines / Insurers | B6: eil.nr | C6: Draudimo grupės / Draudikai | D6: Allianz Lietuva gyvybės draudimas | E6: Artea Life Insurance | F6: ATRADIUS filialas | G6: Balcia Insurance filialas | H6: Baltijas Apdrosinasanas Nams filialas | I6: BTA Insurance Company filialas | J6: COFACE filialas | K6: Compensa Life VIG filialas | L6: Compensa VIG | M6: ERGO Insurance filialas | N6: ERGO Life Insurance | O6: Gjensidige | P6: If P&C Insurance (publ) filialas | Q6: If P&C Insurance filialas | R6: Lamantinas | S6: Lietuvos draudimas | T6: PZU Lietuva gyvybės draudimas | U6: SEB Life and Pension Baltic filialas | V6: Swedbank Life Insurance filialas | W6: Swedbank P&C Insurance filialas | X6: Vereinigte Hagelversicherung filialas VH Lietuva | Y6: All
A7: =IFERROR(VLOOKUP(C7,'LT-EN'!$A:$B,2,FALSE)," ") -> ALL | B7: 0 | C7: Visos | D7: 12169249 | E7: 4337586.4 | F7: 0 | G7: 0 | H7: 0 | I7: 0 | J7: 0 | K7: 14224409 | L7: 0 | M7: 0 | N7: 4177913.7 | O7: 0 | P7: 0 | Q7: 0 | R7: 0 | S7: 0 | T7: 2771050 | U7: 8359423.4 | V7: 12277515 | W7: 0 | X7: 0 | Y7: 58317146
A8: =IFERROR(VLOOKUP(C8,'LT-EN'!$A:$B,2,FALSE)," ") -> LIFE ASSURANCE | B8: 49 | C8: GYVYBĖS DRAUDIMAS | D8: 12169249 | E8: 4337586.4 | F8: 0 | G8: 0 | H8: 0 | I8: 0 | J8: 0 | K8: 14224409 | L8: 0 | M8: 0 | N8: 4177913.7 | O8: 0 | P8: 0 | Q8: 0 | R8: 0 | S8: 0 | T8: 2771050 | U8: 8359423.4 | V8: 12277515 | W8: 0 | X8: 0 | Y8: 58317146
A9: =IFERROR(VLOOKUP(C9,'LT-EN'!$A:$B,2,FALSE)," ") -> 1. Health insurance | B9: 50 | C9: 1. Sveikatos draudimas | K9: 159.12 | N9: 0 | T9: 0 | V9: 0 | Y9: 159.12
A10: =IFERROR(VLOOKUP(C10,'LT-EN'!$A:$B,2,FALSE)," ") -> 2. Insurance with profit participation | B10: 51 | C10: 2. Draudimas su teise dalytis pelną | E10: 354151.83 | K10: 6324648 | N10: 1965115.6 | T10: 1100599 | U10: 20038.37 | V10: 139380 | Y10: 9903932.8
A11: =IFERROR(VLOOKUP(C11,'LT-EN'!$A:$B,2,FALSE)," ") -> 2.1. Insurance in case of survival | B11: 52 | C11: 2.1. Draudimas išgyvenimo atveju
A12: =IFERROR(VLOOKUP(C12,'LT-EN'!$A:$B,2,FALSE)," ") -> 2.2. Annuities | B12: 53 | C12: 2.2. Anuitetai
A13: =IFERROR(VLOOKUP(C13,'LT-EN'!$A:$B,2,FALSE)," ") -> 2.3.Insurance in case of death | B13: 54 | C13: 2.3. Draudimas mirties atveju
A14: =IFERROR(VLOOKUP(C14,'LT-EN'!$A:$B,2,FALSE)," ") -> 2.4. Other insurance with profit participation | B14: 55 | C14: 2.4. Kitas draudimas, suteikiantis teisę gauti pelno dalį
A15: =IFERROR(VLOOKUP(C15,'LT-EN'!$A:$B,2,FALSE)," ") -> 3. Index-linked and unit-linked insurance | B15: 56 | C15: 3. Su indeksu ir investiciniais vienetais susijęs draudimas | D15: 12169249 | E15: 3983434.6 | F15: 0 | G15: 0 | H15: 0 | I15: 0 | J15: 0 | K15: 7892560.1 | L15: 0 | M15: 0 | N15: 2212798.1 | O15: 0 | P15: 0 | Q15: 0 | R15: 0 | S15: 0 | T15: 1669375 | U15: 8331772.9 | V15: 12138135 | W15: 0 | X15: 0 | Y15: 48397325
A16: =IFERROR(VLOOKUP(C16,'LT-EN'!$A:$B,2,FALSE)," ") -> 3.1. Index-linked and unit-linked insurance, when the insurance risk is significant | B16: 57 | C16: 3.1. Su indeksu ir investiciniais vienetais susijęs draudimas, kai draudimo rizika yra reikšminga | D16: 12169249 | E16: 2940620.4 | K16: 0 | N16: 1894442.7 | T16: 1441936 | U16: 4119741.4 | V16: 11346544 | Y16: 33912534
A17: =IFERROR(VLOOKUP(C17,'LT-EN'!$A:$B,2,FALSE)," ") -> 3.2. Index-linked and unit-linked insurance, when the insurance risk is insignificant | B17: 58 | C17: 3.2. Su indeksu ir investiciniais vienetais susijęs draudimas, kai draudimo rizika yra nereikšminga* | E17: 1042814.2 | K17: 7892560.1 | N17: 318355.34 | T17: 227439 | U17: 4212031.5 | V17: 791591 | Y17: 14484791
A18: =IFERROR(VLOOKUP(C18,'LT-EN'!$A:$B,2,FALSE)," ") -> 4. Other life insurance | B18: 59 | C18: 4. Kitas gyvybės draudimas | E18: 0 | K18: 7041.75 | T18: 1076 | U18: 7612.14 | V18: 0 | Y18: 15729.89
A19: =IFERROR(VLOOKUP(C19,'LT-EN'!$A:$B,2,FALSE)," ") -> 4.1. Insurance in case of survival | B19: 60 | C19: 4.1. Draudimas išgyvenimo atveju
A20: =IFERROR(VLOOKUP(C20,'LT-EN'!$A:$B,2,FALSE)," ") -> 4.2. Annuities | B20: 61 | C20: 4.2. Anuitetai
A21: =IFERROR(VLOOKUP(C21,'LT-EN'!$A:$B,2,FALSE)," ") -> 4.3. Insurance in case of death | B21: 62 | C21: 4.3. Draudimas mirties atveju
A22: =IFERROR(VLOOKUP(C22,'LT-EN'!$A:$B,2,FALSE)," ") -> 4.4. Other life insurance | B22: 63 | C22: 4.4. Kitas gyvybės draudimas
A23: =IFERROR(VLOOKUP(C23,'LT-EN'!$A:$B,2,FALSE)," ")
A24: =IFERROR(VLOOKUP(C24,'LT-EN'!$A:$B,2,FALSE)," ")
A25: =IFERROR(VLOOKUP(C25,'LT-EN'!$A:$B,2,FALSE)," ")
A26: =IFERROR(VLOOKUP(C26,'LT-EN'!$A:$B,2,FALSE)," ")
A27: =IFERROR(VLOOKUP(C27,'LT-EN'!$A:$B,2,FALSE)," ")
A28: =IFERROR(VLOOKUP(C28,'LT-EN'!$A:$B,2,FALSE)," ")
A29: =IFERROR(VLOOKUP(C29,'LT-EN'!$A:$B,2,FALSE)," ")
A30: =IFERROR(VLOOKUP(C30,'LT-EN'!$A:$B,2,FALSE)," ")
A31: =IFERROR(VLOOKUP(C31,'LT-EN'!$A:$B,2,FALSE)," ")
A32: =IFERROR(VLOOKUP(C32,'LT-EN'!$A:$B,2,FALSE)," ")
A33: =IFERROR(VLOOKUP(C33,'LT-EN'!$A:$B,2,FALSE)," ")
A34: =IFERROR(VLOOKUP(C34,'LT-EN'!$A:$B,2,FALSE)," ")
... A223: =IFERROR(VLOOKUP(C223,'LT-EN'!$A:$B,2,FALSE)," ")

Sheet DSR19
A1: Payment of the investment component neither after termination nor at the end of the contract, EUR | C1: Investicinio komponento išmokėjimas nei nutraukus, nei pasibaigus sutarčiai, Eur
A3: ='DSR1'!C3 -> 2026-08-31
B5: Investicinio komponento išmokėjimas nei nutraukus, nei pasibaigus sutarčiai, Eur
A6: Business lines / Insurers | B6: eil.nr | C6: Draudimo grupės / Draudikai | D6: Allianz Lietuva gyvybės draudimas | E6: Artea Life Insurance | F6: ATRADIUS filialas | G6: Balcia Insurance filialas | H6: Baltijas Apdrosinasanas Nams filialas | I6: BTA Insurance Company filialas | J6: COFACE filialas | K6: Compensa Life VIG filialas | L6: Compensa VIG | M6: ERGO Insurance filialas | N6: ERGO Life Insurance | O6: Gjensidige | P6: If P&C Insurance (publ) filialas | Q6: If P&C Insurance filialas | R6: Lamantinas | S6: Lietuvos draudimas | T6: PZU Lietuva gyvybės draudimas | U6: SEB Life and Pension Baltic filialas | V6: Swedbank Life Insurance filialas | W6: Swedbank P&C Insurance filialas | X6: Vereinigte Hagelversicherung filialas VH Lietuva | Y6: All
A7: =IFERROR(VLOOKUP(C7,'LT-EN'!$A:$B,2,FALSE)," ") -> ALL | B7: 0 | C7: Visos | D7: 9258050 | E7: 2265652.8 | F7: 0 | G7: 0 | H7: 0 | I7: 0 | J7: 0 | K7: 6186943.5 | L7: 0 | M7: 0 | N7: 836053.67 | O7: 0 | P7: 0 | Q7: 0 | R7: 0 | S7: 0 | T7: 2287841 | U7: 5413808.5 | V7: 8395093 | W7: 0 | X7: 0 | Y7: 34643442
A8: =IFERROR(VLOOKUP(C8,'LT-EN'!$A:$B,2,FALSE)," ") -> LIFE ASSURANCE | B8: 49 | C8: GYVYBĖS DRAUDIMAS | D8: 9258050 | E8: 2265652.8 | F8: 0 | G8: 0 | H8: 0 | I8: 0 | J8: 0 | K8: 6186943.5 | L8: 0 | M8: 0 | N8: 836053.67 | O8: 0 | P8: 0 | Q8: 0 | R8: 0 | S8: 0 | T8: 2287841 | U8: 5413808.5 | V8: 8395093 | W8: 0 | X8: 0 | Y8: 34643442
A9: =IFERROR(VLOOKUP(C9,'LT-EN'!$A:$B,2,FALSE)," ") -> 1. Health insurance | B9: 50 | C9: 1. Sveikatos draudimas | K9: 0 | N9: 0 | T9: 0 | V9: 0 | Y9: 0
A10: =IFERROR(VLOOKUP(C10,'LT-EN'!$A:$B,2,FALSE)," ") -> 2. Insurance with profit participation | B10: 51 | C10: 2. Draudimas su teise dalytis pelną | E10: 103172.65 | K10: 1599871.5 | N10: 255493.34 | T10: 625869 | U10: 192577.69 | V10: 0 | Y10: 2776984.2
A11: =IFERROR(VLOOKUP(C11,'LT-EN'!$A:$B,2,FALSE)," ") -> 2.1. Insurance in case of survival | B11: 52 | C11: 2.1. Draudimas išgyvenimo atveju
A12: =IFERROR(VLOOKUP(C12,'LT-EN'!$A:$B,2,FALSE)," ") -> 2.2. Annuities | B12: 53 | C12: 2.2. Anuitetai
A13: =IFERROR(VLOOKUP(C13,'LT-EN'!$A:$B,2,FALSE)," ") -> 2.3.Insurance in case of death | B13: 54 | C13: 2.3. Draudimas mirties atveju
A14: =IFERROR(VLOOKUP(C14,'LT-EN'!$A:$B,2,FALSE)," ") -> 2.4. Other insurance with profit participation | B14: 55 | C14: 2.4. Kitas draudimas, suteikiantis teisę gauti pelno dalį
A15: =IFERROR(VLOOKUP(C15,'LT-EN'!$A:$B,2,FALSE)," ") -> 3. Index-linked and unit-linked insurance | B15: 56 | C15: 3. Su indeksu ir investiciniais vienetais susijęs draudimas | D15: 9258050 | E15: 2109823 | F15: 0 | G15: 0 | H15: 0 | I15: 0 | J15: 0 | K15: 4587072 | L15: 0 | M15: 0 | N15: 580560.33 | O15: 0 | P15: 0 | Q15: 0 | R15: 0 | S15: 0 | T15: 1661972 | U15: 5221230.8 | V15: 8395093 | W15: 0 | X15: 0 | Y15: 31813801
A16: =IFERROR(VLOOKUP(C16,'LT-EN'!$A:$B,2,FALSE)," ") -> 3.1. Index-linked and unit-linked insurance, when the insurance risk is significant | B16: 57 | C16: 3.1. Su indeksu ir investiciniais vienetais susijęs draudimas, kai draudimo rizika yra reikšminga | D16: 9258050 | E16: 1417117.2 | K16: 0 | N16: 526598.26 | T16: 1324465 | U16: 2487330 | V16: 6495911 | Y16: 21509471
A17: =IFERROR(VLOOKUP(C17,'LT-EN'!$A:$B,2,FALSE)," ") -> 3.2. Index-linked and unit-linked insurance, when the insurance risk is insignificant | B17: 58 | C17: 3.2. Su indeksu ir investiciniais vienetais susijęs draudimas, kai draudimo rizika yra nereikšminga* | E17: 692705.78 | K17: 4587072 | N17: 53962.07 | T17: 337507 | U17: 2733900.8 | V17: 1899182 | Y17: 10304330
A18: =IFERROR(VLOOKUP(C18,'LT-EN'!$A:$B,2,FALSE)," ") -> 4. Other life insurance | B18: 59 | C18: 4. Kitas gyvybės draudimas | E18: 52657.17 | K18: 0 | V18: 0 | Y18: 52657.17
A19: =IFERROR(VLOOKUP(C19,'LT-EN'!$A:$B,2,FALSE)," ") -> 4.1. Insurance in case of survival | B19: 60 | C19: 4.1. Draudimas išgyvenimo atveju
A20: =IFERROR(VLOOKUP(C20,'LT-EN'!$A:$B,2,FALSE)," ") -> 4.2. Annuities | B20: 61 | C20: 4.2. Anuitetai
A21: =IFERROR(VLOOKUP(C21,'LT-EN'!$A:$B,2,FALSE)," ") -> 4.3. Insurance in case of death | B21: 62 | C21: 4.3. Draudimas mirties atveju
A22: =IFERROR(VLOOKUP(C22,'LT-EN'!$A:$B,2,FALSE)," ") -> 4.4. Other life insurance | B22: 63 | C22: 4.4. Kitas gyvybės draudimas
A23: =IFERROR(VLOOKUP(C23,'LT-EN'!$A:$B,2,FALSE)," ")
A24: =IFERROR(VLOOKUP(C24,'LT-EN'!$A:$B,2,FALSE)," ")
A25: =IFERROR(VLOOKUP(C25,'LT-EN'!$A:$B,2,FALSE)," ")
A26: =IFERROR(VLOOKUP(C26,'LT-EN'!$A:$B,2,FALSE)," ")
A27: =IFERROR(VLOOKUP(C27,'LT-EN'!$A:$B,2,FALSE)," ")
A28: =IFERROR(VLOOKUP(C28,'LT-EN'!$A:$B,2,FALSE)," ")
A29: =IFERROR(VLOOKUP(C29,'LT-EN'!$A:$B,2,FALSE)," ")
A30: =IFERROR(VLOOKUP(C30,'LT-EN'!$A:$B,2,FALSE)," ")
A31: =IFERROR(VLOOKUP(C31,'LT-EN'!$A:$B,2,FALSE)," ")
A32: =IFERROR(VLOOKUP(C32,'LT-EN'!$A:$B,2,FALSE)," ")
A33: =IFERROR(VLOOKUP(C33,'LT-EN'!$A:$B,2,FALSE)," ")
A34: =IFERROR(VLOOKUP(C34,'LT-EN'!$A:$B,2,FALSE)," ")
... A253: =IFERROR(VLOOKUP(C253,'LT-EN'!$A:$B,2,FALSE)," ")

Sheet LT-EN
A1: 1. Medicininių išlaidų draudimas | B1: 1. Medical expense insurance
A2: 1. Sveikatos draudimas | B2: 1. Health insurance
A3: 1.1. Papildomasis savanoriškasis sveikatos draudimas | B3: 1.1. Supplementary voluntary health insurance
A4: 1.1.1. Draudėjai - juridiniai asmenys | B4: 1.1.1. Policyholders - legal persons
A5: 1.1.2. Draudėjai - fiziniai asmenys | B5: 1.1.2. Policyholders - natural persons
A6: 1.2. Kita | B6: 1.2. Other
A7: 1.2.1. Draudėjai - juridiniai asmenys | B7: 1.2.1. Policyholders - legal persons
A8: 1.2.2. Draudėjai - fiziniai asmenys | B8: 1.2.2. Policyholders - natural persons
A9: 10. Teisinių išlaidų draudimas | B9: 10. Legal expenses insurance
A10: 4.3. Geležinkelių transporto priemonių valdytojų civilinės atsakomybės draudimas | B10: 4.3. Liability arising out of use railway rolling stock insurance
A11: 4.4. Kitas gyvybės draudimas | B11: 4.4. Other life insurance
A12: 5. Kitas transporto priemonių draudimas | B12: 5. Other motor insurance
... A67: 4.3. Geležinkelio transporto priemonių valdytojų civilinės atsakomybės draudimas | B67: 4.3. Liability arising out of use railway rolling stock insurance
